Workbook
Name _Toc22639849: Index!$G$31
Name _Toc22639861: Index!$G$24
Name _Toc22639862: Index!$G$25
Name A96\: '6-A. Proc. Sub-Annex'!$3:$4
Name data: #REF!
Name data: #REF!
Name data: #REF!
Name data: #REF!
Name data: #REF!
Name data: #REF!
Name data: #REF!

Sheet Index
A1: Summary Sheets | C1: Annexures | E1: NUHM | G1: Abstracts
A2: Source of Funding | B2: =HYPERLINK("#'Sources of Funding'!A1:J1", "Table A") -> Table A | C2: FMR 1: Service Delivery: Facility Based | D2: =HYPERLINK("#'1.SD Facility Based Annex'!A3:A4", "Anx 1") -> Anx 1 | E2: NUHM: Non Metro | F2: =HYPERLINK("#'NUHM-Non Metro Abst'!A3:A4", "Annex/ Abs_NM") -> Annex/ Abs_NM | G2: RMNCH+A including RI, IPPI, NIDDCP
A3: District Allocation and Sub Plan | B3: =HYPERLINK("#'Dist Allocation and Sub Plan'!A4:A5", "Table B") -> Table B | C3: FMR 2: Service Delivery: Community Based | D3: =HYPERLINK("#'2.SD Community Based Annex'!A3:A4", "Anx 2") -> Anx 2 | E3: NUHM: Metro | F3: =HYPERLINK("#'NUHM Metro Abst'!A3:A4", "Annex/ Abs_M") -> Annex/ Abs_M | G3: RMNCH+A | H3: =HYPERLINK("#'Ab1. RMNCH+A'!A1:C1", "Abst 1") -> Abst 1
A4: Budget Summary Table | B4: =HYPERLINK("#'Summary Table'!A4:A5", "Table C") -> Table C | C4: FMR 3: Community Intervention | D4: =HYPERLINK("#'3.Community Intervention Annexn'!A5:A6", "Anx 3") -> Anx 3 | G4: Maternal Health | H4: =HYPERLINK("#'Ab1. RMNCH+A'!A6", "RMNCH+A Sub Abst 1") -> RMNCH+A Sub Abst 1
A5: Budget Summary I | B5: =HYPERLINK("#'Budget Summary I'!A2", "Table D") -> Table D | C5: Community Interventions Sub Annexure | D5: =HYPERLINK("#'3-A. CI Sub-Annex'!A3:A4", "CI-Sub Anx") -> CI-Sub Anx | G5: Child Health | H5: =HYPERLINK("#'Ab1. RMNCH+A'!A101", "RMNCH+A Sub Abst 2") -> RMNCH+A Sub Abst 2
A6: Budget Summary II | B6: =HYPERLINK("#'Budget Summary II'!A1", "Table E") -> Table E | C6: FMR 4: Untied grants | D6: =HYPERLINK("#'4.Untied grants Annex'!A3:A4", "Anx 4") -> Anx 4 | G6: Family Planning | H6: =HYPERLINK("#'Ab1. RMNCH+A'!A196", "RMNCH+A Sub Abst 3") -> RMNCH+A Sub Abst 3
A7: NUHM Summary Sheet | B7: =HYPERLINK("#'NUHM Summary'!A3:A4", "Table G") -> Table G | C7: FMR 5: Infrastructure | D7: =HYPERLINK("#'5.Infrastructure Annex'!A3:A4", "Anx 5") -> Anx 5 | G7: RKSK/ Adolescent health | H7: =HYPERLINK("#'Ab1. RMNCH+A'!A288", "RMNCH+A Sub Abst 4") -> RMNCH+A Sub Abst 4
C8: FMR 6: Procurement | D8: =HYPERLINK("#'6.Procurement Annex'!A3:A4", "Anx 6") -> Anx 6 | G8: RBSK | H8: =HYPERLINK("#'Ab1. RMNCH+A'!A341", "RMNCH+A Sub Abst 5") -> RMNCH+A Sub Abst 5
C9: Procurement Sub Annexure | D9: =HYPERLINK("#'6-A. Proc. Sub-Annex'!A3:A4", "Proc Sub Anx") -> Proc Sub Anx | G9: PC-PNDT | H9: =HYPERLINK("#'Ab1. RMNCH+A'!A377", "RMNCH+A Sub Abst 6") -> RMNCH+A Sub Abst 6
C10: FMR 7: Referral Transport | D10: =HYPERLINK("#'7.Referral Transport Annex'!A3:A4", "Anx 7") -> Anx 7 | G10: Immunization | H10: =HYPERLINK("#'Ab1. RMNCH+A'!A394", "RMNCH+A Sub Abst 7") -> RMNCH+A Sub Abst 7
C11: FMR 8: Human Resource (Service Delivery) | D11: =HYPERLINK("#'8.Human Resources (SD) Annex'!A3:A4", "Anx 8") -> Anx 8 | G11: Other RCH Component | H11: =HYPERLINK("#'Ab1. RMNCH+A'!A432", "RMNCH+A Sub Abst 8") -> RMNCH+A Sub Abst 8
C12: FMR 9: Training | D12: =HYPERLINK("#'9.Training Annex'!A3:A4", "Anx 9") -> Anx 9 | G12: National Iodine Deficiency Disorders Control Programme (NIDDCP) | H12: =HYPERLINK("#'Ab2. NIDDCP'!A1:C1", "Abst 2") -> Abst 2
C13: Training Sub Annexure | D13: =HYPERLINK("#'9-A.Training Sub-Annex'!A3:A4", "Training Sub Anx") -> Training Sub Anx | G13: Health System Strengthening (HSS)
C14: FMR 10: Review, Research and Surveillance | D14: =HYPERLINK("#'10.Review Research & Surveillen'!A3:A4", "Anx 10") -> Anx 10 | G14: ASHA | H14: =HYPERLINK("#'Ab3. ASHA'!A1:C1", "Abst 3") -> Abst 3
C15: FMR 11: IEC-BCC | D15: =HYPERLINK("#'11.IEC-BCC Annex'!A3:A4", "Anx 11") -> Anx 11 | G15: HMIS-RCH (MMPC Projects) | H15: =HYPERLINK("#'Ab4. HMIS-MCTS'!A1:C1", "Abst 4") -> Abst 4
C16: IEC/ BCC Sub Annexure | D16: =HYPERLINK("#'11-A. IEC Sub-Annex'!A3:A4", "IEC-BCC Sub Anx") -> IEC-BCC Sub Anx | G16: Blood Services & Disorders | H16: =HYPERLINK("#'Abs5. Blood services & Disorder'!A1:C1", "Abst 5") -> Abst 5
C17: FMR 12: Printing | D17: =HYPERLINK("#'12.Printing Annex'!A3:A4", "Anx 12") -> Anx 12 | G17: Ayushman Bharat Health & Wellness Centre | H17: =HYPERLINK("#'Abs6. CPHC'!A1:C1", "Abst 6") -> Abst 6
C18: Printing Sub Annexure | D18: =HYPERLINK("#'12-A. Print Sub-Annex'!A3:A4", "Printing Sub Anx") -> Printing Sub Anx | G18: AYUSH | H18: =HYPERLINK("#'Abs7. AYUSH'!A1:C1", "Abst 7") -> Abst 7
C19: FMR 13: Quality | D19: =HYPERLINK("#'13.Quality Assurance Annex'!A3:A4", "Anx 13") -> Anx 13 | G19: National Disease Control Programme
C20: FMR 14: Drug Warehouse & Logistic | D20: =HYPERLINK("#'14.Drug warehouse &Logistic Anx'!A3:A4", "Anx 14") -> Anx 14 | G20: Integrated Disease Surveillance Programme (IDSP) | H20: =HYPERLINK("#'Abs8. IDSP'!A1:C1", "Abst 8") -> Abst 8
C21: FMR 15: PPP | D21: =HYPERLINK("#'15.PPP Annex'!A3:A4", "Anx 15") -> Anx 15 | G21: National Vector Borne Disease Control Programme (NVBDCP) | H21: =HYPERLINK("#'Abs9. NVBDCP'!A1:C1", "Abst 9") -> Abst 9
C22: FMR 16: Programme Management | D22: =HYPERLINK("#'16.PM Annex'!A3:A4", "Anx 16") -> Anx 16 | G22: National Leprosy Eradication Programme (NLEP) | H22: =HYPERLINK("#'Abs10. NLEP'!A1:C1", "Abst 10") -> Abst 10
C23: PM-Activities Sub Annexure | D23: =HYPERLINK("#'16-A. PM sub Annex'!A3:A4", "PM Activity Sub Anx") -> PM Activity Sub Anx | G23: National Tuberculosis Elimination Programme (NTEP) | H23: =HYPERLINK("#'Abs11. NTEP'!A1:C1", "Abst 11") -> Abst 11
C24: FMR 17: IT Initiatives for Service Delivery | D24: =HYPERLINK("#'17.IT Initiatives_SD'!A3:A4", "Anx 17") -> Anx 17 | G24: National Viral Hepatitis Control Programme (NVHCP) | H24: =HYPERLINK("#'Abs12. NVHCP'!A1:C1", "Abst 12") -> Abst 12
C25: FMR 18: Innovations | D25: =HYPERLINK("#'18.Innovation'!A3:A4", "Anx 18") -> Anx 18 | G25: National Rabies Control Programme (NRCP) | H25: =HYPERLINK("#'Abs13. NRCP'!A1:C1", "Abst 13") -> Abst 13
G26: Programme for Prevention and Control of Leptospirosis (PPCL) | H26: =HYPERLINK("#'Abs14. PPCL'!A1:C1", "Abst 14") -> Abst 14
G27: Non Communicable Disease Control Programme and Zoonotic Diseases
G28: National Program for Control of Blindness and Vision Impairment (NPCB+VI) | H28: =HYPERLINK("#'Abs15. NPCB'!A1:C1", "Abst 15") -> Abst 15
G29: National Mental Health Program (NMHP) | H29: =HYPERLINK("#'Abs16. NMHP'!A1:C1", "Abst 16") -> Abst 16
G30: National Programme for Health Care for the Elderly (NPHCE) | H30: =HYPERLINK("#'Abs17. NPHCE'!A1:C1", "Abst 17") -> Abst 17
G31: National Tobacco Control Programme (NTCP) | H31: =HYPERLINK("#'Abs18. NTCP'!A1:C1", "Abst 18") -> Abst 18
G32: National Programme for Prevention and Control of Diabetes, Cardiovascular Disease and Stroke (NPCDCS) | H32: =HYPERLINK("#'Abs19. NPCDCS'!A1:C1","Abst 19") -> Abst 19
G33: Pradhan Mantri National Dialysis Programme | H33: =HYPERLINK("#'Abs20. PMNDP'!A1:C1", "Abst 20") -> Abst 20
G34: National Program for Climate Change and Human Health (NPCCHH) | H34: =HYPERLINK("#'Abs21. NPCCHH'!A4:A5", "Abst 21") -> Abst 21
G35: National Programme for Prevention and Control of Deafness (NPPCD) | H35: =HYPERLINK("#'Abs22. NPPCD'!A1:C1", "Abst 22") -> Abst 22
G36: National Programme for Prevention and Control of Fluorosis (NPPCF) | H36: =HYPERLINK("#'Abs23. NPPCF'!A1:C1", "Abst 23") -> Abst 23
G37: National Oral health programme (NOHP) | H37: =HYPERLINK("#'Abs24. NOHP'!A1:C1", "Abst 24") -> Abst 24
G38: National Programme on palliative care (NPPC) | H38: =HYPERLINK("#'Abs25. NPPC'!A1:C1", "Abst 25") -> Abst 25
G39: National programme for Prevention and Management of Burn & Injuries | H39: =HYPERLINK("#'Abs26. Burns & Injury'!A1:C1", "Abst 26") -> Abst 26

Sheet Sources of Funding
A1: =HYPERLINK("#Index!B1", "Index Pg") -> Index Pg | B1: =HYPERLINK("#'Budget Summary I'!A2", "Budget Summary I") -> Budget Summary I | C1: =HYPERLINK("#'Budget Summary II'!A2:B2", "Budget Summary II") -> Budget Summary II
A2: Summary of Budget of Annual State Health Plan
A3: Sl. No | B3: Heads | C3: Total Budget (in Cr) | D3: Area specific Budget (in Cr)
D4: Service Delivery | L4: Financing | N4: Medicines and Equipment | P4: Health workforce | R4: Leadership/ Governance | S4: Health Information Systems | U4: Innovation
D5: Service Delivery - Facility Based | E5: Service Delivery - Community Based | F5: Community Interventions | G5: Infrastructure | H5: Referral Transport | I5: IEC/BCC | J5: Printing | K5: Quality Assurance | L5: Untied Fund | M5: PPP | N5: Procurement | O5: Drug Warehousing and Logistics | P5: Human Resources | Q5: Training | R5: Programme Management | S5: Reviews, Research, Surveys and Surveillance | T5: IT Initiatives | U5: Innovations (if any)
A6: Budget Released in FY 2020-21
A7: 1 | B7: NHM (Central Share)
A8: 2 | B8: NHM (State Share)
A9: 3 | B9: State Government (health budget other than NHM, including Medical Education)
A10: 4 | B10: Central Government (including Medical Education/ PMSSY/ Tertiary care programme/ Pharmacology etc.)
A11: 5 | B11: COVID Package (ECRP)
A12: 6 | B12: NACO
A13: 7 | B13: Ministry of AYUSH
A14: 8 | B14: Ministry of Tribal Affairs
A15: 9 | B15: Ministry of Minority Affairs
A16: 10 | B16: Ministry of Social Justice and Empowerment
A17: 11 | B17: Member of Parliament Local Area Development Scheme (MPLADS)
A18: 12 | B18: Ministry of Development of North Eastern Region
... A25: 19 | B25: Any Other residual head (Please specify…)
A26: 20
A27: 21
A28: 22
A29: 23
A30: 24
A31: 25
A32: 26
A33: 27
A34: 28
A35: 29
A36: 30
A37: 31
... A56: 50

Sheet Dist Allocation and Sub Plan
A1: Name of State/ UT | C1: TAMIL NADU
A2: Total RE Allocated for the State/ UT (in Cr) | C2: 2435
A4: Sl No | B4: Name of Districts | C4: No. of Blocks | D4: Aspirational District (Y/N) | E4: No. of Tribal Blocks | F4: No. of SC Blocks | G4: No. of Minority Blocks | H4: Total district RE indicated for FY 21-22 (in Cr) | I4: % of State Allocation
A5: 1 | B5: Ariyalur | C5: 6 | D5: N | H5: 23.88 | I5: =H5/$C$2 -> 0.0098069815
A6: 2 | B6: Chennai | C6: 0 | D6: N | H6: 203.09 | I6: =H6/$C$2 -> 0.083404517
A7: 3 | B7: Chengalpattu | C7: 8 | D7: N | H7: 87.9 | I7: =H7/$C$2 -> 0.036098563
A8: 4 | B8: Coimbatore | C8: 12 | D8: N | H8: 120.65 | I8: =H8/$C$2 -> 0.049548255
A9: 5 | B9: Cuddalore | C9: 13 | D9: N | H9: 86.58 | I9: =H9/$C$2 -> 0.035556468
A10: 6 | B10: Dharmapuri | C10: 8 | D10: N | E10: 2 | H10: 50.96 | I10: =H10/$C$2 -> 0.020928131
A11: 7 | B11: Dindigul | C11: 14 | D11: N | H11: =40.96+30.14 -> 71.1 | I11: =H11/$C$2 -> 0.029199179
A12: 8 | B12: Erode | C12: 14 | D12: N | H12: 74.12 | I12: =H12/$C$2 -> 0.030439425
A13: 9 | B13: Kallakurichi | C13: 9 | D13: N | E13: 1 | H13: 57.93 | I13: =H13/$C$2 -> 0.023790554
A14: 10 | B14: Kancheepuram | C14: 5 | D14: N | H14: 56.96 | I14: =H14/$C$2 -> 0.023392197
A15: 11 | B15: Kanniyakumari | C15: 9 | D15: N | G15: 9 | H15: 60.66 | I15: =H15/$C$2 -> 0.024911704
A16: 12 | B16: Karur | C16: 8 | D16: N | H16: 36.21 | I16: =H16/$C$2 -> 0.014870637
A17: 13 | B17: Krishnagiri | C17: 10 | D17: N | H17: 66.28 | I17: =H17/$C$2 -> 0.027219713
A18: 14 | B18: Madurai | C18: 13 | D18: N | H18: 104.72 | I18: =H18/$C$2 -> 0.04300616
A19: 15 | B19: Nagapattinam | C19: 11 | D19: N | H19: 51.32 | I19: =H19/$C$2 -> 0.021075975
A20: 16 | B20: Namakkal | C20: 15 | D20: N | E20: 1 | H20: 57.98 | I20: =H20/$C$2 -> 0.023811088
A21: 17 | B21: Perambalur | C21: 4 | D21: N | H21: 18.88 | I21: =H21/$C$2 -> 0.0077535934
A22: 18 | B22: Pudukkottai | C22: 13 | D22: N | G22: 1 | H22: =23.63+28.95 -> 52.58 | I22: =H22/$C$2 -> 0.021593429
A23: 19 | B23: Ranipet | C23: 6 | D23: N | H23: 33.84 | I23: =H23/$C$2 -> 0.013897331
A24: 20 | B24: Ramanathapuram | C24: 11 | D24: Y | G24: 2 | H24: =21.2+22.88 -> 44.08 | I24: =H24/$C$2 -> 0.018102669
A25: 21 | B25: Salem | C25: 20 | D25: N | E25: 1 | H25: 117.35 | I25: =H25/$C$2 -> 0.048193018
A26: 22 | B26: Sivaganga | C26: 12 | D26: N | H26: 45.49 | I26: =H26/$C$2 -> 0.018681725
A27: 23 | B27: Tenkasi | C27: 10 | D27: N | H27: 44.73 | I27: =H27/$C$2 -> 0.01836961
A28: 24 | B28: Thanjavur | C28: 14 | D28: N | H28: 76.4 | I28: =H28/$C$2 -> 0.03137577
A29: 25 | B29: The Nilgiris | C29: 4 | D29: N | G29: 1 | H29: 20.94 | I29: =H29/$C$2 -> 0.0085995893
A30: 26 | B30: Theni | C30: 8 | D30: N | H30: 41.36 | I30: =H30/$C$2 -> 0.016985626
A31: 27 | B31: Thiruvallur | C31: 14 | D31: N | H31: =23.72+69.18 -> 92.9 | I31: =H31/$C$2 -> 0.038151951
A32: 28 | B32: Thirupattur | C32: 7 | D32: N | E32: 1 | H32: 62.13 | I32: =H32/$C$2 -> 0.0255154
A33: 29 | B33: Thiruvarur | C33: 10 | D33: N | H33: 40.33 | I33: =H33/$C$2 -> 0.016562628
A34: 30 | B34: Thoothukkudi | C34: 12 | D34: N | G34: 3 | H34: =20.53+35.09 -> 55.62 | I34: =H34/$C$2 -> 0.022841889
A35: 31 | B35: Tiruchirappalli | C35: 14 | D35: N | E35: 2 | H35: 89.14 | I35: =H35/$C$2 -> 0.036607803
A36: 32 | B36: Tirunelveli | C36: 9 | D36: N | G36: 2 | H36: 57.44 | I36: =H36/$C$2 -> 0.023589322
A37: 33 | B37: Tiruppur | C37: 13 | D37: N | H37: 92.45 | I37: =H37/$C$2 -> 0.037967146
A38: 34 | B38: Tiruvannamalai | C38: 18 | D38: N | E38: 2 | H38: =31.07+50.53 -> 81.6 | I38: =H38/$C$2 -> 0.033511294
A39: 35 | B39: Vellore | C39: 7 | D39: N | E39: 1 | H39: 33.86 | I39: =H39/$C$2 -> 0.013905544
A40: 36 | B40: Villupuram | C40: 13 | D40: N | H40: 60.41 | I40: =H40/$C$2 -> 0.024809035
A41: 37 | B41: Virudhunagar | C41: 11 | D41: Y | H41: =40.7+22.45 -> 63.15 | I41: =H41/$C$2 -> 0.025934292
B42: Total | C42: =SUM(C5:C41) -> 385 | D42: =SUM(D5:D41) -> 0 | E42: =SUM(E5:E41) -> 11 | F42: =SUM(F5:F41) -> 0 | G42: =SUM(G5:G41) -> 18 | H42: =SUM(H5:H41) -> 2435.02 | I42: =H42/$C$2 -> 1.0000082

Sheet List of Key deliverables
A1: Sl. No. | C1: Key deliverables
C2: Major Milestone | D2: Definition | E2: Achievement during FY 2020-21 Apr'20 - Oct'20 | F2: Target for FY 2021-22 | G2: Source | H2: Frequency of reporting (Monthly/Quarterly/Annually) | I2: Remarks
A3: MH
A4: MH1 | B4: 1. JSSK 2. PMSMA 3. Notification of SUMAN compliant facility 4. Roll out of Midwifery initiative 5. MH trainings 6. Functionalization of MCH wings 7. Functionalization of Obstetric HDU/lCU 8. National LaQshya certification of Labour room and Maternity Operation Theater 9. Strengthening of Maternal death surveillance and review and roll out of MCDSR software. 10. Implementation of AB-Health and Wellness Ambassador initiative | C4: Maternal Mortality Ratio (MMR) | D4: Number of maternal deaths per 1,00,000 live births | E4: 67 ( November 2019 to Oct 2020) | F4: 60 | G4: State HMIS data for 12 months period | H4: Annually | I4: SRS 2016-18 MMR is 60 / Lakh live births
A5: MH2 | C5: Pregnant women given 180 Iron Folic Acid (IFA) Tablets | D5: Percentage of Pregnant Women received 180 lron Folic Acid (lFA) tablets against total pregnant women registered for ANC from 1st April 2020 to 31st March 2021. Numerator: Number of Pregnant Women who have been given Iron Folic Acid (IFA) tablets Denominator: Total no. of Pregnant Women registered for ANC | E5: 95% ( April 2020 - September 2020) | F5: 100 | G5: HMIS | H5: Quarterly AMB Portal Report of GOI
A6: MH3 | C6: Institutional Deliveries | D6: Percentage of institutional deliveries out of total reported deliveries from 1st April 2020 to 31st March 2021. Numerator: Total number of institutional deliveries reported Denominator: Total number of deliveries reported | E6: =552126/552562*100 -> 99.921095 | F6: 100 | G6: HMIS | H6: Quaterly
A7: MH4 | C7: Skilled Birth Attendant [SBA) deliveries | D7: % of SBA (Skilled Birth Attendant] deliveries to total reported deliveries from 1st April 2020 to 31st March 2021. Numerator: Total No. of Institutional Deliveries + home deliveries attended by SBA. Denominator: Total No. of Deliveries reported (institutional + Home) | E7: =552382/552562*100 -> 99.967424 | F7: 100 | G7: HMIS | H7: Quaterly
A8: MH5 | C8: Public health facilities notified under SUMAN | D8: Total number of public health facilities notified under SUMAN from 1st April 2020 to 31st March 2021 | E8: 3606 ( CEmONC packages - 126 BEmONC packages -629 Basic Packages in 1866 Additional PHC/ UPHC and 985 Health and Wellness HSC | F8: =2448-985 -> 1463 | G8: State report | H8: Quaterly | I8: 1463 are the HWC HSC (2448-985 ) which need to included as Basic packages under Suman
A9: MH6 | C9: LR and Maternity OT Nationally certified under LaQshya | D9: Total number of nationally certified labour rooms against total number of LR in identified LaQshya facilities and Total number of nationally certified Maternity Operation Theater against total number of Maternity OT in identified LaQshya facilities (high caseload facilities-CHC & above) from 1st April 2020 to 31st March 2021. | E9: 11/169 (LR) 11/169 (OT) | F9: 66 | G9: State report | H9: Annually | I9: 2018-19 - 2 centre LaQshya certified 2019-20-17 Centre LaQshya certified 2020-21- 11 Centre LaQshya Certified Toatalling to 30 Centres
A10: NTEP
A11: NTEP1 | B11: Key Priorities for NTEP: 1. TB case detection– 1.1. Setting up\strengthening of TB diagnostic services (availability of molecular diagnostics at block level for upfront TB diagnostics) 1.2. Setting up/ strengthening of X-Ray services atleast at block level through health systems/outsourcing 1.3. Private sector engagement through domestic PPSA and transition of JEET PPSA 1.4. Deployment of sample collection and transportation for molecular diagnosis of TB and UDST 1.5. Vulnerability mapping and Active Case Finding 2. TB prevention- 2.1. Strengthen TPT for PLHIV and household contacts < 6 years 2.2. Expansion of TPT to adolescents, adult contacts at households & work places and among vulnerable populations 2.3. Community engagement activities and State / District TB Forum 2.4. Create pool of TB Champions atleast at block level 2.5. Strengthen ACSM activities 3. TB treatment – 3.1. Strengthen access of Anti-TB drugs to patients in private sector 3.2. Expand access of Bedaquiline/ Delamanid to DRTB patients including in private sector 3.3. Strengthen monitoring of adherence to treatment 3.4. Identification and targeted management of high risk TB patient for reducing mortality 3.5. Strengthen all DBT schemes including Nikshay Poshan Yojana 3.6. Estimate requirement for local procurement of medicines and indent for kind grant for central supplies of drugs and diagnostics 4. Human Resource – 4.1. Redeployment of NTEP HR from Covid to TB 4.2. Proposal for additional STS/STLS/LT/TBHV based on workload | C11: Total TB cases notified (Both public and private sectors) | D11: Number of new cases diagnosed and getting notified in NIKSHAY | E11: 31142 | F11: 90000 | G11: Nikshay | H11: Monthly
A12: NTEP2 | C12: State TB Score | D12: Composite score of the following parameters with the weightage summed upto 100: Achievement of notification against the target, HIV testing coverage of TB notified patients, UDST coverage among notified cases, treatement success rate among notified cases in the previous year, percentage of eligible beneficiaries under NIKSHAY POSHAN YOJANA< DRTB treatment initiation among diagnosed cases, percentage expenditure of allotted budget, percentage of children given IPT chemoprophylaxis, percentage of eligible PLHIV patients given chemoprophylaxis | E12: 70.21 | F12: 80 | G12: Nikshay | H12: Quarterly
A13: NTEP3 | C13: Nikshay Poshan Yojana (NPY) - No. of eligible patient receiving first installment of DBT | D13: No. of eligible patient receiving first installment of DBT | E13: 0.794 | F13: 0.8 | G13: Nikshay | H13: Monthly
A14: NTEP4 | C14: No. of districts to achieve TB free Status # Bronze # Silver # Gold #TB Free district/City | D14: Achievement in reduction in incidence of TB s compared to 2015 incidence rate in terms of number of incident TB cases per lakh population: 1) Bronze: 20% reduction, 2)Silver: 40% reduction, 3)Gold: 60% reduction, 4)TB free district/state: >80% reduction | E14: 1 bronze | F14: 6 districts( TB Free Blocks) bronze | G14: MIS NTEP division MoHFW | H14: Annually
A15: NVBDCP
A16: NVBDCP1 | B16: Disease free certification in eligible blocks/disricts for kalaazar, Lymphatic Filariasis, Malaria. MALARIA: • To achieve/sustain API <1 as per categorization of states under Malaria Elimination • Zero indigenous malaria cases in Cat-1 states under Malaria elimination • To make malaria notifiable disease in the State/UT. KALA AZAR • Achieve and sustain Kala-azar elimination in all KA endemic blocks • Reduction in PKDL cases by 30% from the base year 2020 FILARIA: • To conduct annual Mass Drug Administration (MDA)/IDA in all eligible districts with >85% coverage • Successful conduction of Transmission Assessment Survey (TAS) 1/2/3 in eligible districts/Evaluation Units • To provide 100% coverage for home-based morbidity management for lymphoedema cases. To reduce backlog of hydrocele surgeries by 50% from the base year 2019. DENGUE AND CHUKUNGUNYA: • Reduce/sustain case fatality rate for Dengue <1% • To make at least 1 Sentinel site hospital (SSH) functional in each district. • To make Dengue notifiable disease in the State/UT JAPANES ENCEPHALITIS: • >80% coverage for JE vaccination under routine immunization • To reduce morbidity and mortality due to JE/AES. | C16: 29.2 Kala- Azar | D16: Number of endemic blocks reporting < 1 Kala Azar case per 10,000 population at block level | E16: None | F16: None | G16: MIS, NVBDCP division, MoHFW | H16: Monthly
C17: 29.3 Lymphatic Filariasis | D17: Number of districts to conduct MDA | E17: None | F17: Nil | G17: state report | H17: Monthly
D18: Number of endemic districts with <1% Mf rate | E18: 20 | F18: Nil | G18: state report | H18: Monthly
D19: Number of endemic districts with <1% Mf rate validated by TAS | E19: 17 | F19: 20 | G19: state report | H19: Monthly
C20: 29.4. Malaria | D20: Percentage reduction in API | E20: 0.01 | F20: 0.005 | G20: state report | H20: Monthly
D21: Number of districts to achieve Disease Free Status - Malaria | E21: 29 | F21: 30 | G21: state report | H21: Monthly
A22: NVBDCP2 | C22: Reduction in Dengue | D22: 32.1. Reduce/sustain case fatality rate for Dengue at <1% | E22: nil | F22: Nil | G22: state report | H22: Monthly
D23: 32.2. Number of Sentinel site hospital (SSH) set up (1 per district) | E23: 30 | F23: 37 | G23: state report | H23: Monthly
A24: NVBDCP3 | C24: Reduction in Japanese Encephalitis | D24: Vaccination coverage for JE under Routine Immunization | E24: 1.05 | F24: 1 | G24: state report | H24: Monthly
A25: CH
A26: CH1 | B26: 1. Strengthening of Home Based Care of Newborn (HBNC) 2. Strengthening of Special Newborn Care Unit (SNCU) 3. Strengthening of District Early Intervention Centres (DEIC) 4. Newborn Screening at Delivery Points 5. Mobile Health Teams under RBSK Program 6. SAANS Program 7. Aspirational District Program 8. Strengthening of Newborn Stabilization Units including Reporting structure 9. Quality Certification of Facility Based Newborn Care Units 10. Roll out of Home Based Care of Young Child Program (HBYC) 11. Child Death and Still Birth Review System 12. Early Childhood Care and Development (ECD) interventions 13. Strengthening Pediatric Care Service at District level and Sub District level 14. Operationalization of FP-LMIS 15. Comprehensive Abortion Care 16. Nutrition Rehabilitation Center (NRC) 17. Anemia Mukt Bharat Strategy (AMB) 18. National Deworming Day (NDD) 19. Mothers Absolute Affection (MAA) 20. Intensified Diarrhoea Control Fortnight (IDCF) 21. Comprehensive Lactation Management Centers (CLMCs) and Lactation Management Units (LMUs) | C26: Functional SNCU at DH in all Aspirational districts | D26: Number of Aspirational Districts having functional SNCU at DH. | E26: 1 | F26: Nil | G26: SNCU Online | H26: Monthly
D27: Numerator: Total no. Aspirational districts having functional SNCU at DH. | E27: 5
D28: Denominator: Total no. of SNCU approved for Aspirational districts in RoP 2021-22. | E28: 5
A29: CH2 | C29: Functional NBSU at CHC-FRU in all Aspirational districts | D29: Number of Aspirational Districts having functional NBSU at CHC-FRU. | E29: 1 | F29: Nil | G29: State Report | H29: Quarterly
D30: Numerator: Total no. Aspirational districts havingfunctional NBSU at CHC-FRU in F.Y. 2021-22. | E30: 13
D31: Denominator:Total no. of NBSU approved for Aspirational districts in RoP 2021-22. | E31: 13
A32: CH3 | C32: Newborn visited under HBNC | D32: Percentage of newborns visited under Home Based Newborn Care (HBNC) | E32: =E33/E34 -> 0.77039615 | F32: 931511 | G32: State PICME Report | H32: Quarterly
D33: Numerator: No. of newborns received scheduled home visits under HBNC by ASHAs/VHN. | E33: 334194
D34: Denominator: Target no. of newborns as approved in RoP 2021-22. (Apr'20-Sep'20) | E34: 433795
A35: CH4 | C35: Implementation of HBYC Program | D35: Percentage of HBYC training (ASHA/ASHA facilitator/ANMs) batches conducted against approved in RoP 2021-22. | E35: 12.4 % 2520 ASHAs trained . Due to Covid pandemic HBYC training will be taken during Jan 2021. The Excecutive Committee of NHM Tamilnadu have given approval for 10 districts instead of 24 districts. Hence the Target of ASHA- AWW are 20356. | F35: Nil | G35: State Report | H35: Monthly Reporting
D36: Numerator: No. of HBYC training (ASHA/ASHA facilitator/ANMs) batches completed in F.Y. 2021-22.
D37: Denominator: Total no. of HBYC training batches approved in RoP 2021-22.
A38: CH5 | C38: Strengthening of facility based pediatric care services at district hospital | D38: Total number of Operational Pediatric dedicated Emergency Triage and treatment (ETAT) centre. | E38: 29 functioning since 2017 as PREM Unit | F38: Nil | G38: State Report | H38: Quarterly from State HMIS through PREM application
D39: Numerator: Total no. of ETAT functional at district hospital in F.Y. 2021-22.
D40: Denominator: Total no. of ETAT approved in RoP 2021-22.
A41: RBSK
A42: RBSK1 | C42: Implementation of RBSK | D42: Percentage of 0-3 years screened biannually at community level by MHTs in last year | E42: =E43/E44 -> 0.72399147 | G42: State Report | H42: Monthly
D43: Numerator : Number of 0-3 years screened biannually at community level by MHTs in last year | E43: 1897787.4
D44: Denominator : Number of 0-3 years to be screened biannually at community level by MHTs in last year | E44: 2621284.2 | F44: 2621284.2
A45: RBSK2 | C45: Operationalisation of DEICs | D45: Percentage of DEICs made functional cumulatively out of total approved in the State/UT | E45: =E46/E47 -> 1 | G45: State Report | H45: Monthly
D46: Numerator- -Number of DEICs cumulatively made functional (with separate details on HR, Equipment and Training of HR for qualifying as fully functional) | E46: 34 | F46: 5
D47: Denominator-Number of DEICs approved in RoPs cumulatively till date | E47: 34
A48: RBSK3 | C48: Operationalization of ECD | D48: Percentage of women with baby of 2 years of age received 6 ECD calls from ECD call Centre in last year | E48: ECD call centre has been integrated with the existing 102 call centre. 91700 Mothers were councelled by 102 Call centre April 2020 to October 2020 | G48: State Report | H48: Monthly | I48: The existing 102 Call centre is linked with MCTS , PICME preregisteration. JSSK etc . The Call Centre will be strenthened by updating the SOPs and Capacity Buidling
D49: Numerator : Number of women with baby who completed of 2 years of age in last month, received 6 ECD calls from ECD call Centre in last year
D50: Denominator : Number of women with baby who completed of 2 years of age in last month | F50: 1000000
A51: CAC
A52: CAC1 | C52: CAC Training of Medical Officers | D52: Number of Medical Officers trained in CAC as approved in RoP 2020-2021 | E52: Target - 480 Mos. Achievement - 0 (due to Covid-19 pandemic) | F52: 380 lady MBBS., doctors (76 batches/5 doctors per batch) | G52: State Report | H52: Monthly
A53: CAC2 | C53: Implementation of CAC | D53: Number of public health facilities CHC and above providing CAC Services (ensuring availability of three components – Drugs (MMA), equipment (MVA/EVA) & trained provider | E53: 567 [MCH-35, DH-37,SDH-148,CHC-346] | F53: 0 | G53: State Report | H53: Quarterly
A54: CAC3 | C54: Strengthening CAC Training & Service Delivery | D54: Strengthening of CAC training & service delivery at the district hospitals by ensuring availability of functional training centre and separate service area developed for the provision of CAC services | E54: 37 DHQ hospitals are providing CAC service delivery. Out of 37, 3 DHQ (Cuddalore, Thiruvallur & Dindigul) are functioning as CAC training centre | F54: 0 | G54: State Report | H54: Annually
A55: NOHP
A56: NOHP1 | C56: Strengthening Oral Health Services | D56: Cumulative no. of functional dental care unit under NOHP | E56: 477 | F56: 477 | G56: NOHP division | H56: Monthly
A57: BS
A58: BS1 | C58: Number of FRUs having Blood Banks/ Blood Stiorage Units | D58: Cumulative number of FRUs (including DHs) having Blood Banks/ Blood Storage Units against total no. of FRUs in the State | E58: 475/576 | F58: 475/576 | G58: NHM. MIS, eraktkosh | H58: Monthly
A59: BS2 | C59: Voluntary blood donation | D59: Voluntary blood donation against the blood collection units targeted for replacement/ donation | E59: 1400 VBD Camps and 1,60,723 Blood units collection. | F59: 300000 Blood Units | G59: Blood cell division, MoHFW,eraktkosh | H59: Monthly
A60: BS3 | C60: Number of patients requiring blood tranfusion | D60: Patients requiring blood tranfusion at PHC,CHC, district | E60: 7569 | F60: Nil | G60: Blood cell division, MoHFW,eraktkosh | H60: Monthly
A61: BS4 | C61: No of ICHH centres in the state | D61: Number of integrated centres for hemoglobinopathies & hemophilia in the district | E61: 10 | F61: 10 | G61: Blood cell division, MoHFW | H61: Monthly
A62: MMP
A63: MMP1 | C63: Implementation of RCH application - Registration Coverage of Pregnant Women and Child (0-1 Year) | D63: Percentage of Registration Coverage of Pregnant Women and Child on pro-rata basis Numerator: Total No. of Registered PW and Child on RCH Portal Denominator: Estimated PW and Child on pro-rata basis. | F63: (a) >90% Registration coverage of Pregnant women and Children on pro-rata basis [For States] (b) >80% Registration coverage of Pregnant women and Children on pro-rata basis [For UTs and NE States] | G63: RCH Portal | H63: Not Applicable to State of TamilNadu
A64: MMP2 | C64: Implementation of RCH application -Service Delivery Coverage of PW | D64: Percentage of Service Delivery Coverage of entitled Pregnant Women for ANC services. Numerator: Total No. of PW received All ANC services (ANC1 + ANC2 + ANC3 + ANC4 + TT1 / TT2 + 180 IFA tablet) Denominator: Total PW entitled for Service based on reporting period | F64: (a) >80% All ANC services of Pregnant women [For States] (b) >70% All ANC services of Pregnant women [For UTs and NE States] | G64: RCH Portal | H64: Not Applicable to State of TamilNadu
A65: MMP3 | C65: Implementation of RCH application - Service Delivery Coverage of Child | D65: Percentage of Service Delivery Coverage of entitled Child [0-1 Year] for Immunization services. Numerator: Total No. of Child received All Immunization services (as per National Immunization Schedule) Denominator: Total child entitled for Service based on reporting period | F65: (a) >80% All Immunization services of Child(0-1 Year) [For States] (b) >70% All Immunization services of Child [For UTs and NE States] | G65: RCH Portal | H65: Not Applicable to State of TamilNadu
A66: MMP4 | C66: Implementation of RCH application - Total Deliveries Reported | D66: Percentage of total Delivery reported of entitled Pregnant Women. Numerator: Total No. of Delivery reported Denominator:Total PW entitled for Delivery based on reporting period | F66: (a) >90% Delivery reported [For States] (b) >85% Delivery reported [For UTs and NE States] | G66: RCH Portal, | H66: Not Applicable to State of TamilNadu
A67: MMP5 | C67: Implementation of RCH application -Data Validation | D67: Health providers are registered with validated Mobile Number Numerator: Total No. of Health providers registered with validated Mobile Number. Denominator: Total no. active Health providers registered in RCH Portal. | F67: (a) >100% Health provider (ANM and ASHA) are registered with validated Mobile Number [For States] (b) >85% Health provider (ANM and ASHA) are registered with validated Mobile Number [For UTs and NE States] | G67: RCH Portal | H67: Not Applicable to State of TamilNadu
A68: MMP6 | C68: Implementation of ANMOL application | D68: Health provider(ANM) using ANMOL application for entering Data Numerator: Total No. of Users (ANM) doing data entry. Denominator: Total no. active users (ANMs) registered in RCH Portal. | F68: (a) >90% Health provider (ANM) are doing data entry on ANMOL [For States] (b) >75% Health provider (ANM and ASHA) are registered with validated Mobile Number [For UTs and NE States] | G68: RCH Portal | H68: Not Applicable to State of TamilNadu
A69: MMP7 | C69: Implementation of Kilkari and Mobile Academy** | D69: Training and IEC for Implementation of Kilkari and Mobile Academy** | F69: (a) Minimum 1 training in a year to be conducted at each District for ASHAs and Block level coordinators and 1 training at State level for District level officers. (b) IEC activity, Awareness campaigns, Promotional activities to spread awareness amongst the beneficiaries and ASHAs | G69: State Report | H69: Not Applicable to State of TamilNadu
A70: MMP8 | C70: Implementation of DVDMS application | D70: 1. Implementation of IT based logistics system/DVDMS application upto PHC/HWC/SC 2. Stock out issue of EDL 3. DVDMS Application (API) Integration with DVDMS central dashboard. | F70: 1. 100% implementation of IT based logistics system/DVDMS application upto PHC/HWC/SC to avoid manual processing of drugs inventory. 2. Minimize the stock out issue of EDL with not more than 5 to 10%. Focused to improve the Key performance Indicators of DVDMS central dashboard. 3. DVDMS Application (API) Integration with DVDMS central dashboard with required API by all States/UTs 4. UTs to implement the common instants of DVDMS application upto PHC, thereafter, integrated with DVDMS central dashboard. | G70: DVDMS Dashboard and State Report | H70: Not Applicable to State of TamilNadu
B71: **Applicable for 13 States i.e. Assam, Bihar, Chhattisgarh, Delhi, Haryana, Himachal Pradesh, Jharkhand, Madhya Pradesh, Odisha, Rajasthan, Uttar Pradesh, Uttarakhand and West Bengal
A72: NLEP
A73: NLEP1 | B73: 1) To reduce The prevalence rate of leprosy less than 1/10,000 population at the district level 2) To reduce Grade II disability rate per million to 1/million population 3) To reduce Grade II disability percentage among new cases as per district’s category \ 4) To achieve zero child Grade II disability cases caused by leprosy at the district 5) Implement Active Case Detection and Regular Surveillance in all the eligible districts 6) Operationalize NIKUSTH in all the affected districts. | C73: Bring down Prevalence Rate of leprosy to less than 1/10,000 population at district level | E73: All 32 Districts Prevalence Rate of leprosy to less than 1 / 10,000 population | F73: As based on indicators | G73: MIS (MRP, AR, Nikusth portal), CLD-NLEP Division, MoHFW | H73: Monthly
A74: NLEP2 | C74: Bring down Grade II disability rate per million population to less than 1/million population at district level | E74: 24 Districts (Chennai, Coimbatore, Dharmapuri, Erode, Kanchipuram, Kanniyakumari, Karur, Krishnagiri, Madurai, Nagapattinam, Namakkal, Pudukottai, Ramanathapuram, Thanjavur, Tirunelveli, Tiruvannamalai, Tiruvallur, Tiruvarur, Tiruppur, Trichy, Tuticorin, Vellore, Virudhunagar, Udagamandalam) | F74: As based on indicators | H74: Monthly
A75: NLEP3 | C75: Districts having Grade II disability percentage less than 2 % | D75: Bring down to ZERO | E75: 7 Districts (Ariyalur, Cuddalore, Dindigul, Salem, Sivagangai, Theni, Villupuram) | F75: As based on indicators | H75: Monthly
C76: Districts having Grade II disability percentage between (2-10) % | D76: Bring down to less than 2 % | E76: 1 District (Perambalur) | F76: As based on indicators | H76: Monthly
C77: Districts having Grade II disability percentage more than 10 % | D77: Bring down to less than 10 % | E77: NIL | F77: As based on indicators | H77: Monthly
A78: NLEP4 | C78: Child Grade II disability cases Bring down to ZERO cases at district level | E78: NIL | F78: As based on indicators | H78: Monthly
A79: IDSP
A80: IDSP1 | C80: % of Reporting Units Reported In S form | D80: Cases are reported on the basis of signs & symptoms by health workers | E80: 0.86 | F80: 0.83 | G80: IDSP Portal | H80: Weekly | I80: Reporting was low due to COVID pandemic
A81: IDSP2 | C81: % of Reporting Units Reported In P form | D81: Cases are diagnosed and reported based on typical history and clinical examination by Medical Officers. | E81: 0.68 | F81: 0.91 | G81: IDSP Portal | H81: Weekly
A82: IDSP3 | C82: % of Reporting Units Reported In L form | D82: Clinical cases are confirmed by an appropriate laboratory test. | E82: 0.72 | F82: 0.91 | G82: IDSP Portal | H82: Weekly
A83: IDSP4 | C83: Lab Access of Outbreaks reported under IDSP excluding Chickenpox, Food Poisoning, Mushroom Poisoning | D83: An outbreak is the occurrence of a disease or syndrome clearly in excess (or more than expected) in a given area (such as clustering of cases), over a particular period of time or among a specific group of people. Laboratory confirmation is identifying the cause or agent of the outbreak | E83: 0.95 | F83: 0.83 | G83: IDSP Portal | H83: Weekly
A84: NVHCP
A85: NVHCP1 | C85: To establish at least one Treatment site in each district | E85: 8 | F85: 16 | G85: SVHMU | H85: Monthly
A86: NVHCP2 | C86: Screening during ANC for HBsAg(Hepatitis B surface antigen)of 100% pregnant women subjected to ANCs | E86: 129911 | F86: 1042300 | G86: HMIS | H86: Monthly
A87: NVHCP3 | C87: To ensure institutional delivery of 100% pregnant women who test HBsAgpositive during ANCs | E87: 168 | F87: 2084 | G87: HMIS | H87: Monthly
A88: NVHCP4 | C88: Administration of Hepatitis B birth dose to allNewborns | E88: 652562 | F88: 932382 | G88: HMIS | H88: Monthly
A89: CPHC
A90: CPHC1 | B90: Number of AB-HWCs to be operationalized | C90: Cumulative number of AB-HWCs to be made operational by 31st March 2021 | E90: 856 HSCs, 1371 PHCs and 453 U-PHCs. TN will transform the target set in 2021-22 on time since the HR policy for MLHP got Governmnet approval (for placing GNM SN as MLHP in HSC-HWCs) | F90: 4848 HSC 1384 PHC and 460 UPHC | G90: AB-HWC Portal | H90: Monthly
A91: CPHC2 | B91: Roll out of teleconsultation at AB-HWCs | C91: Cumulative number of AB-HWCs where teleconsultations have been rolled out | E91: TN has completed more than 3.1 lakh e-sanjeevani consultations as on 10.12.2020. Teleconsultations piloting rolled out in 5 districts (5 HUBS and 51 spokes). Total 896 consulatationas as on 10.12.2020 for all UHC PHCs through HUB and spoke model will be rolled out soon. 104 Hub is established and integration with other spokes are under process. | F91: 104 Hubs and all HWCs as Spokes (4848 HSC 1384 PHC and 460 UPHC) | G91: AB-HWC Portal | H91: Monthly
A92: CPHC3 | B92: Roll out of NCD application at AB-HWCs | C92: Cumulative number of AB-HWCs where NCD application has been rolled out | E92: State has already discussed with Dell-Tata Trusts Team and is planning to pilot GoI NCD application by January 2021. | F92: All HWCs | G92: AB-HWC Portal | H92: Monthly
A93: CPHC4 | B93: Number of AB-HWCs where disbursement of Team Based Performance Incentives has been started | C93: Cumulative number of AB-HWCs where disbursement of Team Based Performance Incentives has been started | E93: Nil | F93: 4848 HSC 1384 PHC and 460 UPHC | G93: State MIS | H93: Monthly
A94: CPHC5 | B94: Roll out of Fit Health Worker campaign | C94: Percentage of health workers (staff at SC/PHC/UPHC including ASHA/MAS) whose health check-up was done as on 31st March 2021 | E94: No of Persons Screened during FIT Health Worker Campaign 1,63,446 as on 09.12.2020 | G94: AB-HWC Portal | H94: Annually
C95: Numerator: Number of health workers whose health check up was done
C96: Denominator: Total number of health workers (staff at SC/PHC/UPHC) including ASHAs and MAS as on 31st March 2021
A97: CPHC6 | C97: Cumulative number of nursing colleges which have adopted the CHO related Integrated B.Sc. Nursing curriculum against total number of nursing colleges (public & private) available in the State | E97: 196 (2020-21) | F97: All nursing colleges have adopted the CHO related Integrated B.Sc. Nursing curriculum | G97: TNNC Website | H97: Annually
A98: HRH
A99: HRH1 | B99: Create regular posts as per IPHS and case load for main service delivery posts (ANM, Staff Nurse, Lab tech, pharmacists, MBBS doctors, Specialists) | C99: States have posts created in regular cadre as per IPHS at least for the for main service delivery posts (ANM, Staff Nurse, Lab tech, pharmacists, MBBS doctors, Specialists) | E99: 0.9 | F99: 0.95 | G99: HRMIS | H99: Monthly
A100: HRH2 | B100: Approved posts under NHM are filled to supplement the existing HR for providing quality health services | C100: Approved posts as per ROP 2021-22 are in-place | E100: 0.93 | F100: 0.95 | G100: HRMIS | H100: Monthly
...

Sheet Summary Table
A1: National Programmes (NRHM+NUHM)
A2: =HYPERLINK("#Index!B1", "Index Pg") -> Index Pg | B2: =HYPERLINK("#'Budget Summary II'!A2:B2", "Budget Summary II") -> Budget Summary II | C2: Total | E2: Service Delivery | G2: Financing | I2: Medicines and Equipment | K2: Health workforce | M2: Leadership/ Governance | O2: Health Information Systems | Q2: Innovation
C3: Proposed | D3: Approved | E3: Proposed | F3: Approved | G3: Proposed | H3: Approved | I3: Proposed | J3: Approved | K3: Proposed | L3: Approved | M3: Proposed | N3: Approved | O3: Proposed | P3: Approved | Q3: Proposed | R3: Approved
A4: Total | B4: Total NHM | C4: =SUM(C6:C56) -> 8832.2148 | D4: =SUM(D6:D56) -> 0 | E4: =SUM(E6:E56) -> 2099.7234 | F4: =SUM(F6:F56) -> 0 | G4: =SUM(G6:G56) -> 0 | H4: =SUM(H6:H56) -> 0 | I4: =SUM(I6:I56) -> 6139.0084 | J4: =SUM(J6:J56) -> 0 | ... R4: =SUM(R6:R56) -> 0
B5: Total NUHM | C5: =SUM(C57:C59) -> 3539.0526 | D5: =SUM(D57:D59) -> 0 | E5: =SUM(E57:E59) -> 134 | F5: =SUM(F57:F59) -> 0 | G5: =SUM(G57:G59) -> 0 | H5: =SUM(H57:H59) -> 0 | I5: =SUM(I57:I59) -> 0 | J5: =SUM(J57:J59) -> 0 | ... R5: =SUM(R57:R59) -> 0
A6: RCH Flexible Pool (including RI, IPPI, NIDDCP) | B6: Maternal Health | C6: =E6+G6+I6+K6+M6+O6+Q6 -> 2024.9999 | D6: =F6+H6+J6+L6+N6+P6+R6 -> 0 | E6: ='Budget Summary I'!E8+'Budget Summary I'!G8+'Budget Summary I'!I8+'Budget Summary I'!K8+'Budget Summary I'!M8+'Budget Summary I'!O8+'Budget Summary I'!Q8+'Budget Summary I'!S8 -> 0 | F6: ='Budget Summary I'!F8+'Budget Summary I'!H8+'Budget Summary I'!J8+'Budget Summary I'!L8+'Budget Summary I'!N8+'Budget Summary I'!P8+'Budget Summary I'!R8+'Budget Summary I'!T8 -> 0 | G6: ='Budget Summary I'!U8+'Budget Summary I'!W8 -> 0 | H6: ='Budget Summary I'!V8+'Budget Summary I'!X8 -> 0 | I6: ='Budget Summary I'!Y8+'Budget Summary I'!AA8 -> 2024.9999 | J6: ='Budget Summary I'!Z8+'Budget Summary I'!AB8 -> 0 | K6: ='Budget Summary I'!AC8+'Budget Summary I'!AE8 -> 0 | L6: ='Budget Summary I'!AD8+'Budget Summary I'!AF8 -> 0 | M6: ='Budget Summary I'!AG8 -> 0 | N6: ='Budget Summary I'!AH8 -> 0 | O6: ='Budget Summary I'!AI8+'Budget Summary I'!AK8 -> 0 | P6: ='Budget Summary I'!AJ8+'Budget Summary I'!AL8 -> 0 | Q6: ='Budget Summary I'!AM8 -> 0 | R6: ='Budget Summary I'!AN8 -> 0
B7: Child Health | C7: =E7+G7+I7+K7+M7+O7+Q7 -> 21.153 | D7: =F7+H7+J7+L7+N7+P7+R7 -> 0 | E7: ='Budget Summary I'!E9+'Budget Summary I'!G9+'Budget Summary I'!I9+'Budget Summary I'!K9+'Budget Summary I'!M9+'Budget Summary I'!O9+'Budget Summary I'!Q9+'Budget Summary I'!S9 -> 0 | F7: ='Budget Summary I'!F9+'Budget Summary I'!H9+'Budget Summary I'!J9+'Budget Summary I'!L9+'Budget Summary I'!N9+'Budget Summary I'!P9+'Budget Summary I'!R9+'Budget Summary I'!T9 -> 0 | G7: ='Budget Summary I'!U9+'Budget Summary I'!W9 -> 0 | H7: ='Budget Summary I'!V9+'Budget Summary I'!X9 -> 0 | I7: ='Budget Summary I'!Y9+'Budget Summary I'!AA9 -> 12 | J7: ='Budget Summary I'!Z9+'Budget Summary I'!AB9 -> 0 | K7: ='Budget Summary I'!AC9+'Budget Summary I'!AE9 -> 9.153 | L7: ='Budget Summary I'!AD9+'Budget Summary I'!AF9 -> 0 | M7: ='Budget Summary I'!AG9 -> 0 | N7: ='Budget Summary I'!AH9 -> 0 | O7: ='Budget Summary I'!AI9+'Budget Summary I'!AK9 -> 0 | P7: ='Budget Summary I'!AJ9+'Budget Summary I'!AL9 -> 0 | Q7: ='Budget Summary I'!AM9 -> 0 | R7: ='Budget Summary I'!AN9 -> 0
B8: Family Planning | C8: =E8+G8+I8+K8+M8+O8+Q8 -> 0 | D8: =F8+H8+J8+L8+N8+P8+R8 -> 0 | E8: ='Budget Summary I'!E10+'Budget Summary I'!G10+'Budget Summary I'!I10+'Budget Summary I'!K10+'Budget Summary I'!M10+'Budget Summary I'!O10+'Budget Summary I'!Q10+'Budget Summary I'!S10 -> 0 | F8: ='Budget Summary I'!F10+'Budget Summary I'!H10+'Budget Summary I'!J10+'Budget Summary I'!L10+'Budget Summary I'!N10+'Budget Summary I'!P10+'Budget Summary I'!R10+'Budget Summary I'!T10 -> 0 | G8: ='Budget Summary I'!U10+'Budget Summary I'!W10 -> 0 | H8: ='Budget Summary I'!V10+'Budget Summary I'!X10 -> 0 | I8: ='Budget Summary I'!Y10+'Budget Summary I'!AA10 -> 0 | J8: ='Budget Summary I'!Z10+'Budget Summary I'!AB10 -> 0 | K8: ='Budget Summary I'!AC10+'Budget Summary I'!AE10 -> 0 | L8: ='Budget Summary I'!AD10+'Budget Summary I'!AF10 -> 0 | M8: ='Budget Summary I'!AG10 -> 0 | N8: ='Budget Summary I'!AH10 -> 0 | O8: ='Budget Summary I'!AI10+'Budget Summary I'!AK10 -> 0 | P8: ='Budget Summary I'!AJ10+'Budget Summary I'!AL10 -> 0 | Q8: ='Budget Summary I'!AM10 -> 0 | R8: ='Budget Summary I'!AN10 -> 0
B9: RKSK/ Adolescent health | C9: =E9+G9+I9+K9+M9+O9+Q9 -> 0 | D9: =F9+H9+J9+L9+N9+P9+R9 -> 0 | E9: ='Budget Summary I'!E11+'Budget Summary I'!G11+'Budget Summary I'!I11+'Budget Summary I'!K11+'Budget Summary I'!M11+'Budget Summary I'!O11+'Budget Summary I'!Q11+'Budget Summary I'!S11 -> 0 | F9: ='Budget Summary I'!F11+'Budget Summary I'!H11+'Budget Summary I'!J11+'Budget Summary I'!L11+'Budget Summary I'!N11+'Budget Summary I'!P11+'Budget Summary I'!R11+'Budget Summary I'!T11 -> 0 | G9: ='Budget Summary I'!U11+'Budget Summary I'!W11 -> 0 | H9: ='Budget Summary I'!V11+'Budget Summary I'!X11 -> 0 | I9: ='Budget Summary I'!Y11+'Budget Summary I'!AA11 -> 0 | J9: ='Budget Summary I'!Z11+'Budget Summary I'!AB11 -> 0 | K9: ='Budget Summary I'!AC11+'Budget Summary I'!AE11 -> 0 | L9: ='Budget Summary I'!AD11+'Budget Summary I'!AF11 -> 0 | M9: ='Budget Summary I'!AG11 -> 0 | N9: ='Budget Summary I'!AH11 -> 0 | O9: ='Budget Summary I'!AI11+'Budget Summary I'!AK11 -> 0 | P9: ='Budget Summary I'!AJ11+'Budget Summary I'!AL11 -> 0 | Q9: ='Budget Summary I'!AM11 -> 0 | R9: ='Budget Summary I'!AN11 -> 0
B10: RBSK | C10: =E10+G10+I10+K10+M10+O10+Q10 -> 241.5 | D10: =F10+H10+J10+L10+N10+P10+R10 -> 0 | E10: ='Budget Summary I'!E12+'Budget Summary I'!G12+'Budget Summary I'!I12+'Budget Summary I'!K12+'Budget Summary I'!M12+'Budget Summary I'!O12+'Budget Summary I'!Q12+'Budget Summary I'!S12 -> 241.5 | F10: ='Budget Summary I'!F12+'Budget Summary I'!H12+'Budget Summary I'!J12+'Budget Summary I'!L12+'Budget Summary I'!N12+'Budget Summary I'!P12+'Budget Summary I'!R12+'Budget Summary I'!T12 -> 0 | G10: ='Budget Summary I'!U12+'Budget Summary I'!W12 -> 0 | H10: ='Budget Summary I'!V12+'Budget Summary I'!X12 -> 0 | I10: ='Budget Summary I'!Y12+'Budget Summary I'!AA12 -> 0 | J10: ='Budget Summary I'!Z12+'Budget Summary I'!AB12 -> 0 | K10: ='Budget Summary I'!AC12+'Budget Summary I'!AE12 -> 0 | L10: ='Budget Summary I'!AD12+'Budget Summary I'!AF12 -> 0 | M10: ='Budget Summary I'!AG12 -> 0 | N10: ='Budget Summary I'!AH12 -> 0 | O10: ='Budget Summary I'!AI12+'Budget Summary I'!AK12 -> 0 | P10: ='Budget Summary I'!AJ12+'Budget Summary I'!AL12 -> 0 | Q10: ='Budget Summary I'!AM12 -> 0 | R10: ='Budget Summary I'!AN12 -> 0
B11: PC-PNDT | C11: =E11+G11+I11+K11+M11+O11+Q11 -> 0 | D11: =F11+H11+J11+L11+N11+P11+R11 -> 0 | E11: ='Budget Summary I'!E13+'Budget Summary I'!G13+'Budget Summary I'!I13+'Budget Summary I'!K13+'Budget Summary I'!M13+'Budget Summary I'!O13+'Budget Summary I'!Q13+'Budget Summary I'!S13 -> 0 | F11: ='Budget Summary I'!F13+'Budget Summary I'!H13+'Budget Summary I'!J13+'Budget Summary I'!L13+'Budget Summary I'!N13+'Budget Summary I'!P13+'Budget Summary I'!R13+'Budget Summary I'!T13 -> 0 | G11: ='Budget Summary I'!U13+'Budget Summary I'!W13 -> 0 | H11: ='Budget Summary I'!V13+'Budget Summary I'!X13 -> 0 | I11: ='Budget Summary I'!Y13+'Budget Summary I'!AA13 -> 0 | J11: ='Budget Summary I'!Z13+'Budget Summary I'!AB13 -> 0 | K11: ='Budget Summary I'!AC13+'Budget Summary I'!AE13 -> 0 | L11: ='Budget Summary I'!AD13+'Budget Summary I'!AF13 -> 0 | M11: ='Budget Summary I'!AG13 -> 0 | N11: ='Budget Summary I'!AH13 -> 0 | O11: ='Budget Summary I'!AI13+'Budget Summary I'!AK13 -> 0 | P11: ='Budget Summary I'!AJ13+'Budget Summary I'!AL13 -> 0 | Q11: ='Budget Summary I'!AM13 -> 0 | R11: ='Budget Summary I'!AN13 -> 0
B12: Immunization | C12: =E12+G12+I12+K12+M12+O12+Q12 -> 0 | D12: =F12+H12+J12+L12+N12+P12+R12 -> 0 | E12: ='Budget Summary I'!E14+'Budget Summary I'!G14+'Budget Summary I'!I14+'Budget Summary I'!K14+'Budget Summary I'!M14+'Budget Summary I'!O14+'Budget Summary I'!Q14+'Budget Summary I'!S14 -> 0 | F12: ='Budget Summary I'!F14+'Budget Summary I'!H14+'Budget Summary I'!J14+'Budget Summary I'!L14+'Budget Summary I'!N14+'Budget Summary I'!P14+'Budget Summary I'!R14+'Budget Summary I'!T14 -> 0 | G12: ='Budget Summary I'!U14+'Budget Summary I'!W14 -> 0 | H12: ='Budget Summary I'!V14+'Budget Summary I'!X14 -> 0 | I12: ='Budget Summary I'!Y14+'Budget Summary I'!AA14 -> 0 | J12: ='Budget Summary I'!Z14+'Budget Summary I'!AB14 -> 0 | K12: ='Budget Summary I'!AC14+'Budget Summary I'!AE14 -> 0 | L12: ='Budget Summary I'!AD14+'Budget Summary I'!AF14 -> 0 | M12: ='Budget Summary I'!AG14 -> 0 | N12: ='Budget Summary I'!AH14 -> 0 | O12: ='Budget Summary I'!AI14+'Budget Summary I'!AK14 -> 0 | P12: ='Budget Summary I'!AJ14+'Budget Summary I'!AL14 -> 0 | Q12: ='Budget Summary I'!AM14 -> 0 | R12: ='Budget Summary I'!AN14 -> 0
B13: RCH Others (Tribal and Vulnerable) | C13: =E13+G13+I13+K13+M13+O13+Q13 -> 0 | D13: =F13+H13+J13+L13+N13+P13+R13 -> 0 | E13: ='Budget Summary I'!E15+'Budget Summary I'!G15+'Budget Summary I'!I15+'Budget Summary I'!K15+'Budget Summary I'!M15+'Budget Summary I'!O15+'Budget Summary I'!Q15+'Budget Summary I'!S15 -> 0 | F13: ='Budget Summary I'!F15+'Budget Summary I'!H15+'Budget Summary I'!J15+'Budget Summary I'!L15+'Budget Summary I'!N15+'Budget Summary I'!P15+'Budget Summary I'!R15+'Budget Summary I'!T15 -> 0 | G13: ='Budget Summary I'!U15+'Budget Summary I'!W15 -> 0 | H13: ='Budget Summary I'!V15+'Budget Summary I'!X15 -> 0 | I13: ='Budget Summary I'!Y15+'Budget Summary I'!AA15 -> 0 | J13: ='Budget Summary I'!Z15+'Budget Summary I'!AB15 -> 0 | K13: ='Budget Summary I'!AC15+'Budget Summary I'!AE15 -> 0 | L13: ='Budget Summary I'!AD15+'Budget Summary I'!AF15 -> 0 | M13: ='Budget Summary I'!AG15 -> 0 | N13: ='Budget Summary I'!AH15 -> 0 | O13: ='Budget Summary I'!AI15+'Budget Summary I'!AK15 -> 0 | P13: ='Budget Summary I'!AJ15+'Budget Summary I'!AL15 -> 0 | Q13: ='Budget Summary I'!AM15 -> 0 | R13: ='Budget Summary I'!AN15 -> 0
B14: RCH Pool (Excluding listed above) | C14: =E14+G14+I14+K14+M14+O14+Q14 -> 0 | D14: =F14+H14+J14+L14+N14+P14+R14 -> 0 | E14: ='Budget Summary I'!E16+'Budget Summary I'!G16+'Budget Summary I'!I16+'Budget Summary I'!K16+'Budget Summary I'!M16+'Budget Summary I'!O16+'Budget Summary I'!Q16+'Budget Summary I'!S16 -> 0 | F14: ='Budget Summary I'!F16+'Budget Summary I'!H16+'Budget Summary I'!J16+'Budget Summary I'!L16+'Budget Summary I'!N16+'Budget Summary I'!P16+'Budget Summary I'!R16+'Budget Summary I'!T16 -> 0 | G14: ='Budget Summary I'!U16+'Budget Summary I'!W16 -> 0 | H14: ='Budget Summary I'!V16+'Budget Summary I'!X16 -> 0 | I14: ='Budget Summary I'!Y16+'Budget Summary I'!AA16 -> 0 | J14: ='Budget Summary I'!Z16+'Budget Summary I'!AB16 -> 0 | K14: ='Budget Summary I'!AC16+'Budget Summary I'!AE16 -> 0 | L14: ='Budget Summary I'!AD16+'Budget Summary I'!AF16 -> 0 | M14: ='Budget Summary I'!AG16 -> 0 | N14: ='Budget Summary I'!AH16 -> 0 | O14: ='Budget Summary I'!AI16+'Budget Summary I'!AK16 -> 0 | P14: ='Budget Summary I'!AJ16+'Budget Summary I'!AL16 -> 0 | Q14: ='Budget Summary I'!AM16 -> 0 | R14: ='Budget Summary I'!AN16 -> 0
B15: National Iodine Deficiency Disorders Control Programme (NIDDCP) | C15: =E15+G15+I15+K15+M15+O15+Q15 -> 0 | D15: =F15+H15+J15+L15+N15+P15+R15 -> 0 | E15: ='Budget Summary I'!E17+'Budget Summary I'!G17+'Budget Summary I'!I17+'Budget Summary I'!K17+'Budget Summary I'!M17+'Budget Summary I'!O17+'Budget Summary I'!Q17+'Budget Summary I'!S17 -> 0 | F15: ='Budget Summary I'!F17+'Budget Summary I'!H17+'Budget Summary I'!J17+'Budget Summary I'!L17+'Budget Summary I'!N17+'Budget Summary I'!P17+'Budget Summary I'!R17+'Budget Summary I'!T17 -> 0 | G15: ='Budget Summary I'!U17+'Budget Summary I'!W17 -> 0 | H15: ='Budget Summary I'!V17+'Budget Summary I'!X17 -> 0 | I15: ='Budget Summary I'!Y17+'Budget Summary I'!AA17 -> 0 | J15: ='Budget Summary I'!Z17+'Budget Summary I'!AB17 -> 0 | K15: ='Budget Summary I'!AC17+'Budget Summary I'!AE17 -> 0 | L15: ='Budget Summary I'!AD17+'Budget Summary I'!AF17 -> 0 | M15: ='Budget Summary I'!AG17 -> 0 | N15: ='Budget Summary I'!AH17 -> 0 | O15: ='Budget Summary I'!AI17+'Budget Summary I'!AK17 -> 0 | P15: ='Budget Summary I'!AJ17+'Budget Summary I'!AL17 -> 0 | Q15: ='Budget Summary I'!AM17 -> 0 | R15: ='Budget Summary I'!AN17 -> 0
A16: HSS Flexi Pool | B16: Comprehensive Primary Healthcare (CPHC) | C16: =E16+G16+I16+K16+M16+O16+Q16 -> 300 | D16: =F16+H16+J16+L16+N16+P16+R16 -> 0 | E16: ='Budget Summary I'!E18+'Budget Summary I'!G18+'Budget Summary I'!I18+'Budget Summary I'!K18+'Budget Summary I'!M18+'Budget Summary I'!O18+'Budget Summary I'!Q18+'Budget Summary I'!S18 -> 0 | F16: ='Budget Summary I'!F18+'Budget Summary I'!H18+'Budget Summary I'!J18+'Budget Summary I'!L18+'Budget Summary I'!N18+'Budget Summary I'!P18+'Budget Summary I'!R18+'Budget Summary I'!T18 -> 0 | G16: ='Budget Summary I'!U18+'Budget Summary I'!W18 -> 0 | H16: ='Budget Summary I'!V18+'Budget Summary I'!X18 -> 0 | I16: ='Budget Summary I'!Y18+'Budget Summary I'!AA18 -> 0 | J16: ='Budget Summary I'!Z18+'Budget Summary I'!AB18 -> 0 | K16: ='Budget Summary I'!AC18+'Budget Summary I'!AE18 -> 300 | L16: ='Budget Summary I'!AD18+'Budget Summary I'!AF18 -> 0 | M16: ='Budget Summary I'!AG18 -> 0 | N16: ='Budget Summary I'!AH18 -> 0 | O16: ='Budget Summary I'!AI18+'Budget Summary I'!AK18 -> 0 | P16: ='Budget Summary I'!AJ18+'Budget Summary I'!AL18 -> 0 | Q16: ='Budget Summary I'!AM18 -> 0 | R16: ='Budget Summary I'!AN18 -> 0
B17: ASHA | C17: =E17+G17+I17+K17+M17+O17+Q17 -> 0 | D17: =F17+H17+J17+L17+N17+P17+R17 -> 0 | E17: ='Budget Summary I'!E19+'Budget Summary I'!G19+'Budget Summary I'!I19+'Budget Summary I'!K19+'Budget Summary I'!M19+'Budget Summary I'!O19+'Budget Summary I'!Q19+'Budget Summary I'!S19 -> 0 | F17: ='Budget Summary I'!F19+'Budget Summary I'!H19+'Budget Summary I'!J19+'Budget Summary I'!L19+'Budget Summary I'!N19+'Budget Summary I'!P19+'Budget Summary I'!R19+'Budget Summary I'!T19 -> 0 | G17: ='Budget Summary I'!U19+'Budget Summary I'!W19 -> 0 | H17: ='Budget Summary I'!V19+'Budget Summary I'!X19 -> 0 | I17: ='Budget Summary I'!Y19+'Budget Summary I'!AA19 -> 0 | J17: ='Budget Summary I'!Z19+'Budget Summary I'!AB19 -> 0 | K17: ='Budget Summary I'!AC19+'Budget Summary I'!AE19 -> 0 | L17: ='Budget Summary I'!AD19+'Budget Summary I'!AF19 -> 0 | M17: ='Budget Summary I'!AG19 -> 0 | N17: ='Budget Summary I'!AH19 -> 0 | O17: ='Budget Summary I'!AI19+'Budget Summary I'!AK19 -> 0 | P17: ='Budget Summary I'!AJ19+'Budget Summary I'!AL19 -> 0 | Q17: ='Budget Summary I'!AM19 -> 0 | R17: ='Budget Summary I'!AN19 -> 0
B18: Infrastructure | C18: =E18+G18+I18+K18+M18+O18+Q18 -> 0 | D18: =F18+H18+J18+L18+N18+P18+R18 -> 0 | E18: ='Budget Summary I'!E20+'Budget Summary I'!G20+'Budget Summary I'!I20+'Budget Summary I'!K20+'Budget Summary I'!M20+'Budget Summary I'!O20+'Budget Summary I'!Q20+'Budget Summary I'!S20 -> 0 | F18: ='Budget Summary I'!F20+'Budget Summary I'!H20+'Budget Summary I'!J20+'Budget Summary I'!L20+'Budget Summary I'!N20+'Budget Summary I'!P20+'Budget Summary I'!R20+'Budget Summary I'!T20 -> 0 | G18: ='Budget Summary I'!U20+'Budget Summary I'!W20 -> 0 | H18: ='Budget Summary I'!V20+'Budget Summary I'!X20 -> 0 | I18: ='Budget Summary I'!Y20+'Budget Summary I'!AA20 -> 0 | J18: ='Budget Summary I'!Z20+'Budget Summary I'!AB20 -> 0 | K18: ='Budget Summary I'!AC20+'Budget Summary I'!AE20 -> 0 | L18: ='Budget Summary I'!AD20+'Budget Summary I'!AF20 -> 0 | M18: ='Budget Summary I'!AG20 -> 0 | N18: ='Budget Summary I'!AH20 -> 0 | O18: ='Budget Summary I'!AI20+'Budget Summary I'!AK20 -> 0 | P18: ='Budget Summary I'!AJ20+'Budget Summary I'!AL20 -> 0 | Q18: ='Budget Summary I'!AM20 -> 0 | R18: ='Budget Summary I'!AN20 -> 0
B19: Referral Transport including NAS | C19: =E19+G19+I19+K19+M19+O19+Q19 -> 0 | D19: =F19+H19+J19+L19+N19+P19+R19 -> 0 | E19: ='Budget Summary I'!E21+'Budget Summary I'!G21+'Budget Summary I'!I21+'Budget Summary I'!K21+'Budget Summary I'!M21+'Budget Summary I'!O21+'Budget Summary I'!Q21+'Budget Summary I'!S21 -> 0 | F19: ='Budget Summary I'!F21+'Budget Summary I'!H21+'Budget Summary I'!J21+'Budget Summary I'!L21+'Budget Summary I'!N21+'Budget Summary I'!P21+'Budget Summary I'!R21+'Budget Summary I'!T21 -> 0 | G19: ='Budget Summary I'!U21+'Budget Summary I'!W21 -> 0 | H19: ='Budget Summary I'!V21+'Budget Summary I'!X21 -> 0 | I19: ='Budget Summary I'!Y21+'Budget Summary I'!AA21 -> 0 | J19: ='Budget Summary I'!Z21+'Budget Summary I'!AB21 -> 0 | K19: ='Budget Summary I'!AC21+'Budget Summary I'!AE21 -> 0 | L19: ='Budget Summary I'!AD21+'Budget Summary I'!AF21 -> 0 | M19: ='Budget Summary I'!AG21 -> 0 | N19: ='Budget Summary I'!AH21 -> 0 | O19: ='Budget Summary I'!AI21+'Budget Summary I'!AK21 -> 0 | P19: ='Budget Summary I'!AJ21+'Budget Summary I'!AL21 -> 0 | Q19: ='Budget Summary I'!AM21 -> 0 | R19: ='Budget Summary I'!AN21 -> 0
B20: National MMU | C20: =E20+G20+I20+K20+M20+O20+Q20 -> 118.5 | D20: =F20+H20+J20+L20+N20+P20+R20 -> 0 | E20: ='Budget Summary I'!E22+'Budget Summary I'!G22+'Budget Summary I'!I22+'Budget Summary I'!K22+'Budget Summary I'!M22+'Budget Summary I'!O22+'Budget Summary I'!Q22+'Budget Summary I'!S22 -> 118.5 | F20: ='Budget Summary I'!F22+'Budget Summary I'!H22+'Budget Summary I'!J22+'Budget Summary I'!L22+'Budget Summary I'!N22+'Budget Summary I'!P22+'Budget Summary I'!R22+'Budget Summary I'!T22 -> 0 | G20: ='Budget Summary I'!U22+'Budget Summary I'!W22 -> 0 | H20: ='Budget Summary I'!V22+'Budget Summary I'!X22 -> 0 | I20: ='Budget Summary I'!Y22+'Budget Summary I'!AA22 -> 0 | J20: ='Budget Summary I'!Z22+'Budget Summary I'!AB22 -> 0 | K20: ='Budget Summary I'!AC22+'Budget Summary I'!AE22 -> 0 | L20: ='Budget Summary I'!AD22+'Budget Summary I'!AF22 -> 0 | M20: ='Budget Summary I'!AG22 -> 0 | N20: ='Budget Summary I'!AH22 -> 0 | O20: ='Budget Summary I'!AI22+'Budget Summary I'!AK22 -> 0 | P20: ='Budget Summary I'!AJ22+'Budget Summary I'!AL22 -> 0 | Q20: ='Budget Summary I'!AM22 -> 0 | R20: ='Budget Summary I'!AN22 -> 0
B21: Community Action | C21: =E21+G21+I21+K21+M21+O21+Q21 -> 0 | D21: =F21+H21+J21+L21+N21+P21+R21 -> 0 | E21: ='Budget Summary I'!E23+'Budget Summary I'!G23+'Budget Summary I'!I23+'Budget Summary I'!K23+'Budget Summary I'!M23+'Budget Summary I'!O23+'Budget Summary I'!Q23+'Budget Summary I'!S23 -> 0 | F21: ='Budget Summary I'!F23+'Budget Summary I'!H23+'Budget Summary I'!J23+'Budget Summary I'!L23+'Budget Summary I'!N23+'Budget Summary I'!P23+'Budget Summary I'!R23+'Budget Summary I'!T23 -> 0 | G21: ='Budget Summary I'!U23+'Budget Summary I'!W23 -> 0 | H21: ='Budget Summary I'!V23+'Budget Summary I'!X23 -> 0 | I21: ='Budget Summary I'!Y23+'Budget Summary I'!AA23 -> 0 | J21: ='Budget Summary I'!Z23+'Budget Summary I'!AB23 -> 0 | K21: ='Budget Summary I'!AC23+'Budget Summary I'!AE23 -> 0 | L21: ='Budget Summary I'!AD23+'Budget Summary I'!AF23 -> 0 | M21: ='Budget Summary I'!AG23 -> 0 | N21: ='Budget Summary I'!AH23 -> 0 | O21: ='Budget Summary I'!AI23+'Budget Summary I'!AK23 -> 0 | P21: ='Budget Summary I'!AJ23+'Budget Summary I'!AL23 -> 0 | Q21: ='Budget Summary I'!AM23 -> 0 | R21: ='Budget Summary I'!AN23 -> 0
B22: Quality Assurance | C22: =E22+G22+I22+K22+M22+O22+Q22 -> 1719.7234 | D22: =F22+H22+J22+L22+N22+P22+R22 -> 0 | E22: ='Budget Summary I'!E24+'Budget Summary I'!G24+'Budget Summary I'!I24+'Budget Summary I'!K24+'Budget Summary I'!M24+'Budget Summary I'!O24+'Budget Summary I'!Q24+'Budget Summary I'!S24 -> 1719.7234 | F22: ='Budget Summary I'!F24+'Budget Summary I'!H24+'Budget Summary I'!J24+'Budget Summary I'!L24+'Budget Summary I'!N24+'Budget Summary I'!P24+'Budget Summary I'!R24+'Budget Summary I'!T24 -> 0 | G22: ='Budget Summary I'!U24+'Budget Summary I'!W24 -> 0 | H22: ='Budget Summary I'!V24+'Budget Summary I'!X24 -> 0 | I22: ='Budget Summary I'!Y24+'Budget Summary I'!AA24 -> 0 | J22: ='Budget Summary I'!Z24+'Budget Summary I'!AB24 -> 0 | K22: ='Budget Summary I'!AC24+'Budget Summary I'!AE24 -> 0 | L22: ='Budget Summary I'!AD24+'Budget Summary I'!AF24 -> 0 | M22: ='Budget Summary I'!AG24 -> 0 | N22: ='Budget Summary I'!AH24 -> 0 | O22: ='Budget Summary I'!AI24+'Budget Summary I'!AK24 -> 0 | P22: ='Budget Summary I'!AJ24+'Budget Summary I'!AL24 -> 0 | Q22: ='Budget Summary I'!AM24 -> 0 | R22: ='Budget Summary I'!AN24 -> 0
B23: IEC | C23: =E23+G23+I23+K23+M23+O23+Q23 -> 0 | D23: =F23+H23+J23+L23+N23+P23+R23 -> 0 | E23: ='Budget Summary I'!E25+'Budget Summary I'!G25+'Budget Summary I'!I25+'Budget Summary I'!K25+'Budget Summary I'!M25+'Budget Summary I'!O25+'Budget Summary I'!Q25+'Budget Summary I'!S25 -> 0 | F23: ='Budget Summary I'!F25+'Budget Summary I'!H25+'Budget Summary I'!J25+'Budget Summary I'!L25+'Budget Summary I'!N25+'Budget Summary I'!P25+'Budget Summary I'!R25+'Budget Summary I'!T25 -> 0 | G23: ='Budget Summary I'!U25+'Budget Summary I'!W25 -> 0 | H23: ='Budget Summary I'!V25+'Budget Summary I'!X25 -> 0 | I23: ='Budget Summary I'!Y25+'Budget Summary I'!AA25 -> 0 | J23: ='Budget Summary I'!Z25+'Budget Summary I'!AB25 -> 0 | K23: ='Budget Summary I'!AC25+'Budget Summary I'!AE25 -> 0 | L23: ='Budget Summary I'!AD25+'Budget Summary I'!AF25 -> 0 | M23: ='Budget Summary I'!AG25 -> 0 | N23: ='Budget Summary I'!AH25 -> 0 | O23: ='Budget Summary I'!AI25+'Budget Summary I'!AK25 -> 0 | P23: ='Budget Summary I'!AJ25+'Budget Summary I'!AL25 -> 0 | Q23: ='Budget Summary I'!AM25 -> 0 | R23: ='Budget Summary I'!AN25 -> 0
B24: Untied Fund | C24: =E24+G24+I24+K24+M24+O24+Q24 -> 0 | D24: =F24+H24+J24+L24+N24+P24+R24 -> 0 | E24: ='Budget Summary I'!E26+'Budget Summary I'!G26+'Budget Summary I'!I26+'Budget Summary I'!K26+'Budget Summary I'!M26+'Budget Summary I'!O26+'Budget Summary I'!Q26+'Budget Summary I'!S26 -> 0 | F24: ='Budget Summary I'!F26+'Budget Summary I'!H26+'Budget Summary I'!J26+'Budget Summary I'!L26+'Budget Summary I'!N26+'Budget Summary I'!P26+'Budget Summary I'!R26+'Budget Summary I'!T26 -> 0 | G24: ='Budget Summary I'!U26+'Budget Summary I'!W26 -> 0 | H24: ='Budget Summary I'!V26+'Budget Summary I'!X26 -> 0 | I24: ='Budget Summary I'!Y26+'Budget Summary I'!AA26 -> 0 | J24: ='Budget Summary I'!Z26+'Budget Summary I'!AB26 -> 0 | K24: ='Budget Summary I'!AC26+'Budget Summary I'!AE26 -> 0 | L24: ='Budget Summary I'!AD26+'Budget Summary I'!AF26 -> 0 | M24: ='Budget Summary I'!AG26 -> 0 | N24: ='Budget Summary I'!AH26 -> 0 | O24: ='Budget Summary I'!AI26+'Budget Summary I'!AK26 -> 0 | P24: ='Budget Summary I'!AJ26+'Budget Summary I'!AL26 -> 0 | Q24: ='Budget Summary I'!AM26 -> 0 | R24: ='Budget Summary I'!AN26 -> 0
B25: PPP | C25: =E25+G25+I25+K25+M25+O25+Q25 -> 0 | D25: =F25+H25+J25+L25+N25+P25+R25 -> 0 | E25: ='Budget Summary I'!E27+'Budget Summary I'!G27+'Budget Summary I'!I27+'Budget Summary I'!K27+'Budget Summary I'!M27+'Budget Summary I'!O27+'Budget Summary I'!Q27+'Budget Summary I'!S27 -> 0 | F25: ='Budget Summary I'!F27+'Budget Summary I'!H27+'Budget Summary I'!J27+'Budget Summary I'!L27+'Budget Summary I'!N27+'Budget Summary I'!P27+'Budget Summary I'!R27+'Budget Summary I'!T27 -> 0 | G25: ='Budget Summary I'!U27+'Budget Summary I'!W27 -> 0 | H25: ='Budget Summary I'!V27+'Budget Summary I'!X27 -> 0 | I25: ='Budget Summary I'!Y27+'Budget Summary I'!AA27 -> 0 | J25: ='Budget Summary I'!Z27+'Budget Summary I'!AB27 -> 0 | K25: ='Budget Summary I'!AC27+'Budget Summary I'!AE27 -> 0 | L25: ='Budget Summary I'!AD27+'Budget Summary I'!AF27 -> 0 | M25: ='Budget Summary I'!AG27 -> 0 | N25: ='Budget Summary I'!AH27 -> 0 | O25: ='Budget Summary I'!AI27+'Budget Summary I'!AK27 -> 0 | P25: ='Budget Summary I'!AJ27+'Budget Summary I'!AL27 -> 0 | Q25: ='Budget Summary I'!AM27 -> 0 | R25: ='Budget Summary I'!AN27 -> 0
B26: National Free Drug Services | C26: =E26+G26+I26+K26+M26+O26+Q26 -> 0 | D26: =F26+H26+J26+L26+N26+P26+R26 -> 0 | E26: ='Budget Summary I'!E28+'Budget Summary I'!G28+'Budget Summary I'!I28+'Budget Summary I'!K28+'Budget Summary I'!M28+'Budget Summary I'!O28+'Budget Summary I'!Q28+'Budget Summary I'!S28 -> 0 | F26: ='Budget Summary I'!F28+'Budget Summary I'!H28+'Budget Summary I'!J28+'Budget Summary I'!L28+'Budget Summary I'!N28+'Budget Summary I'!P28+'Budget Summary I'!R28+'Budget Summary I'!T28 -> 0 | G26: ='Budget Summary I'!U28+'Budget Summary I'!W28 -> 0 | H26: ='Budget Summary I'!V28+'Budget Summary I'!X28 -> 0 | I26: ='Budget Summary I'!Y28+'Budget Summary I'!AA28 -> 0 | J26: ='Budget Summary I'!Z28+'Budget Summary I'!AB28 -> 0 | K26: ='Budget Summary I'!AC28+'Budget Summary I'!AE28 -> 0 | L26: ='Budget Summary I'!AD28+'Budget Summary I'!AF28 -> 0 | M26: ='Budget Summary I'!AG28 -> 0 | N26: ='Budget Summary I'!AH28 -> 0 | O26: ='Budget Summary I'!AI28+'Budget Summary I'!AK28 -> 0 | P26: ='Budget Summary I'!AJ28+'Budget Summary I'!AL28 -> 0 | Q26: ='Budget Summary I'!AM28 -> 0 | R26: ='Budget Summary I'!AN28 -> 0
B27: National Free Diagnostics Services | C27: =E27+G27+I27+K27+M27+O27+Q27 -> 135 | D27: =F27+H27+J27+L27+N27+P27+R27 -> 0 | E27: ='Budget Summary I'!E29+'Budget Summary I'!G29+'Budget Summary I'!I29+'Budget Summary I'!K29+'Budget Summary I'!M29+'Budget Summary I'!O29+'Budget Summary I'!Q29+'Budget Summary I'!S29 -> 0 | F27: ='Budget Summary I'!F29+'Budget Summary I'!H29+'Budget Summary I'!J29+'Budget Summary I'!L29+'Budget Summary I'!N29+'Budget Summary I'!P29+'Budget Summary I'!R29+'Budget Summary I'!T29 -> 0 | G27: ='Budget Summary I'!U29+'Budget Summary I'!W29 -> 0 | H27: ='Budget Summary I'!V29+'Budget Summary I'!X29 -> 0 | I27: ='Budget Summary I'!Y29+'Budget Summary I'!AA29 -> 135 | J27: ='Budget Summary I'!Z29+'Budget Summary I'!AB29 -> 0 | K27: ='Budget Summary I'!AC29+'Budget Summary I'!AE29 -> 0 | L27: ='Budget Summary I'!AD29+'Budget Summary I'!AF29 -> 0 | M27: ='Budget Summary I'!AG29 -> 0 | N27: ='Budget Summary I'!AH29 -> 0 | O27: ='Budget Summary I'!AI29+'Budget Summary I'!AK29 -> 0 | P27: ='Budget Summary I'!AJ29+'Budget Summary I'!AL29 -> 0 | Q27: ='Budget Summary I'!AM29 -> 0 | R27: ='Budget Summary I'!AN29 -> 0
B28: Human resources | C28: =E28+G28+I28+K28+M28+O28+Q28 -> 227.33 | D28: =F28+H28+J28+L28+N28+P28+R28 -> 0 | E28: ='Budget Summary I'!E30+'Budget Summary I'!G30+'Budget Summary I'!I30+'Budget Summary I'!K30+'Budget Summary I'!M30+'Budget Summary I'!O30+'Budget Summary I'!Q30+'Budget Summary I'!S30 -> 0 | F28: ='Budget Summary I'!F30+'Budget Summary I'!H30+'Budget Summary I'!J30+'Budget Summary I'!L30+'Budget Summary I'!N30+'Budget Summary I'!P30+'Budget Summary I'!R30+'Budget Summary I'!T30 -> 0 | G28: ='Budget Summary I'!U30+'Budget Summary I'!W30 -> 0 | H28: ='Budget Summary I'!V30+'Budget Summary I'!X30 -> 0 | I28: ='Budget Summary I'!Y30+'Budget Summary I'!AA30 -> 0 | J28: ='Budget Summary I'!Z30+'Budget Summary I'!AB30 -> 0 | K28: ='Budget Summary I'!AC30+'Budget Summary I'!AE30 -> 227.33 | L28: ='Budget Summary I'!AD30+'Budget Summary I'!AF30 -> 0 | M28: ='Budget Summary I'!AG30 -> 0 | N28: ='Budget Summary I'!AH30 -> 0 | O28: ='Budget Summary I'!AI30+'Budget Summary I'!AK30 -> 0 | P28: ='Budget Summary I'!AJ30+'Budget Summary I'!AL30 -> 0 | Q28: ='Budget Summary I'!AM30 -> 0 | R28: ='Budget Summary I'!AN30 -> 0
... B35: HSS Others | C35: =E35+G35+I35+K35+M35+O35+Q35 -> 128.08 | D35: =F35+H35+J35+L35+N35+P35+R35 -> 0 | E35: ='Budget Summary I'!E37+'Budget Summary I'!G37+'Budget Summary I'!I37+'Budget Summary I'!K37+'Budget Summary I'!M37+'Budget Summary I'!O37+'Budget Summary I'!Q37+'Budget Summary I'!S37 -> 0 | F35: ='Budget Summary I'!F37+'Budget Summary I'!H37+'Budget Summary I'!J37+'Budget Summary I'!L37+'Budget Summary I'!N37+'Budget Summary I'!P37+'Budget Summary I'!R37+'Budget Summary I'!T37 -> 0 | G35: ='Budget Summary I'!U37+'Budget Summary I'!W37 -> 0 | H35: ='Budget Summary I'!V37+'Budget Summary I'!X37 -> 0 | I35: ='Budget Summary I'!Y37+'Budget Summary I'!AA37 -> 128.08 | J35: ='Budget Summary I'!Z37+'Budget Summary I'!AB37 -> 0 | K35: ='Budget Summary I'!AC37+'Budget Summary I'!AE37 -> 0 | L35: ='Budget Summary I'!AD37+'Budget Summary I'!AF37 -> 0 | M35: ='Budget Summary I'!AG37 -> 0 | N35: ='Budget Summary I'!AH37 -> 0 | O35: ='Budget Summary I'!AI37+'Budget Summary I'!AK37 -> 0 | P35: ='Budget Summary I'!AJ37+'Budget Summary I'!AL37 -> 0 | Q35: ='Budget Summary I'!AM37 -> 0 | R35: ='Budget Summary I'!AN37 -> 0
A36: NDCP Flexi Pool | B36: Integrated Disease Surveillance Programme (IDSP) | C36: =E36+G36+I36+K36+M36+O36+Q36 -> 0 | D36: =F36+H36+J36+L36+N36+P36+R36 -> 0 | E36: ='Budget Summary I'!E38+'Budget Summary I'!G38+'Budget Summary I'!I38+'Budget Summary I'!K38+'Budget Summary I'!M38+'Budget Summary I'!O38+'Budget Summary I'!Q38+'Budget Summary I'!S38 -> 0 | F36: ='Budget Summary I'!F38+'Budget Summary I'!H38+'Budget Summary I'!J38+'Budget Summary I'!L38+'Budget Summary I'!N38+'Budget Summary I'!P38+'Budget Summary I'!R38+'Budget Summary I'!T38 -> 0 | G36: ='Budget Summary I'!U38+'Budget Summary I'!W38 -> 0 | H36: ='Budget Summary I'!V38+'Budget Summary I'!X38 -> 0 | I36: ='Budget Summary I'!Y38+'Budget Summary I'!AA38 -> 0 | J36: ='Budget Summary I'!Z38+'Budget Summary I'!AB38 -> 0 | K36: ='Budget Summary I'!AC38+'Budget Summary I'!AE38 -> 0 | L36: ='Budget Summary I'!AD38+'Budget Summary I'!AF38 -> 0 | M36: ='Budget Summary I'!AG38 -> 0 | N36: ='Budget Summary I'!AH38 -> 0 | O36: ='Budget Summary I'!AI38+'Budget Summary I'!AK38 -> 0 | P36: ='Budget Summary I'!AJ38+'Budget Summary I'!AL38 -> 0 | Q36: ='Budget Summary I'!AM38 -> 0 | R36: ='Budget Summary I'!AN38 -> 0
B37: National Vector Borne Disease Control Programme (NVBDCP) | C37: =E37+G37+I37+K37+M37+O37+Q37 -> 20 | D37: =F37+H37+J37+L37+N37+P37+R37 -> 0 | E37: ='Budget Summary I'!E39+'Budget Summary I'!G39+'Budget Summary I'!I39+'Budget Summary I'!K39+'Budget Summary I'!M39+'Budget Summary I'!O39+'Budget Summary I'!Q39+'Budget Summary I'!S39 -> 20 | F37: ='Budget Summary I'!F39+'Budget Summary I'!H39+'Budget Summary I'!J39+'Budget Summary I'!L39+'Budget Summary I'!N39+'Budget Summary I'!P39+'Budget Summary I'!R39+'Budget Summary I'!T39 -> 0 | G37: ='Budget Summary I'!U39+'Budget Summary I'!W39 -> 0 | H37: ='Budget Summary I'!V39+'Budget Summary I'!X39 -> 0 | I37: ='Budget Summary I'!Y39+'Budget Summary I'!AA39 -> 0 | J37: ='Budget Summary I'!Z39+'Budget Summary I'!AB39 -> 0 | K37: ='Budget Summary I'!AC39+'Budget Summary I'!AE39 -> 0 | L37: ='Budget Summary I'!AD39+'Budget Summary I'!AF39 -> 0 | M37: ='Budget Summary I'!AG39 -> 0 | N37: ='Budget Summary I'!AH39 -> 0 | O37: ='Budget Summary I'!AI39+'Budget Summary I'!AK39 -> 0 | P37: ='Budget Summary I'!AJ39+'Budget Summary I'!AL39 -> 0 | Q37: ='Budget Summary I'!AM39 -> 0 | R37: ='Budget Summary I'!AN39 -> 0
B38: National Leprosy Eradication Programme (NLEP) | C38: =E38+G38+I38+K38+M38+O38+Q38 -> 0 | D38: =F38+H38+J38+L38+N38+P38+R38 -> 0 | E38: ='Budget Summary I'!E40+'Budget Summary I'!G40+'Budget Summary I'!I40+'Budget Summary I'!K40+'Budget Summary I'!M40+'Budget Summary I'!O40+'Budget Summary I'!Q40+'Budget Summary I'!S40 -> 0 | F38: ='Budget Summary I'!F40+'Budget Summary I'!H40+'Budget Summary I'!J40+'Budget Summary I'!L40+'Budget Summary I'!N40+'Budget Summary I'!P40+'Budget Summary I'!R40+'Budget Summary I'!T40 -> 0 | G38: ='Budget Summary I'!U40+'Budget Summary I'!W40 -> 0 | H38: ='Budget Summary I'!V40+'Budget Summary I'!X40 -> 0 | I38: ='Budget Summary I'!Y40+'Budget Summary I'!AA40 -> 0 | J38: ='Budget Summary I'!Z40+'Budget Summary I'!AB40 -> 0 | K38: ='Budget Summary I'!AC40+'Budget Summary I'!AE40 -> 0 | L38: ='Budget Summary I'!AD40+'Budget Summary I'!AF40 -> 0 | M38: ='Budget Summary I'!AG40 -> 0 | N38: ='Budget Summary I'!AH40 -> 0 | O38: ='Budget Summary I'!AI40+'Budget Summary I'!AK40 -> 0 | P38: ='Budget Summary I'!AJ40+'Budget Summary I'!AL40 -> 0 | Q38: ='Budget Summary I'!AM40 -> 0 | R38: ='Budget Summary I'!AN40 -> 0
B39: National Tuberculosis Elimination Programme (NTEP) | C39: =E39+G39+I39+K39+M39+O39+Q39 -> 3301.2785 | D39: =F39+H39+J39+L39+N39+P39+R39 -> 0 | E39: ='Budget Summary I'!E41+'Budget Summary I'!G41+'Budget Summary I'!I41+'Budget Summary I'!K41+'Budget Summary I'!M41+'Budget Summary I'!O41+'Budget Summary I'!Q41+'Budget Summary I'!S41 -> 0 | F39: ='Budget Summary I'!F41+'Budget Summary I'!H41+'Budget Summary I'!J41+'Budget Summary I'!L41+'Budget Summary I'!N41+'Budget Summary I'!P41+'Budget Summary I'!R41+'Budget Summary I'!T41 -> 0 | G39: ='Budget Summary I'!U41+'Budget Summary I'!W41 -> 0 | H39: ='Budget Summary I'!V41+'Budget Summary I'!X41 -> 0 | I39: ='Budget Summary I'!Y41+'Budget Summary I'!AA41 -> 3301.2785 | J39: ='Budget Summary I'!Z41+'Budget Summary I'!AB41 -> 0 | K39: ='Budget Summary I'!AC41+'Budget Summary I'!AE41 -> 0 | L39: ='Budget Summary I'!AD41+'Budget Summary I'!AF41 -> 0 | M39: ='Budget Summary I'!AG41 -> 0 | N39: ='Budget Summary I'!AH41 -> 0 | O39: ='Budget Summary I'!AI41+'Budget Summary I'!AK41 -> 0 | P39: ='Budget Summary I'!AJ41+'Budget Summary I'!AL41 -> 0 | Q39: ='Budget Summary I'!AM41 -> 0 | R39: ='Budget Summary I'!AN41 -> 0
B40: National Viral Hepatitis Control Programme (NVHCP) | C40: =E40+G40+I40+K40+M40+O40+Q40 -> 0 | D40: =F40+H40+J40+L40+N40+P40+R40 -> 0 | E40: ='Budget Summary I'!E42+'Budget Summary I'!G42+'Budget Summary I'!I42+'Budget Summary I'!K42+'Budget Summary I'!M42+'Budget Summary I'!O42+'Budget Summary I'!Q42+'Budget Summary I'!S42 -> 0 | F40: ='Budget Summary I'!F42+'Budget Summary I'!H42+'Budget Summary I'!J42+'Budget Summary I'!L42+'Budget Summary I'!N42+'Budget Summary I'!P42+'Budget Summary I'!R42+'Budget Summary I'!T42 -> 0 | G40: ='Budget Summary I'!U42+'Budget Summary I'!W42 -> 0 | H40: ='Budget Summary I'!V42+'Budget Summary I'!X42 -> 0 | I40: ='Budget Summary I'!Y42+'Budget Summary I'!AA42 -> 0 | J40: ='Budget Summary I'!Z42+'Budget Summary I'!AB42 -> 0 | K40: ='Budget Summary I'!AC42+'Budget Summary I'!AE42 -> 0 | L40: ='Budget Summary I'!AD42+'Budget Summary I'!AF42 -> 0 | M40: ='Budget Summary I'!AG42 -> 0 | N40: ='Budget Summary I'!AH42 -> 0 | O40: ='Budget Summary I'!AI42+'Budget Summary I'!AK42 -> 0 | P40: ='Budget Summary I'!AJ42+'Budget Summary I'!AL42 -> 0 | Q40: ='Budget Summary I'!AM42 -> 0 | R40: ='Budget Summary I'!AN42 -> 0
B41: National Rabies Control Programme (NRCP) | C41: =E41+G41+I41+K41+M41+O41+Q41 -> 0 | D41: =F41+H41+J41+L41+N41+P41+R41 -> 0 | E41: ='Budget Summary I'!E43+'Budget Summary I'!G43+'Budget Summary I'!I43+'Budget Summary I'!K43+'Budget Summary I'!M43+'Budget Summary I'!O43+'Budget Summary I'!Q43+'Budget Summary I'!S43 -> 0 | F41: ='Budget Summary I'!F43+'Budget Summary I'!H43+'Budget Summary I'!J43+'Budget Summary I'!L43+'Budget Summary I'!N43+'Budget Summary I'!P43+'Budget Summary I'!R43+'Budget Summary I'!T43 -> 0 | G41: ='Budget Summary I'!U43+'Budget Summary I'!W43 -> 0 | H41: ='Budget Summary I'!V43+'Budget Summary I'!X43 -> 0 | I41: ='Budget Summary I'!Y43+'Budget Summary I'!AA43 -> 0 | J41: ='Budget Summary I'!Z43+'Budget Summary I'!AB43 -> 0 | K41: ='Budget Summary I'!AC43+'Budget Summary I'!AE43 -> 0 | L41: ='Budget Summary I'!AD43+'Budget Summary I'!AF43 -> 0 | M41: ='Budget Summary I'!AG43 -> 0 | N41: ='Budget Summary I'!AH43 -> 0 | O41: ='Budget Summary I'!AI43+'Budget Summary I'!AK43 -> 0 | P41: ='Budget Summary I'!AJ43+'Budget Summary I'!AL43 -> 0 | Q41: ='Budget Summary I'!AM43 -> 0 | R41: ='Budget Summary I'!AN43 -> 0
B42: Programme for Prevention and Control of Leptospirosis (PPCL) | C42: =E42+G42+I42+K42+M42+O42+Q42 -> 27.65 | D42: =F42+H42+J42+L42+N42+P42+R42 -> 0 | E42: ='Budget Summary I'!E44+'Budget Summary I'!G44+'Budget Summary I'!I44+'Budget Summary I'!K44+'Budget Summary I'!M44+'Budget Summary I'!O44+'Budget Summary I'!Q44+'Budget Summary I'!S44 -> 0 | F42: ='Budget Summary I'!F44+'Budget Summary I'!H44+'Budget Summary I'!J44+'Budget Summary I'!L44+'Budget Summary I'!N44+'Budget Summary I'!P44+'Budget Summary I'!R44+'Budget Summary I'!T44 -> 0 | G42: ='Budget Summary I'!U44+'Budget Summary I'!W44 -> 0 | H42: ='Budget Summary I'!V44+'Budget Summary I'!X44 -> 0 | I42: ='Budget Summary I'!Y44+'Budget Summary I'!AA44 -> 27.65 | J42: ='Budget Summary I'!Z44+'Budget Summary I'!AB44 -> 0 | K42: ='Budget Summary I'!AC44+'Budget Summary I'!AE44 -> 0 | L42: ='Budget Summary I'!AD44+'Budget Summary I'!AF44 -> 0 | M42: ='Budget Summary I'!AG44 -> 0 | N42: ='Budget Summary I'!AH44 -> 0 | O42: ='Budget Summary I'!AI44+'Budget Summary I'!AK44 -> 0 | P42: ='Budget Summary I'!AJ44+'Budget Summary I'!AL44 -> 0 | Q42: ='Budget Summary I'!AM44 -> 0 | R42: ='Budget Summary I'!AN44 -> 0
B43: NDCP Pool (Excluding listed above) | C43: =E43+G43+I43+K43+M43+O43+Q43 -> 0 | D43: =F43+H43+J43+L43+N43+P43+R43 -> 0 | E43: ='Budget Summary I'!E45+'Budget Summary I'!G45+'Budget Summary I'!I45+'Budget Summary I'!K45+'Budget Summary I'!M45+'Budget Summary I'!O45+'Budget Summary I'!Q45+'Budget Summary I'!S45 -> 0 | F43: ='Budget Summary I'!F45+'Budget Summary I'!H45+'Budget Summary I'!J45+'Budget Summary I'!L45+'Budget Summary I'!N45+'Budget Summary I'!P45+'Budget Summary I'!R45+'Budget Summary I'!T45 -> 0 | G43: ='Budget Summary I'!U45+'Budget Summary I'!W45 -> 0 | H43: ='Budget Summary I'!V45+'Budget Summary I'!X45 -> 0 | I43: ='Budget Summary I'!Y45+'Budget Summary I'!AA45 -> 0 | J43: ='Budget Summary I'!Z45+'Budget Summary I'!AB45 -> 0 | K43: ='Budget Summary I'!AC45+'Budget Summary I'!AG45 -> 0 | L43: ='Budget Summary I'!AD45+'Budget Summary I'!AH45 -> 0 | M43: ='Budget Summary I'!AG45 -> 0 | N43: ='Budget Summary I'!AH45 -> 0 | O43: ='Budget Summary I'!AI45+'Budget Summary I'!AK45 -> 0 | P43: ='Budget Summary I'!AJ45+'Budget Summary I'!AL45 -> 0 | Q43: ='Budget Summary I'!AM45 -> 0 | R43: ='Budget Summary I'!AN45 -> 0
A44: NCD Flexi Pool | B44: National Program for Control of Blindness and Vision Impairment (NPCB&VI) | C44: =E44+G44+I44+K44+M44+O44+Q44 -> 0 | D44: =F44+H44+J44+L44+N44+P44+R44 -> 0 | E44: ='Budget Summary I'!E46+'Budget Summary I'!G46+'Budget Summary I'!I46+'Budget Summary I'!K46+'Budget Summary I'!M46+'Budget Summary I'!O46+'Budget Summary I'!Q46+'Budget Summary I'!S46 -> 0 | F44: ='Budget Summary I'!F46+'Budget Summary I'!H46+'Budget Summary I'!J46+'Budget Summary I'!L46+'Budget Summary I'!N46+'Budget Summary I'!P46+'Budget Summary I'!R46+'Budget Summary I'!T46 -> 0 | G44: ='Budget Summary I'!U46+'Budget Summary I'!W46 -> 0 | H44: ='Budget Summary I'!V46+'Budget Summary I'!X46 -> 0 | I44: ='Budget Summary I'!Y46+'Budget Summary I'!AA46 -> 0 | J44: ='Budget Summary I'!Z46+'Budget Summary I'!AB46 -> 0 | K44: ='Budget Summary I'!AC46+'Budget Summary I'!AE46 -> 0 | L44: ='Budget Summary I'!AD46+'Budget Summary I'!AF46 -> 0 | M44: ='Budget Summary I'!AG46 -> 0 | N44: ='Budget Summary I'!AH46 -> 0 | O44: ='Budget Summary I'!AI46+'Budget Summary I'!AK46 -> 0 | P44: ='Budget Summary I'!AJ46+'Budget Summary I'!AL46 -> 0 | Q44: ='Budget Summary I'!AM46 -> 0 | R44: ='Budget Summary I'!AN46 -> 0
B45: National Mental Health Program (NMHP) | C45: =E45+G45+I45+K45+M45+O45+Q45 -> 0 | D45: =F45+H45+J45+L45+N45+P45+R45 -> 0 | E45: ='Budget Summary I'!E47+'Budget Summary I'!G47+'Budget Summary I'!I47+'Budget Summary I'!K47+'Budget Summary I'!M47+'Budget Summary I'!O47+'Budget Summary I'!Q47+'Budget Summary I'!S47 -> 0 | F45: ='Budget Summary I'!F47+'Budget Summary I'!H47+'Budget Summary I'!J47+'Budget Summary I'!L47+'Budget Summary I'!N47+'Budget Summary I'!P47+'Budget Summary I'!R47+'Budget Summary I'!T47 -> 0 | G45: ='Budget Summary I'!U47+'Budget Summary I'!W47 -> 0 | H45: ='Budget Summary I'!V47+'Budget Summary I'!X47 -> 0 | I45: ='Budget Summary I'!Y47+'Budget Summary I'!AA47 -> 0 | J45: ='Budget Summary I'!Z47+'Budget Summary I'!AB47 -> 0 | K45: ='Budget Summary I'!AC47+'Budget Summary I'!AE47 -> 0 | L45: ='Budget Summary I'!AD47+'Budget Summary I'!AF47 -> 0 | M45: ='Budget Summary I'!AG47 -> 0 | N45: ='Budget Summary I'!AH47 -> 0 | O45: ='Budget Summary I'!AI47+'Budget Summary I'!AK47 -> 0 | P45: ='Budget Summary I'!AJ47+'Budget Summary I'!AL47 -> 0 | Q45: ='Budget Summary I'!AM47 -> 0 | R45: ='Budget Summary I'!AN47 -> 0
B46: National Programme for Health Care for the Elderly (NPHCE) | C46: =E46+G46+I46+K46+M46+O46+Q46 -> 0 | D46: =F46+H46+J46+L46+N46+P46+R46 -> 0 | E46: ='Budget Summary I'!E48+'Budget Summary I'!G48+'Budget Summary I'!I48+'Budget Summary I'!K48+'Budget Summary I'!M48+'Budget Summary I'!O48+'Budget Summary I'!Q48+'Budget Summary I'!S48 -> 0 | F46: ='Budget Summary I'!F48+'Budget Summary I'!H48+'Budget Summary I'!J48+'Budget Summary I'!L48+'Budget Summary I'!N48+'Budget Summary I'!P48+'Budget Summary I'!R48+'Budget Summary I'!T48 -> 0 | G46: ='Budget Summary I'!U48+'Budget Summary I'!W48 -> 0 | H46: ='Budget Summary I'!V48+'Budget Summary I'!X48 -> 0 | I46: ='Budget Summary I'!Y48+'Budget Summary I'!AA48 -> 0 | J46: ='Budget Summary I'!Z48+'Budget Summary I'!AB48 -> 0 | K46: ='Budget Summary I'!AC48+'Budget Summary I'!AE48 -> 0 | L46: ='Budget Summary I'!AD48+'Budget Summary I'!AF48 -> 0 | M46: ='Budget Summary I'!AG48 -> 0 | N46: ='Budget Summary I'!AH48 -> 0 | O46: ='Budget Summary I'!AI48+'Budget Summary I'!AK48 -> 0 | P46: ='Budget Summary I'!AJ48+'Budget Summary I'!AL48 -> 0 | Q46: ='Budget Summary I'!AM48 -> 0 | R46: ='Budget Summary I'!AN48 -> 0
B47: National Tobacco Control Programme (NTCP) | C47: =E47+G47+I47+K47+M47+O47+Q47 -> 0 | D47: =F47+H47+J47+L47+N47+P47+R47 -> 0 | E47: ='Budget Summary I'!E49+'Budget Summary I'!G49+'Budget Summary I'!I49+'Budget Summary I'!K49+'Budget Summary I'!M49+'Budget Summary I'!O49+'Budget Summary I'!Q49+'Budget Summary I'!S49 -> 0 | F47: ='Budget Summary I'!F49+'Budget Summary I'!H49+'Budget Summary I'!J49+'Budget Summary I'!L49+'Budget Summary I'!N49+'Budget Summary I'!P49+'Budget Summary I'!R49+'Budget Summary I'!T49 -> 0 | G47: ='Budget Summary I'!U49+'Budget Summary I'!W49 -> 0 | H47: ='Budget Summary I'!V49+'Budget Summary I'!X49 -> 0 | I47: ='Budget Summary I'!Y49+'Budget Summary I'!AA49 -> 0 | J47: ='Budget Summary I'!Z49+'Budget Summary I'!AB49 -> 0 | K47: ='Budget Summary I'!AC49+'Budget Summary I'!AE49 -> 0 | L47: ='Budget Summary I'!AD49+'Budget Summary I'!AF49 -> 0 | M47: ='Budget Summary I'!AG49 -> 0 | N47: ='Budget Summary I'!AH49 -> 0 | O47: ='Budget Summary I'!AI49+'Budget Summary I'!AK49 -> 0 | P47: ='Budget Summary I'!AJ49+'Budget Summary I'!AL49 -> 0 | Q47: ='Budget Summary I'!AM49 -> 0 | R47: ='Budget Summary I'!AN49 -> 0
B48: National Programme for Prevention and Control of Diabetes, Cardiovascular Disease and Stroke (NPCDCS) | C48: =E48+G48+I48+K48+M48+O48+Q48 -> 0 | D48: =F48+H48+J48+L48+N48+P48+R48 -> 0 | E48: ='Budget Summary I'!E50+'Budget Summary I'!G50+'Budget Summary I'!I50+'Budget Summary I'!K50+'Budget Summary I'!M50+'Budget Summary I'!O50+'Budget Summary I'!Q50+'Budget Summary I'!S50 -> 0 | F48: ='Budget Summary I'!F50+'Budget Summary I'!H50+'Budget Summary I'!J50+'Budget Summary I'!L50+'Budget Summary I'!N50+'Budget Summary I'!P50+'Budget Summary I'!R50+'Budget Summary I'!T50 -> 0 | G48: ='Budget Summary I'!U50+'Budget Summary I'!W50 -> 0 | H48: ='Budget Summary I'!V50+'Budget Summary I'!X50 -> 0 | I48: ='Budget Summary I'!Y50+'Budget Summary I'!AA50 -> 0 | J48: ='Budget Summary I'!Z50+'Budget Summary I'!AB50 -> 0 | K48: ='Budget Summary I'!AC50+'Budget Summary I'!AE50 -> 0 | L48: ='Budget Summary I'!AD50+'Budget Summary I'!AF50 -> 0 | M48: ='Budget Summary I'!AG50 -> 0 | N48: ='Budget Summary I'!AH50 -> 0 | O48: ='Budget Summary I'!AI50+'Budget Summary I'!AK50 -> 0 | P48: ='Budget Summary I'!AJ50+'Budget Summary I'!AL50 -> 0 | Q48: ='Budget Summary I'!AM50 -> 0 | R48: ='Budget Summary I'!AN50 -> 0
B49: Pradhan Mantri National Dialysis Programme (PMNDP) | C49: =E49+G49+I49+K49+M49+O49+Q49 -> 510 | D49: =F49+H49+J49+L49+N49+P49+R49 -> 0 | E49: ='Budget Summary I'!E51+'Budget Summary I'!G51+'Budget Summary I'!I51+'Budget Summary I'!K51+'Budget Summary I'!M51+'Budget Summary I'!O51+'Budget Summary I'!Q51+'Budget Summary I'!S51 -> 0 | F49: ='Budget Summary I'!F51+'Budget Summary I'!H51+'Budget Summary I'!J51+'Budget Summary I'!L51+'Budget Summary I'!N51+'Budget Summary I'!P51+'Budget Summary I'!R51+'Budget Summary I'!T51 -> 0 | G49: ='Budget Summary I'!U51+'Budget Summary I'!W51 -> 0 | H49: ='Budget Summary I'!V51+'Budget Summary I'!X51 -> 0 | I49: ='Budget Summary I'!Y51+'Budget Summary I'!AA51 -> 510 | J49: ='Budget Summary I'!Z51+'Budget Summary I'!AB51 -> 0 | K49: ='Budget Summary I'!AC51+'Budget Summary I'!AE51 -> 0 | L49: ='Budget Summary I'!AD51+'Budget Summary I'!AF51 -> 0 | M49: ='Budget Summary I'!AG51 -> 0 | N49: ='Budget Summary I'!AH51 -> 0 | O49: ='Budget Summary I'!AI51+'Budget Summary I'!AK51 -> 0 | P49: ='Budget Summary I'!AJ51+'Budget Summary I'!AL51 -> 0 | Q49: ='Budget Summary I'!AM51 -> 0 | R49: ='Budget Summary I'!AN51 -> 0
B50: National Program for Climate Change and Human Health (NPCCHH) | C50: =E50+G50+I50+K50+M50+O50+Q50 -> 0 | D50: =F50+H50+J50+L50+N50+P50+R50 -> 0 | E50: ='Budget Summary I'!E52+'Budget Summary I'!G52+'Budget Summary I'!I52+'Budget Summary I'!K52+'Budget Summary I'!M52+'Budget Summary I'!O52+'Budget Summary I'!Q52+'Budget Summary I'!S52 -> 0 | F50: ='Budget Summary I'!F52+'Budget Summary I'!H52+'Budget Summary I'!J52+'Budget Summary I'!L52+'Budget Summary I'!N52+'Budget Summary I'!P52+'Budget Summary I'!R52+'Budget Summary I'!T52 -> 0 | G50: ='Budget Summary I'!U52+'Budget Summary I'!W52 -> 0 | H50: ='Budget Summary I'!V52+'Budget Summary I'!X52 -> 0 | I50: ='Budget Summary I'!Y52+'Budget Summary I'!AA52 -> 0 | J50: ='Budget Summary I'!Z52+'Budget Summary I'!AB52 -> 0 | K50: ='Budget Summary I'!AC52+'Budget Summary I'!AE52 -> 0 | L50: ='Budget Summary I'!AD52+'Budget Summary I'!AF52 -> 0 | M50: ='Budget Summary I'!AG52 -> 0 | N50: ='Budget Summary I'!AH52 -> 0 | O50: ='Budget Summary I'!AI52+'Budget Summary I'!AK52 -> 0 | P50: ='Budget Summary I'!AJ52+'Budget Summary I'!AL52 -> 0 | Q50: ='Budget Summary I'!AM52 -> 0 | R50: ='Budget Summary I'!AN52 -> 0
B51: National Oral health programme (NOHP) | C51: =E51+G51+I51+K51+M51+O51+Q51 -> 0 | D51: =F51+H51+J51+L51+N51+P51+R51 -> 0 | E51: ='Budget Summary I'!E53+'Budget Summary I'!G53+'Budget Summary I'!I53+'Budget Summary I'!K53+'Budget Summary I'!M53+'Budget Summary I'!O53+'Budget Summary I'!Q53+'Budget Summary I'!S53 -> 0 | F51: ='Budget Summary I'!F53+'Budget Summary I'!H53+'Budget Summary I'!J53+'Budget Summary I'!L53+'Budget Summary I'!N53+'Budget Summary I'!P53+'Budget Summary I'!R53+'Budget Summary I'!T53 -> 0 | G51: ='Budget Summary I'!U53+'Budget Summary I'!W53 -> 0 | H51: ='Budget Summary I'!V53+'Budget Summary I'!X53 -> 0 | I51: ='Budget Summary I'!Y53+'Budget Summary I'!AA53 -> 0 | J51: ='Budget Summary I'!Z53+'Budget Summary I'!AB53 -> 0 | K51: ='Budget Summary I'!AC53+'Budget Summary I'!AE53 -> 0 | L51: ='Budget Summary I'!AD53+'Budget Summary I'!AF53 -> 0 | M51: ='Budget Summary I'!AG53 -> 0 | N51: ='Budget Summary I'!AH53 -> 0 | O51: ='Budget Summary I'!AI53+'Budget Summary I'!AK53 -> 0 | P51: ='Budget Summary I'!AJ53+'Budget Summary I'!AL53 -> 0 | Q51: ='Budget Summary I'!AM53 -> 0 | R51: ='Budget Summary I'!AN53 -> 0
B52: National Programme on palliative care (NPPC) | C52: =E52+G52+I52+K52+M52+O52+Q52 -> 0 | D52: =F52+H52+J52+L52+N52+P52+R52 -> 0 | E52: ='Budget Summary I'!E54+'Budget Summary I'!G54+'Budget Summary I'!I54+'Budget Summary I'!K54+'Budget Summary I'!M54+'Budget Summary I'!O54+'Budget Summary I'!Q54+'Budget Summary I'!S54 -> 0 | F52: ='Budget Summary I'!F54+'Budget Summary I'!H54+'Budget Summary I'!J54+'Budget Summary I'!L54+'Budget Summary I'!N54+'Budget Summary I'!P54+'Budget Summary I'!R54+'Budget Summary I'!T54 -> 0 | G52: ='Budget Summary I'!U54+'Budget Summary I'!W54 -> 0 | H52: ='Budget Summary I'!V54+'Budget Summary I'!X54 -> 0 | I52: ='Budget Summary I'!Y54+'Budget Summary I'!AA54 -> 0 | J52: ='Budget Summary I'!Z54+'Budget Summary I'!AB54 -> 0 | K52: ='Budget Summary I'!AC54+'Budget Summary I'!AE54 -> 0 | L52: ='Budget Summary I'!AD54+'Budget Summary I'!AF54 -> 0 | M52: ='Budget Summary I'!AG54 -> 0 | N52: ='Budget Summary I'!AH54 -> 0 | O52: ='Budget Summary I'!AI54+'Budget Summary I'!AK54 -> 0 | P52: ='Budget Summary I'!AJ54+'Budget Summary I'!AL54 -> 0 | Q52: ='Budget Summary I'!AM54 -> 0 | R52: ='Budget Summary I'!AN54 -> 0
B53: National Programme for Prevention & Control of Fluorosis (NPPCF) | C53: =E53+G53+I53+K53+M53+O53+Q53 -> 0 | D53: =F53+H53+J53+L53+N53+P53+R53 -> 0 | E53: ='Budget Summary I'!E55+'Budget Summary I'!G55+'Budget Summary I'!I55+'Budget Summary I'!K55+'Budget Summary I'!M55+'Budget Summary I'!O55+'Budget Summary I'!Q55+'Budget Summary I'!S55 -> 0 | F53: ='Budget Summary I'!F55+'Budget Summary I'!H55+'Budget Summary I'!J55+'Budget Summary I'!L55+'Budget Summary I'!N55+'Budget Summary I'!P55+'Budget Summary I'!R55+'Budget Summary I'!T55 -> 0 | G53: ='Budget Summary I'!U55+'Budget Summary I'!W55 -> 0 | H53: ='Budget Summary I'!V55+'Budget Summary I'!X55 -> 0 | I53: ='Budget Summary I'!Y55+'Budget Summary I'!AA55 -> 0 | J53: ='Budget Summary I'!Z55+'Budget Summary I'!AB55 -> 0 | K53: ='Budget Summary I'!AC55+'Budget Summary I'!AE55 -> 0 | L53: ='Budget Summary I'!AD55+'Budget Summary I'!AF55 -> 0 | M53: ='Budget Summary I'!AG55 -> 0 | N53: ='Budget Summary I'!AH55 -> 0 | O53: ='Budget Summary I'!AI55+'Budget Summary I'!AK55 -> 0 | P53: ='Budget Summary I'!AJ55+'Budget Summary I'!AL55 -> 0 | Q53: ='Budget Summary I'!AM55 -> 0 | R53: ='Budget Summary I'!AN55 -> 0
B54: National Programme for Prevention & Control of Deafness (NPPCD) | C54: =E54+G54+I54+K54+M54+O54+Q54 -> 0 | D54: =F54+H54+J54+L54+N54+P54+R54 -> 0 | E54: ='Budget Summary I'!E56+'Budget Summary I'!G56+'Budget Summary I'!I56+'Budget Summary I'!K56+'Budget Summary I'!M56+'Budget Summary I'!O56+'Budget Summary I'!Q56+'Budget Summary I'!S56 -> 0 | F54: ='Budget Summary I'!F56+'Budget Summary I'!H56+'Budget Summary I'!J56+'Budget Summary I'!L56+'Budget Summary I'!N56+'Budget Summary I'!P56+'Budget Summary I'!R56+'Budget Summary I'!T56 -> 0 | G54: ='Budget Summary I'!U56+'Budget Summary I'!W56 -> 0 | H54: ='Budget Summary I'!V56+'Budget Summary I'!X56 -> 0 | I54: ='Budget Summary I'!Y56+'Budget Summary I'!AA56 -> 0 | J54: ='Budget Summary I'!Z56+'Budget Summary I'!AB56 -> 0 | K54: ='Budget Summary I'!AC56+'Budget Summary I'!AE56 -> 0 | L54: ='Budget Summary I'!AD56+'Budget Summary I'!AF56 -> 0 | M54: ='Budget Summary I'!AG56 -> 0 | N54: ='Budget Summary I'!AH56 -> 0 | O54: ='Budget Summary I'!AI56+'Budget Summary I'!AK56 -> 0 | P54: ='Budget Summary I'!AJ56+'Budget Summary I'!AL56 -> 0 | Q54: ='Budget Summary I'!AM56 -> 0 | R54: ='Budget Summary I'!AN56 -> 0
B55: National programme for Prevention and Management of Burns & Injuries | C55: =E55+G55+I55+K55+M55+O55+Q55 -> 0 | D55: =F55+H55+J55+L55+N55+P55+R55 -> 0 | E55: ='Budget Summary I'!E57+'Budget Summary I'!G57+'Budget Summary I'!I57+'Budget Summary I'!K57+'Budget Summary I'!M57+'Budget Summary I'!O57+'Budget Summary I'!Q57+'Budget Summary I'!S57 -> 0 | F55: ='Budget Summary I'!F57+'Budget Summary I'!H57+'Budget Summary I'!J57+'Budget Summary I'!L57+'Budget Summary I'!N57+'Budget Summary I'!P57+'Budget Summary I'!R57+'Budget Summary I'!T57 -> 0 | G55: ='Budget Summary I'!U57+'Budget Summary I'!W57 -> 0 | H55: ='Budget Summary I'!V57+'Budget Summary I'!X57 -> 0 | I55: ='Budget Summary I'!Y57+'Budget Summary I'!AA57 -> 0 | J55: ='Budget Summary I'!Z57+'Budget Summary I'!AB57 -> 0 | K55: ='Budget Summary I'!AC57+'Budget Summary I'!AE57 -> 0 | L55: ='Budget Summary I'!AD57+'Budget Summary I'!AF57 -> 0 | M55: ='Budget Summary I'!AG57 -> 0 | N55: ='Budget Summary I'!AH57 -> 0 | O55: ='Budget Summary I'!AI57+'Budget Summary I'!AK57 -> 0 | P55: ='Budget Summary I'!AJ57+'Budget Summary I'!AL57 -> 0 | Q55: ='Budget Summary I'!AM57 -> 0 | R55: ='Budget Summary I'!AN57 -> 0
B56: NCD Pool (Excluding listed above) | C56: =E56+G56+I56+K56+M56+O56+Q56 -> 57 | D56: =F56+H56+J56+L56+N56+P56+R56 -> 0 | E56: ='Budget Summary I'!E58+'Budget Summary I'!G58+'Budget Summary I'!I58+'Budget Summary I'!K58+'Budget Summary I'!M58+'Budget Summary I'!O58+'Budget Summary I'!Q58+'Budget Summary I'!S58 -> 0 | F56: ='Budget Summary I'!F58+'Budget Summary I'!H58+'Budget Summary I'!J58+'Budget Summary I'!L58+'Budget Summary I'!N58+'Budget Summary I'!P58+'Budget Summary I'!R58+'Budget Summary I'!T58 -> 0 | G56: ='Budget Summary I'!U58+'Budget Summary I'!W58 -> 0 | H56: ='Budget Summary I'!V58+'Budget Summary I'!X58 -> 0 | I56: ='Budget Summary I'!Y58+'Budget Summary I'!AA58 -> 0 | J56: ='Budget Summary I'!Z58+'Budget Summary I'!AB58 -> 0 | K56: ='Budget Summary I'!AC58+'Budget Summary I'!AE58 -> 0 | L56: ='Budget Summary I'!AD58+'Budget Summary I'!AF58 -> 0 | M56: ='Budget Summary I'!AG58 -> 57 | N56: ='Budget Summary I'!AH58 -> 0 | O56: ='Budget Summary I'!AI58+'Budget Summary I'!AK58 -> 0 | P56: ='Budget Summary I'!AJ58+'Budget Summary I'!AL58 -> 0 | Q56: ='Budget Summary I'!AM58 -> 0 | R56: ='Budget Summary I'!AN58 -> 0
A57: NUHM Flexi Pool | B57: Non-Metro | C57: =E57+G57+I57+K57+M57+O57+Q57 -> 2306.912 | D57: =F57+H57+J57+L57+N57+P57+R57 -> 0 | E57: ='Budget Summary I'!E59+'Budget Summary I'!G59+'Budget Summary I'!I59+'Budget Summary I'!K59+'Budget Summary I'!M59+'Budget Summary I'!O59+'Budget Summary I'!Q59+'Budget Summary I'!S59 -> 134 | F57: ='Budget Summary I'!F59+'Budget Summary I'!H59+'Budget Summary I'!J59+'Budget Summary I'!L59+'Budget Summary I'!N59+'Budget Summary I'!P59+'Budget Summary I'!R59+'Budget Summary I'!T59 -> 0 | G57: ='Budget Summary I'!U59+'Budget Summary I'!W59 -> 0 | H57: ='Budget Summary I'!V59+'Budget Summary I'!X59 -> 0 | I57: ='Budget Summary I'!Y59+'Budget Summary I'!AA59 -> 0 | J57: ='Budget Summary I'!Z59+'Budget Summary I'!AB59 -> 0 | K57: ='Budget Summary I'!AC59+'Budget Summary I'!AE59 -> 1760.472 | L57: ='Budget Summary I'!AD59+'Budget Summary I'!AF59 -> 0 | M57: ='Budget Summary I'!AG59 -> 180.6 | N57: ='Budget Summary I'!AH59 -> 0 | O57: ='Budget Summary I'!AI59+'Budget Summary I'!AK59 -> 231.84 | P57: ='Budget Summary I'!AJ59+'Budget Summary I'!AL59 -> 0 | Q57: ='Budget Summary I'!AM59 -> 0 | R57: ='Budget Summary I'!AN59 -> 0
B58: Metro Cities | C58: =E58+G58+I58+K58+M58+O58+Q58 -> 1232.1406 | D58: =F58+H58+J58+L58+N58+P58+R58 -> 0 | E58: ='Budget Summary I'!E60+'Budget Summary I'!G60+'Budget Summary I'!I60+'Budget Summary I'!K60+'Budget Summary I'!M60+'Budget Summary I'!O60+'Budget Summary I'!Q60+'Budget Summary I'!S60 -> 0 | F58: ='Budget Summary I'!F60+'Budget Summary I'!H60+'Budget Summary I'!J60+'Budget Summary I'!L60+'Budget Summary I'!N60+'Budget Summary I'!P60+'Budget Summary I'!R60+'Budget Summary I'!T60 -> 0 | G58: ='Budget Summary I'!U60+'Budget Summary I'!W60 -> 0 | H58: ='Budget Summary I'!V60+'Budget Summary I'!X60 -> 0 | I58: ='Budget Summary I'!Y60+'Budget Summary I'!AA60 -> 0 | J58: ='Budget Summary I'!Z60+'Budget Summary I'!AB60 -> 0 | K58: ='Budget Summary I'!AC60+'Budget Summary I'!AE60 -> 1033.6366 | L58: ='Budget Summary I'!AD60+'Budget Summary I'!AF60 -> 0 | M58: ='Budget Summary I'!AG60 -> 27 | N58: ='Budget Summary I'!AH60 -> 0 | O58: ='Budget Summary I'!AI60+'Budget Summary I'!AK60 -> 171.504 | P58: ='Budget Summary I'!AJ60+'Budget Summary I'!AL60 -> 0 | Q58: ='Budget Summary I'!AM60 -> 0 | R58: ='Budget Summary I'!AN60 -> 0
B59: NUHM Comprehensive Primary Healthcare (NUHM-CPHC) | C59: =E59+G59+I59+K59+M59+O59+Q59 -> 0 | D59: =F59+H59+J59+L59+N59+P59+R59 -> 0 | E59: ='Budget Summary I'!E61+'Budget Summary I'!G61+'Budget Summary I'!I61+'Budget Summary I'!K61+'Budget Summary I'!M61+'Budget Summary I'!O61+'Budget Summary I'!Q61+'Budget Summary I'!S61 -> 0 | F59: ='Budget Summary I'!F61+'Budget Summary I'!H61+'Budget Summary I'!J61+'Budget Summary I'!L61+'Budget Summary I'!N61+'Budget Summary I'!P61+'Budget Summary I'!R61+'Budget Summary I'!T61 -> 0 | G59: ='Budget Summary I'!U61+'Budget Summary I'!W61 -> 0 | H59: ='Budget Summary I'!V61+'Budget Summary I'!X61 -> 0 | I59: ='Budget Summary I'!Y61+'Budget Summary I'!AA61 -> 0 | J59: ='Budget Summary I'!Z61+'Budget Summary I'!AB61 -> 0 | K59: ='Budget Summary I'!AC61+'Budget Summary I'!AE61 -> 0 | L59: ='Budget Summary I'!AD61+'Budget Summary I'!AF61 -> 0 | M59: ='Budget Summary I'!AG61 -> 0 | N59: ='Budget Summary I'!AH61 -> 0 | O59: ='Budget Summary I'!AI61+'Budget Summary I'!AK61 -> 0 | P59: ='Budget Summary I'!AJ61+'Budget Summary I'!AL61 -> 0 | Q59: ='Budget Summary I'!AM61 -> 0 | R59: ='Budget Summary I'!AN61 -> 0

Sheet Budget Summary I
A1: National Programmes (NRHM+NUHM)
A2: =HYPERLINK("#Index!B1", "Index Pg") -> Index Pg | B2: FMR | C2: Total | E2: Service Delivery | U2: Financing | Y2: Medicines and Equipment | AC2: Health workforce | AG2: Leadership/ Governance | AI2: Health Information Systems | AM2: Innovation
A3: =HYPERLINK("#'Budget Summary II'!A2:B2", "Budget Summary II") -> Budget Summary II | E3: FMR 1 | G3: FMR 2 | I3: FMR 3 | K3: FMR 5 | M3: FMR 7 | O3: FMR 11 | Q3: FMR 12 | S3: FMR 13 | U3: FMR 4 | W3: FMR 15 | Y3: FMR 6 | AA3: FMR 14 | AC3: FMR 8 | AE3: FMR 9 | AG3: FMR 16 | AI3: FMR 10 | AK3: FMR 17 | AM3: FMR 18
E4: Service Delivery - Facility Based | G4: Service Delivery - Community Based | I4: Community Interventions | K4: Infrastructure | M4: Referral Transport | O4: IEC/BCC | Q4: Printing | S4: Quality Assurance | U4: Untied Fund | W4: PPP | Y4: Procurement | AA4: Drug Warehousing and Logistics | AC4: Human Resources | AE4: Training | AG4: Programme Management | AI4: Reviews, Research, Surveys and Surveillance | AK4: IT Initiatives | AM4: Innovations (if any)
C5: Proposed | D5: Approved | E5: Proposed | F5: Approved | G5: Proposed | H5: Approved | I5: Proposed | J5: Approved | K5: Proposed | L5: Approved | M5: Proposed | N5: Approved | O5: Proposed | P5: Approved | Q5: Proposed | R5: Approved | S5: Proposed | T5: Approved | U5: Proposed | V5: Approved | W5: Proposed | X5: Approved | Y5: Proposed | Z5: Approved | AA5: Proposed | AB5: Approved | AC5: Proposed | AD5: Approved | AE5: Proposed | AF5: Approved | AG5: Proposed | AH5: Approved | AI5: Proposed | AJ5: Approved | AK5: Proposed | AL5: Approved | AM5: Proposed | AN5: Approved
A6: Total | B6: Total NHM | C6: =SUM(C8:C58) -> 8832.2148 | D6: =SUM(D8:D58) -> 0 | E6: =SUM(E8:E58) -> 0 | F6: =SUM(F8:F58) -> 0 | G6: =SUM(G8:G58) -> 360 | H6: =SUM(H8:H58) -> 0 | I6: =SUM(I8:I58) -> 0 | J6: =SUM(J8:J58) -> 0 | ... AN6: =SUM(AN8:AN58) -> 0
B7: Total NUHM | C7: =SUM(C59:C61) -> 3539.0526 | D7: =SUM(D59:D61) -> 0 | E7: =SUM(E59:E61) -> 42 | F7: =SUM(F59:F61) -> 0 | G7: =SUM(G59:G61) -> 84 | H7: =SUM(H59:H61) -> 0 | I7: =SUM(I59:I61) -> 0 | J7: =SUM(J59:J61) -> 0 | ... AN7: =SUM(AN59:AN61) -> 0
A8: RCH Flexible Pool (including RI, IPPI, NIDDCP) | B8: Maternal Health | C8: =E8+G8+I8+K8+M8+O8+Q8+S8+U8+W8+Y8+AA8+AC8+AE8+AG8+AI8+AK8+AM8 -> 2024.9999 | D8: =F8+H8+J8+L8+N8+P8+R8+T8+V8+X8+Z8+AB8+AD8+AF8+AH8+AJ8+AL8+AN8 -> 0 | E8: ='1.SD Facility Based Annex'!F4 -> 0 | F8: ='1.SD Facility Based Annex'!F3 -> 0 | G8: ='2.SD Community Based Annex'!F4 -> 0 | H8: ='2.SD Community Based Annex'!F3 -> 0 | I8: ='3.Community Intervention Annexn'!F4 -> 0 | J8: ='3.Community Intervention Annexn'!F3 -> 0 | K8: ='5.Infrastructure Annex'!F4 -> 0 | L8: ='5.Infrastructure Annex'!F3 -> 0 | M8: ='7.Referral Transport Annex'!F4 -> 0 | N8: ='7.Referral Transport Annex'!F3 -> 0 | O8: ='11.IEC-BCC Annex'!F4 -> 0 | P8: ='11.IEC-BCC Annex'!F3 -> 0 | Q8: ='12.Printing Annex'!F4 -> 0 | R8: ='12.Printing Annex'!F3 -> 0 | S8: ='13.Quality Assurance Annex'!F4 -> 0 | T8: ='13.Quality Assurance Annex'!F3 -> 0 | U8: ='4.Untied grants Annex'!F4 -> 0 | V8: ='4.Untied grants Annex'!F3 -> 0 | W8: ='15.PPP Annex'!F4 -> 0 | X8: ='15.PPP Annex'!F3 -> 0 | Y8: ='6.Procurement Annex'!F4 -> 2024.9999 | Z8: ='6.Procurement Annex'!F3 -> 0 | AA8: ='14.Drug warehouse &Logistic Anx'!F4 -> 0 | AB8: ='14.Drug warehouse &Logistic Anx'!F3 -> 0 | AC8: ='8.Human Resources (SD) Annex'!F4 -> 0 | AD8: ='8.Human Resources (SD) Annex'!F3 -> 0 | AE8: ='9.Training Annex'!F4 -> 0 | AF8: ='9.Training Annex'!F3 -> 0 | AG8: ='16.PM Annex'!F4 -> 0 | AH8: ='16.PM Annex'!F3 -> 0 | AI8: ='10.Review Research & Surveillen'!F4 -> 0 | AJ8: ='10.Review Research & Surveillen'!F3 -> 0 | AK8: ='17.IT Initiatives_SD'!F4 -> 0 | AL8: ='17.IT Initiatives_SD'!F3 -> 0 | AM8: ='18.Innovation'!F4 -> 0 | AN8: ='18.Innovation'!F3 -> 0
B9: Child Health | C9: =E9+G9+I9+K9+M9+O9+Q9+S9+U9+W9+Y9+AA9+AC9+AE9+AG9+AI9+AK9+AM9 -> 21.153 | D9: =F9+H9+J9+L9+N9+P9+R9+T9+V9+X9+Z9+AB9+AD9+AF9+AH9+AJ9+AL9+AN9 -> 0 | E9: ='1.SD Facility Based Annex'!G4 -> 0 | F9: ='1.SD Facility Based Annex'!G3 -> 0 | G9: ='2.SD Community Based Annex'!G4 -> 0 | H9: ='2.SD Community Based Annex'!G3 -> 0 | I9: ='3.Community Intervention Annexn'!G4 -> 0 | J9: ='3.Community Intervention Annexn'!G3 -> 0 | K9: ='5.Infrastructure Annex'!G4 -> 0 | L9: ='5.Infrastructure Annex'!G3 -> 0 | M9: ='7.Referral Transport Annex'!G4 -> 0 | N9: ='7.Referral Transport Annex'!G3 -> 0 | O9: ='11.IEC-BCC Annex'!G4 -> 0 | P9: ='11.IEC-BCC Annex'!G3 -> 0 | Q9: ='12.Printing Annex'!G4 -> 0 | R9: ='12.Printing Annex'!G3 -> 0 | S9: ='13.Quality Assurance Annex'!G4 -> 0 | T9: ='13.Quality Assurance Annex'!G3 -> 0 | U9: ='4.Untied grants Annex'!G4 -> 0 | V9: ='4.Untied grants Annex'!G3 -> 0 | W9: ='15.PPP Annex'!G4 -> 0 | X9: ='15.PPP Annex'!G3 -> 0 | Y9: ='6.Procurement Annex'!G4 -> 12 | Z9: ='6.Procurement Annex'!G3 -> 0 | AA9: ='14.Drug warehouse &Logistic Anx'!G4 -> 0 | AB9: ='14.Drug warehouse &Logistic Anx'!G3 -> 0 | AC9: ='8.Human Resources (SD) Annex'!G4 -> 0 | AD9: ='8.Human Resources (SD) Annex'!G3 -> 0 | AE9: ='9.Training Annex'!G4 -> 9.153 | AF9: ='9.Training Annex'!G3 -> 0 | AG9: ='16.PM Annex'!G4 -> 0 | AH9: ='16.PM Annex'!G3 -> 0 | AI9: ='10.Review Research & Surveillen'!G4 -> 0 | AJ9: ='10.Review Research & Surveillen'!G3 -> 0 | AK9: ='17.IT Initiatives_SD'!G4 -> 0 | AL9: ='17.IT Initiatives_SD'!G3 -> 0 | AM9: ='18.Innovation'!G4 -> 0 | AN9: ='18.Innovation'!G3 -> 0
B10: Family Planning | C10: =E10+G10+I10+K10+M10+O10+Q10+S10+U10+W10+Y10+AA10+AC10+AE10+AG10+AI10+AK10+AM10 -> 0 | D10: =F10+H10+J10+L10+N10+P10+R10+T10+V10+X10+Z10+AB10+AD10+AF10+AH10+AJ10+AL10+AN10 -> 0 | E10: ='1.SD Facility Based Annex'!H4 -> 0 | F10: ='1.SD Facility Based Annex'!H3 -> 0 | G10: ='2.SD Community Based Annex'!H4 -> 0 | H10: ='2.SD Community Based Annex'!H3 -> 0 | I10: ='3.Community Intervention Annexn'!H4 -> 0 | J10: ='3.Community Intervention Annexn'!H3 -> 0 | K10: ='5.Infrastructure Annex'!H4 -> 0 | L10: ='5.Infrastructure Annex'!H3 -> 0 | M10: ='7.Referral Transport Annex'!H4 -> 0 | N10: ='7.Referral Transport Annex'!H3 -> 0 | O10: ='11.IEC-BCC Annex'!H4 -> 0 | P10: ='11.IEC-BCC Annex'!H3 -> 0 | Q10: ='12.Printing Annex'!H4 -> 0 | R10: ='12.Printing Annex'!H3 -> 0 | S10: ='13.Quality Assurance Annex'!H4 -> 0 | T10: ='13.Quality Assurance Annex'!H3 -> 0 | U10: ='4.Untied grants Annex'!H4 -> 0 | V10: ='4.Untied grants Annex'!H3 -> 0 | W10: ='15.PPP Annex'!H4 -> 0 | X10: ='15.PPP Annex'!H3 -> 0 | Y10: ='6.Procurement Annex'!H4 -> 0 | Z10: ='6.Procurement Annex'!H3 -> 0 | AA10: ='14.Drug warehouse &Logistic Anx'!H4 -> 0 | AB10: ='14.Drug warehouse &Logistic Anx'!H3 -> 0 | AC10: ='8.Human Resources (SD) Annex'!H4 -> 0 | AD10: ='8.Human Resources (SD) Annex'!H3 -> 0 | AE10: ='9.Training Annex'!H4 -> 0 | AF10: ='9.Training Annex'!H3 -> 0 | AG10: ='16.PM Annex'!H4 -> 0 | AH10: ='16.PM Annex'!H3 -> 0 | AI10: ='10.Review Research & Surveillen'!H4 -> 0 | AJ10: ='10.Review Research & Surveillen'!H3 -> 0 | AK10: ='17.IT Initiatives_SD'!H4 -> 0 | AL10: ='17.IT Initiatives_SD'!H3 -> 0 | AM10: ='18.Innovation'!H4 -> 0 | AN10: ='18.Innovation'!H3 -> 0
B11: RKSK/ Adolescent health | C11: =E11+G11+I11+K11+M11+O11+Q11+S11+U11+W11+Y11+AA11+AC11+AE11+AG11+AI11+AK11+AM11 -> 0 | D11: =F11+H11+J11+L11+N11+P11+R11+T11+V11+X11+Z11+AB11+AD11+AF11+AH11+AJ11+AL11+AN11 -> 0 | E11: ='1.SD Facility Based Annex'!I4 -> 0 | F11: ='1.SD Facility Based Annex'!I3 -> 0 | G11: ='2.SD Community Based Annex'!I4 -> 0 | H11: ='2.SD Community Based Annex'!I3 -> 0 | I11: ='3.Community Intervention Annexn'!I4 -> 0 | J11: ='3.Community Intervention Annexn'!I3 -> 0 | K11: ='5.Infrastructure Annex'!I4 -> 0 | L11: ='5.Infrastructure Annex'!I3 -> 0 | M11: ='7.Referral Transport Annex'!I4 -> 0 | N11: ='7.Referral Transport Annex'!I3 -> 0 | O11: ='11.IEC-BCC Annex'!I4 -> 0 | P11: ='11.IEC-BCC Annex'!I3 -> 0 | Q11: ='12.Printing Annex'!I4 -> 0 | R11: ='12.Printing Annex'!I3 -> 0 | S11: ='13.Quality Assurance Annex'!I4 -> 0 | T11: ='13.Quality Assurance Annex'!I3 -> 0 | U11: ='4.Untied grants Annex'!I4 -> 0 | V11: ='4.Untied grants Annex'!I3 -> 0 | W11: ='15.PPP Annex'!I4 -> 0 | X11: ='15.PPP Annex'!I3 -> 0 | Y11: ='6.Procurement Annex'!I4 -> 0 | Z11: ='6.Procurement Annex'!I3 -> 0 | AA11: ='14.Drug warehouse &Logistic Anx'!I4 -> 0 | AB11: ='14.Drug warehouse &Logistic Anx'!I3 -> 0 | AC11: ='8.Human Resources (SD) Annex'!I4 -> 0 | AD11: ='8.Human Resources (SD) Annex'!I3 -> 0 | AE11: ='9.Training Annex'!I4 -> 0 | AF11: ='9.Training Annex'!I3 -> 0 | AG11: ='16.PM Annex'!I4 -> 0 | AH11: ='16.PM Annex'!I3 -> 0 | AI11: ='10.Review Research & Surveillen'!I4 -> 0 | AJ11: ='10.Review Research & Surveillen'!I3 -> 0 | AK11: ='17.IT Initiatives_SD'!I4 -> 0 | AL11: ='17.IT Initiatives_SD'!I3 -> 0 | AM11: ='18.Innovation'!I4 -> 0 | AN11: ='18.Innovation'!I3 -> 0
B12: RBSK | C12: =E12+G12+I12+K12+M12+O12+Q12+S12+U12+W12+Y12+AA12+AC12+AE12+AG12+AI12+AK12+AM12 -> 241.5 | D12: =F12+H12+J12+L12+N12+P12+R12+T12+V12+X12+Z12+AB12+AD12+AF12+AH12+AJ12+AL12+AN12 -> 0 | E12: ='1.SD Facility Based Annex'!J4 -> 0 | F12: ='1.SD Facility Based Annex'!J3 -> 0 | G12: ='2.SD Community Based Annex'!J4 -> 241.5 | H12: ='2.SD Community Based Annex'!J3 -> 0 | I12: ='3.Community Intervention Annexn'!J4 -> 0 | J12: ='3.Community Intervention Annexn'!J3 -> 0 | K12: ='5.Infrastructure Annex'!J4 -> 0 | L12: ='5.Infrastructure Annex'!J3 -> 0 | M12: ='7.Referral Transport Annex'!J4 -> 0 | N12: ='7.Referral Transport Annex'!J3 -> 0 | O12: ='11.IEC-BCC Annex'!J4 -> 0 | P12: ='11.IEC-BCC Annex'!J3 -> 0 | Q12: ='12.Printing Annex'!J4 -> 0 | R12: ='12.Printing Annex'!J3 -> 0 | S12: ='13.Quality Assurance Annex'!J4 -> 0 | T12: ='13.Quality Assurance Annex'!J3 -> 0 | U12: ='4.Untied grants Annex'!J4 -> 0 | V12: ='4.Untied grants Annex'!J3 -> 0 | W12: ='15.PPP Annex'!J4 -> 0 | X12: ='15.PPP Annex'!J3 -> 0 | Y12: ='6.Procurement Annex'!J4 -> 0 | Z12: ='6.Procurement Annex'!J3 -> 0 | AA12: ='14.Drug warehouse &Logistic Anx'!J4 -> 0 | AB12: ='14.Drug warehouse &Logistic Anx'!J3 -> 0 | AC12: ='8.Human Resources (SD) Annex'!J4 -> 0 | AD12: ='8.Human Resources (SD) Annex'!J3 -> 0 | AE12: ='9.Training Annex'!J4 -> 0 | AF12: ='9.Training Annex'!J3 -> 0 | AG12: ='16.PM Annex'!J4 -> 0 | AH12: ='16.PM Annex'!J3 -> 0 | AI12: ='10.Review Research & Surveillen'!J4 -> 0 | AJ12: ='10.Review Research & Surveillen'!J3 -> 0 | AK12: ='17.IT Initiatives_SD'!J4 -> 0 | AL12: ='17.IT Initiatives_SD'!J3 -> 0 | AM12: ='18.Innovation'!J4 -> 0 | AN12: ='18.Innovation'!J3 -> 0
B13: PC-PNDT | C13: =E13+G13+I13+K13+M13+O13+Q13+S13+U13+W13+Y13+AA13+AC13+AE13+AG13+AI13+AK13+AM13 -> 0 | D13: =F13+H13+J13+L13+N13+P13+R13+T13+V13+X13+Z13+AB13+AD13+AF13+AH13+AJ13+AL13+AN13 -> 0 | E13: ='1.SD Facility Based Annex'!K4 -> 0 | F13: ='1.SD Facility Based Annex'!K3 -> 0 | G13: ='2.SD Community Based Annex'!K4 -> 0 | H13: ='2.SD Community Based Annex'!K3 -> 0 | I13: ='3.Community Intervention Annexn'!K4 -> 0 | J13: ='3.Community Intervention Annexn'!K3 -> 0 | K13: ='5.Infrastructure Annex'!K4 -> 0 | L13: ='5.Infrastructure Annex'!K3 -> 0 | M13: ='7.Referral Transport Annex'!K4 -> 0 | N13: ='7.Referral Transport Annex'!K3 -> 0 | O13: ='11.IEC-BCC Annex'!K4 -> 0 | P13: ='11.IEC-BCC Annex'!K3 -> 0 | Q13: ='12.Printing Annex'!K4 -> 0 | R13: ='12.Printing Annex'!K3 -> 0 | S13: ='13.Quality Assurance Annex'!K4 -> 0 | T13: ='13.Quality Assurance Annex'!K3 -> 0 | U13: ='4.Untied grants Annex'!K4 -> 0 | V13: ='4.Untied grants Annex'!K3 -> 0 | W13: ='15.PPP Annex'!K4 -> 0 | X13: ='15.PPP Annex'!K3 -> 0 | Y13: ='6.Procurement Annex'!K4 -> 0 | Z13: ='6.Procurement Annex'!K3 -> 0 | AA13: ='14.Drug warehouse &Logistic Anx'!K4 -> 0 | AB13: ='14.Drug warehouse &Logistic Anx'!K3 -> 0 | AC13: ='8.Human Resources (SD) Annex'!K4 -> 0 | AD13: ='8.Human Resources (SD) Annex'!K3 -> 0 | AE13: ='9.Training Annex'!K4 -> 0 | AF13: ='9.Training Annex'!K3 -> 0 | AG13: ='16.PM Annex'!K4 -> 0 | AH13: ='16.PM Annex'!K3 -> 0 | AI13: ='10.Review Research & Surveillen'!K4 -> 0 | AJ13: ='10.Review Research & Surveillen'!K3 -> 0 | AK13: ='17.IT Initiatives_SD'!K4 -> 0 | AL13: ='17.IT Initiatives_SD'!K3 -> 0 | AM13: ='18.Innovation'!K4 -> 0 | AN13: ='18.Innovation'!K3 -> 0
B14: Immunization | C14: =E14+G14+I14+K14+M14+O14+Q14+S14+U14+W14+Y14+AA14+AC14+AE14+AG14+AI14+AK14+AM14 -> 0 | D14: =F14+H14+J14+L14+N14+P14+R14+T14+V14+X14+Z14+AB14+AD14+AF14+AH14+AJ14+AL14+AN14 -> 0 | E14: ='1.SD Facility Based Annex'!L4 -> 0 | F14: ='1.SD Facility Based Annex'!L3 -> 0 | G14: ='2.SD Community Based Annex'!L4 -> 0 | H14: ='2.SD Community Based Annex'!L3 -> 0 | I14: ='3.Community Intervention Annexn'!L4 -> 0 | J14: ='3.Community Intervention Annexn'!L3 -> 0 | K14: ='5.Infrastructure Annex'!L4 -> 0 | L14: ='5.Infrastructure Annex'!L3 -> 0 | M14: ='7.Referral Transport Annex'!L4 -> 0 | N14: ='7.Referral Transport Annex'!L3 -> 0 | O14: ='11.IEC-BCC Annex'!L4 -> 0 | P14: ='11.IEC-BCC Annex'!L3 -> 0 | Q14: ='12.Printing Annex'!L4 -> 0 | R14: ='12.Printing Annex'!L3 -> 0 | S14: ='13.Quality Assurance Annex'!L4 -> 0 | T14: ='13.Quality Assurance Annex'!L3 -> 0 | U14: ='4.Untied grants Annex'!L4 -> 0 | V14: ='4.Untied grants Annex'!L3 -> 0 | W14: ='15.PPP Annex'!L4 -> 0 | X14: ='15.PPP Annex'!L3 -> 0 | Y14: ='6.Procurement Annex'!L4 -> 0 | Z14: ='6.Procurement Annex'!L3 -> 0 | AA14: ='14.Drug warehouse &Logistic Anx'!L4 -> 0 | AB14: ='14.Drug warehouse &Logistic Anx'!L3 -> 0 | AC14: ='8.Human Resources (SD) Annex'!L4 -> 0 | AD14: ='8.Human Resources (SD) Annex'!L3 -> 0 | AE14: ='9.Training Annex'!L4 -> 0 | AF14: ='9.Training Annex'!L3 -> 0 | AG14: ='16.PM Annex'!L4 -> 0 | AH14: ='16.PM Annex'!L3 -> 0 | AI14: ='10.Review Research & Surveillen'!L4 -> 0 | AJ14: ='10.Review Research & Surveillen'!L3 -> 0 | AK14: ='17.IT Initiatives_SD'!L4 -> 0 | AL14: ='17.IT Initiatives_SD'!L3 -> 0 | AM14: ='18.Innovation'!L4 -> 0 | AN14: ='18.Innovation'!L3 -> 0
B15: RCH Others (Tribal and Vulnerable) | C15: =E15+G15+I15+K15+M15+O15+Q15+S15+U15+W15+Y15+AA15+AC15+AE15+AG15+AI15+AK15+AM15 -> 0 | D15: =F15+H15+J15+L15+N15+P15+R15+T15+V15+X15+Z15+AB15+AD15+AF15+AH15+AJ15+AL15+AN15 -> 0 | E15: ='1.SD Facility Based Annex'!M4 -> 0 | F15: ='1.SD Facility Based Annex'!M3 -> 0 | G15: ='2.SD Community Based Annex'!M4 -> 0 | H15: ='2.SD Community Based Annex'!M3 -> 0 | I15: ='3.Community Intervention Annexn'!M4 -> 0 | J15: ='3.Community Intervention Annexn'!M3 -> 0 | K15: ='5.Infrastructure Annex'!M4 -> 0 | L15: ='5.Infrastructure Annex'!M3 -> 0 | M15: ='7.Referral Transport Annex'!M4 -> 0 | N15: ='7.Referral Transport Annex'!M3 -> 0 | O15: ='11.IEC-BCC Annex'!M4 -> 0 | P15: ='11.IEC-BCC Annex'!M3 -> 0 | Q15: ='12.Printing Annex'!M4 -> 0 | R15: ='12.Printing Annex'!M3 -> 0 | S15: ='13.Quality Assurance Annex'!M4 -> 0 | T15: ='13.Quality Assurance Annex'!M3 -> 0 | U15: ='4.Untied grants Annex'!M4 -> 0 | V15: ='4.Untied grants Annex'!M3 -> 0 | W15: ='15.PPP Annex'!M4 -> 0 | X15: ='15.PPP Annex'!M3 -> 0 | Y15: ='6.Procurement Annex'!M4 -> 0 | Z15: ='6.Procurement Annex'!M3 -> 0 | AA15: ='14.Drug warehouse &Logistic Anx'!M4 -> 0 | AB15: ='14.Drug warehouse &Logistic Anx'!M3 -> 0 | AC15: ='8.Human Resources (SD) Annex'!M4 -> 0 | AD15: ='8.Human Resources (SD) Annex'!M3 -> 0 | AE15: ='9.Training Annex'!M4 -> 0 | AF15: ='9.Training Annex'!M3 -> 0 | AG15: ='16.PM Annex'!M4 -> 0 | AH15: ='16.PM Annex'!M3 -> 0 | AI15: ='10.Review Research & Surveillen'!M4 -> 0 | AJ15: ='10.Review Research & Surveillen'!M3 -> 0 | AK15: ='17.IT Initiatives_SD'!M4 -> 0 | AL15: ='17.IT Initiatives_SD'!M3 -> 0 | AM15: ='18.Innovation'!M4 -> 0 | AN15: ='18.Innovation'!M3 -> 0
B16: RCH Pool (Excluding listed above) | C16: =E16+G16+I16+K16+M16+O16+Q16+S16+U16+W16+Y16+AA16+AC16+AE16+AG16+AI16+AK16+AM16 -> 0 | D16: =F16+H16+J16+L16+N16+P16+R16+T16+V16+X16+Z16+AB16+AD16+AF16+AH16+AJ16+AL16+AN16 -> 0 | W16: ='15.PPP Annex'!BB4 -> 0 | X16: ='15.PPP Annex'!BB3 -> 0 | AG16: ='16.PM Annex'!BB4 -> 0 | AH16: ='16.PM Annex'!BB3 -> 0 | AM16: ='18.Innovation'!BB4 -> 0 | AN16: ='18.Innovation'!BB3 -> 0
B17: National Iodine Deficiency Disorders Control Programme (NIDDCP) | C17: =E17+G17+I17+K17+M17+O17+Q17+S17+U17+W17+Y17+AA17+AC17+AE17+AG17+AI17+AK17+AM17 -> 0 | D17: =F17+H17+J17+L17+N17+P17+R17+T17+V17+X17+Z17+AB17+AD17+AF17+AH17+AJ17+AL17+AN17 -> 0 | E17: ='1.SD Facility Based Annex'!N4 -> 0 | F17: ='1.SD Facility Based Annex'!N3 -> 0 | G17: ='2.SD Community Based Annex'!N4 -> 0 | H17: ='2.SD Community Based Annex'!N3 -> 0 | I17: ='3.Community Intervention Annexn'!N4 -> 0 | J17: ='3.Community Intervention Annexn'!N3 -> 0 | K17: ='5.Infrastructure Annex'!N4 -> 0 | L17: ='5.Infrastructure Annex'!N3 -> 0 | M17: ='7.Referral Transport Annex'!N4 -> 0 | N17: ='7.Referral Transport Annex'!N3 -> 0 | O17: ='11.IEC-BCC Annex'!N4 -> 0 | P17: ='11.IEC-BCC Annex'!N3 -> 0 | Q17: ='12.Printing Annex'!N4 -> 0 | R17: ='12.Printing Annex'!N3 -> 0 | S17: ='13.Quality Assurance Annex'!N4 -> 0 | T17: ='13.Quality Assurance Annex'!N3 -> 0 | U17: ='4.Untied grants Annex'!N4 -> 0 | V17: ='4.Untied grants Annex'!N3 -> 0 | W17: ='15.PPP Annex'!N4 -> 0 | X17: ='15.PPP Annex'!N3 -> 0 | Y17: ='6.Procurement Annex'!N4 -> 0 | Z17: ='6.Procurement Annex'!N3 -> 0 | AA17: ='14.Drug warehouse &Logistic Anx'!N4 -> 0 | AB17: ='14.Drug warehouse &Logistic Anx'!N3 -> 0 | AC17: ='8.Human Resources (SD) Annex'!N4 -> 0 | AD17: ='8.Human Resources (SD) Annex'!N3 -> 0 | AE17: ='9.Training Annex'!N4 -> 0 | AF17: ='9.Training Annex'!N3 -> 0 | AG17: ='16.PM Annex'!N4 -> 0 | AH17: ='16.PM Annex'!N3 -> 0 | AI17: ='10.Review Research & Surveillen'!N4 -> 0 | AJ17: ='10.Review Research & Surveillen'!N3 -> 0 | AK17: ='17.IT Initiatives_SD'!N4 -> 0 | AL17: ='17.IT Initiatives_SD'!N3 -> 0 | AM17: ='18.Innovation'!N4 -> 0 | AN17: ='18.Innovation'!N3 -> 0
A18: HSS Flexi Pool | B18: Comprehensive Primary Healthcare (CPHC) | C18: =E18+G18+I18+K18+M18+O18+Q18+S18+U18+W18+Y18+AA18+AC18+AE18+AG18+AI18+AK18+AM18 -> 300 | D18: =F18+H18+J18+L18+N18+P18+R18+T18+V18+X18+Z18+AB18+AD18+AF18+AH18+AJ18+AL18+AN18 -> 0 | E18: ='1.SD Facility Based Annex'!O4 -> 0 | F18: ='1.SD Facility Based Annex'!O3 -> 0 | G18: ='2.SD Community Based Annex'!O4 -> 0 | H18: ='2.SD Community Based Annex'!O3 -> 0 | I18: ='3.Community Intervention Annexn'!O4 -> 0 | J18: ='3.Community Intervention Annexn'!O3 -> 0 | K18: ='5.Infrastructure Annex'!O4 -> 0 | L18: ='5.Infrastructure Annex'!O3 -> 0 | M18: ='7.Referral Transport Annex'!O4 -> 0 | N18: ='7.Referral Transport Annex'!O3 -> 0 | O18: ='11.IEC-BCC Annex'!O4 -> 0 | P18: ='11.IEC-BCC Annex'!O3 -> 0 | Q18: ='12.Printing Annex'!O4 -> 0 | R18: ='12.Printing Annex'!O3 -> 0 | S18: ='13.Quality Assurance Annex'!O4 -> 0 | T18: ='13.Quality Assurance Annex'!O3 -> 0 | U18: ='4.Untied grants Annex'!O4 -> 0 | V18: ='4.Untied grants Annex'!O3 -> 0 | W18: ='15.PPP Annex'!O4 -> 0 | X18: ='15.PPP Annex'!O3 -> 0 | Y18: ='6.Procurement Annex'!O4 -> 0 | Z18: ='6.Procurement Annex'!O3 -> 0 | AA18: ='14.Drug warehouse &Logistic Anx'!O4 -> 0 | AB18: ='14.Drug warehouse &Logistic Anx'!O3 -> 0 | AC18: ='8.Human Resources (SD) Annex'!O4 -> 300 | AD18: ='8.Human Resources (SD) Annex'!O3 -> 0 | AE18: ='9.Training Annex'!O4 -> 0 | AF18: ='9.Training Annex'!O3 -> 0 | AG18: ='16.PM Annex'!O4 -> 0 | AH18: ='16.PM Annex'!O3 -> 0 | AI18: ='10.Review Research & Surveillen'!O4 -> 0 | AJ18: ='10.Review Research & Surveillen'!O3 -> 0 | AK18: ='17.IT Initiatives_SD'!O4 -> 0 | AL18: ='17.IT Initiatives_SD'!O3 -> 0 | AM18: ='18.Innovation'!O4 -> 0 | AN18: ='18.Innovation'!O3 -> 0
B19: ASHA | C19: =E19+G19+I19+K19+M19+O19+Q19+S19+U19+W19+Y19+AA19+AC19+AE19+AG19+AI19+AK19+AM19 -> 0 | D19: =F19+H19+J19+L19+N19+P19+R19+T19+V19+X19+Z19+AB19+AD19+AF19+AH19+AJ19+AL19+AN19 -> 0 | E19: ='1.SD Facility Based Annex'!P4 -> 0 | F19: ='1.SD Facility Based Annex'!P3 -> 0 | G19: ='2.SD Community Based Annex'!P4 -> 0 | H19: ='2.SD Community Based Annex'!P3 -> 0 | I19: ='3.Community Intervention Annexn'!P4 -> 0 | J19: ='3.Community Intervention Annexn'!P3 -> 0 | K19: ='5.Infrastructure Annex'!P4 -> 0 | L19: ='5.Infrastructure Annex'!P3 -> 0 | M19: ='7.Referral Transport Annex'!P4 -> 0 | N19: ='7.Referral Transport Annex'!P3 -> 0 | O19: ='11.IEC-BCC Annex'!P4 -> 0 | P19: ='11.IEC-BCC Annex'!P3 -> 0 | Q19: ='12.Printing Annex'!P4 -> 0 | R19: ='12.Printing Annex'!P3 -> 0 | S19: ='13.Quality Assurance Annex'!P4 -> 0 | T19: ='13.Quality Assurance Annex'!P3 -> 0 | U19: ='4.Untied grants Annex'!P4 -> 0 | V19: ='4.Untied grants Annex'!P3 -> 0 | W19: ='15.PPP Annex'!P4 -> 0 | X19: ='15.PPP Annex'!P3 -> 0 | Y19: ='6.Procurement Annex'!P4 -> 0 | Z19: ='6.Procurement Annex'!P3 -> 0 | AA19: ='14.Drug warehouse &Logistic Anx'!P4 -> 0 | AB19: ='14.Drug warehouse &Logistic Anx'!P3 -> 0 | AC19: ='8.Human Resources (SD) Annex'!P4 -> 0 | AD19: ='8.Human Resources (SD) Annex'!P3 -> 0 | AE19: ='9.Training Annex'!P4 -> 0 | AF19: ='9.Training Annex'!P3 -> 0 | AG19: ='16.PM Annex'!P4 -> 0 | AH19: ='16.PM Annex'!P3 -> 0 | AI19: ='10.Review Research & Surveillen'!P4 -> 0 | AJ19: ='10.Review Research & Surveillen'!P3 -> 0 | AK19: ='17.IT Initiatives_SD'!P4 -> 0 | AL19: ='17.IT Initiatives_SD'!P3 -> 0 | AM19: ='18.Innovation'!P4 -> 0 | AN19: ='18.Innovation'!P3 -> 0
B20: Infrastructure | C20: =E20+G20+I20+K20+M20+O20+Q20+S20+U20+W20+Y20+AA20+AC20+AE20+AG20+AI20+AK20+AM20 -> 0 | D20: =F20+H20+J20+L20+N20+P20+R20+T20+V20+X20+Z20+AB20+AD20+AF20+AH20+AJ20+AL20+AN20 -> 0 | E20: ='1.SD Facility Based Annex'!Q4 -> 0 | F20: ='1.SD Facility Based Annex'!Q3 -> 0 | G20: ='2.SD Community Based Annex'!Q4 -> 0 | H20: ='2.SD Community Based Annex'!Q3 -> 0 | I20: ='3.Community Intervention Annexn'!Q4 -> 0 | J20: ='3.Community Intervention Annexn'!Q3 -> 0 | K20: ='5.Infrastructure Annex'!Q4 -> 0 | L20: ='5.Infrastructure Annex'!Q3 -> 0 | M20: ='7.Referral Transport Annex'!Q4 -> 0 | N20: ='7.Referral Transport Annex'!Q3 -> 0 | O20: ='11.IEC-BCC Annex'!Q4 -> 0 | P20: ='11.IEC-BCC Annex'!Q3 -> 0 | Q20: ='12.Printing Annex'!Q4 -> 0 | R20: ='12.Printing Annex'!Q3 -> 0 | S20: ='13.Quality Assurance Annex'!Q4 -> 0 | T20: ='13.Quality Assurance Annex'!Q3 -> 0 | U20: ='4.Untied grants Annex'!Q4 -> 0 | V20: ='4.Untied grants Annex'!Q3 -> 0 | W20: ='15.PPP Annex'!Q4 -> 0 | X20: ='15.PPP Annex'!Q3 -> 0 | Y20: ='6.Procurement Annex'!Q4 -> 0 | Z20: ='6.Procurement Annex'!Q3 -> 0 | AA20: ='14.Drug warehouse &Logistic Anx'!Q4 -> 0 | AB20: ='14.Drug warehouse &Logistic Anx'!Q3 -> 0 | AC20: ='8.Human Resources (SD) Annex'!Q4 -> 0 | AD20: ='8.Human Resources (SD) Annex'!Q3 -> 0 | AE20: ='9.Training Annex'!Q4 -> 0 | AF20: ='9.Training Annex'!Q3 -> 0 | AG20: ='16.PM Annex'!Q4 -> 0 | AH20: ='16.PM Annex'!Q3 -> 0 | AI20: ='10.Review Research & Surveillen'!Q4 -> 0 | AJ20: ='10.Review Research & Surveillen'!Q3 -> 0 | AK20: ='17.IT Initiatives_SD'!Q4 -> 0 | AL20: ='17.IT Initiatives_SD'!Q3 -> 0 | AM20: ='18.Innovation'!Q4 -> 0 | AN20: ='18.Innovation'!Q3 -> 0
B21: Referral Transport including NAS | C21: =E21+G21+I21+K21+M21+O21+Q21+S21+U21+W21+Y21+AA21+AC21+AE21+AG21+AI21+AK21+AM21 -> 0 | D21: =F21+H21+J21+L21+N21+P21+R21+T21+V21+X21+Z21+AB21+AD21+AF21+AH21+AJ21+AL21+AN21 -> 0 | E21: ='1.SD Facility Based Annex'!R4 -> 0 | F21: ='1.SD Facility Based Annex'!R3 -> 0 | G21: ='2.SD Community Based Annex'!R4 -> 0 | H21: ='2.SD Community Based Annex'!R3 -> 0 | I21: ='3.Community Intervention Annexn'!R4 -> 0 | J21: ='3.Community Intervention Annexn'!R3 -> 0 | K21: ='5.Infrastructure Annex'!R4 -> 0 | L21: ='5.Infrastructure Annex'!R3 -> 0 | M21: ='7.Referral Transport Annex'!R4 -> 0 | N21: ='7.Referral Transport Annex'!R3 -> 0 | O21: ='11.IEC-BCC Annex'!R4 -> 0 | P21: ='11.IEC-BCC Annex'!R3 -> 0 | Q21: ='12.Printing Annex'!R4 -> 0 | R21: ='12.Printing Annex'!R3 -> 0 | S21: ='13.Quality Assurance Annex'!R4 -> 0 | T21: ='13.Quality Assurance Annex'!R3 -> 0 | U21: ='4.Untied grants Annex'!R4 -> 0 | V21: ='4.Untied grants Annex'!R3 -> 0 | W21: ='15.PPP Annex'!R4 -> 0 | X21: ='15.PPP Annex'!R3 -> 0 | Y21: ='6.Procurement Annex'!R4 -> 0 | Z21: ='6.Procurement Annex'!R3 -> 0 | AA21: ='14.Drug warehouse &Logistic Anx'!R4 -> 0 | AB21: ='14.Drug warehouse &Logistic Anx'!R3 -> 0 | AC21: ='8.Human Resources (SD) Annex'!R4 -> 0 | AD21: ='8.Human Resources (SD) Annex'!R3 -> 0 | AE21: ='9.Training Annex'!R4 -> 0 | AF21: ='9.Training Annex'!R3 -> 0 | AG21: ='16.PM Annex'!R4 -> 0 | AH21: ='16.PM Annex'!R3 -> 0 | AI21: ='10.Review Research & Surveillen'!R4 -> 0 | AJ21: ='10.Review Research & Surveillen'!R3 -> 0 | AK21: ='17.IT Initiatives_SD'!R4 -> 0 | AL21: ='17.IT Initiatives_SD'!R3 -> 0 | AM21: ='18.Innovation'!R4 -> 0 | AN21: ='18.Innovation'!R3 -> 0
B22: National MMU | C22: =E22+G22+I22+K22+M22+O22+Q22+S22+U22+W22+Y22+AA22+AC22+AE22+AG22+AI22+AK22+AM22 -> 118.5 | D22: =F22+H22+J22+L22+N22+P22+R22+T22+V22+X22+Z22+AB22+AD22+AF22+AH22+AJ22+AL22+AN22 -> 0 | E22: ='1.SD Facility Based Annex'!S4 -> 0 | F22: ='1.SD Facility Based Annex'!S3 -> 0 | G22: ='2.SD Community Based Annex'!S4 -> 118.5 | H22: ='2.SD Community Based Annex'!S3 -> 0 | I22: ='3.Community Intervention Annexn'!S4 -> 0 | J22: ='3.Community Intervention Annexn'!S3 -> 0 | K22: ='5.Infrastructure Annex'!S4 -> 0 | L22: ='5.Infrastructure Annex'!S3 -> 0 | M22: ='7.Referral Transport Annex'!S4 -> 0 | N22: ='7.Referral Transport Annex'!S3 -> 0 | O22: ='11.IEC-BCC Annex'!S4 -> 0 | P22: ='11.IEC-BCC Annex'!S3 -> 0 | Q22: ='12.Printing Annex'!S4 -> 0 | R22: ='12.Printing Annex'!S3 -> 0 | S22: ='13.Quality Assurance Annex'!S4 -> 0 | T22: ='13.Quality Assurance Annex'!S3 -> 0 | U22: ='4.Untied grants Annex'!S4 -> 0 | V22: ='4.Untied grants Annex'!S3 -> 0 | W22: ='15.PPP Annex'!S4 -> 0 | X22: ='15.PPP Annex'!S3 -> 0 | Y22: ='6.Procurement Annex'!S4 -> 0 | Z22: ='6.Procurement Annex'!S3 -> 0 | AA22: ='14.Drug warehouse &Logistic Anx'!S4 -> 0 | AB22: ='14.Drug warehouse &Logistic Anx'!S3 -> 0 | AC22: ='8.Human Resources (SD) Annex'!S4 -> 0 | AD22: ='8.Human Resources (SD) Annex'!S3 -> 0 | AE22: ='9.Training Annex'!S4 -> 0 | AF22: ='9.Training Annex'!S3 -> 0 | AG22: ='16.PM Annex'!S4 -> 0 | AH22: ='16.PM Annex'!S3 -> 0 | AI22: ='10.Review Research & Surveillen'!S4 -> 0 | AJ22: ='10.Review Research & Surveillen'!S3 -> 0 | AK22: ='17.IT Initiatives_SD'!S4 -> 0 | AL22: ='17.IT Initiatives_SD'!S3 -> 0 | AM22: ='18.Innovation'!S4 -> 0 | AN22: ='18.Innovation'!S3 -> 0
B23: Community Action | C23: =E23+G23+I23+K23+M23+O23+Q23+S23+U23+W23+Y23+AA23+AC23+AE23+AG23+AI23+AK23+AM23 -> 0 | D23: =F23+H23+J23+L23+N23+P23+R23+T23+V23+X23+Z23+AB23+AD23+AF23+AH23+AJ23+AL23+AN23 -> 0 | E23: ='1.SD Facility Based Annex'!T4 -> 0 | F23: ='1.SD Facility Based Annex'!T3 -> 0 | G23: ='2.SD Community Based Annex'!T4 -> 0 | H23: ='2.SD Community Based Annex'!T3 -> 0 | I23: ='3.Community Intervention Annexn'!T4 -> 0 | J23: ='3.Community Intervention Annexn'!T3 -> 0 | K23: ='5.Infrastructure Annex'!T4 -> 0 | L23: ='5.Infrastructure Annex'!T3 -> 0 | M23: ='7.Referral Transport Annex'!T4 -> 0 | N23: ='7.Referral Transport Annex'!T3 -> 0 | O23: ='11.IEC-BCC Annex'!T4 -> 0 | P23: ='11.IEC-BCC Annex'!T3 -> 0 | Q23: ='12.Printing Annex'!T4 -> 0 | R23: ='12.Printing Annex'!T3 -> 0 | S23: ='13.Quality Assurance Annex'!T4 -> 0 | T23: ='13.Quality Assurance Annex'!T3 -> 0 | U23: ='4.Untied grants Annex'!T4 -> 0 | V23: ='4.Untied grants Annex'!T3 -> 0 | W23: ='15.PPP Annex'!T4 -> 0 | X23: ='15.PPP Annex'!T3 -> 0 | Y23: ='6.Procurement Annex'!T4 -> 0 | Z23: ='6.Procurement Annex'!T3 -> 0 | AA23: ='14.Drug warehouse &Logistic Anx'!T4 -> 0 | AB23: ='14.Drug warehouse &Logistic Anx'!T3 -> 0 | AC23: ='8.Human Resources (SD) Annex'!T4 -> 0 | AD23: ='8.Human Resources (SD) Annex'!T3 -> 0 | AE23: ='9.Training Annex'!T4 -> 0 | AF23: ='9.Training Annex'!T3 -> 0 | AG23: ='16.PM Annex'!T4 -> 0 | AH23: ='16.PM Annex'!T3 -> 0 | AI23: ='10.Review Research & Surveillen'!T4 -> 0 | AJ23: ='10.Review Research & Surveillen'!T3 -> 0 | AK23: ='17.IT Initiatives_SD'!T4 -> 0 | AL23: ='17.IT Initiatives_SD'!T3 -> 0 | AM23: ='18.Innovation'!T4 -> 0 | AN23: ='18.Innovation'!T3 -> 0
B24: Quality Assurance | C24: =E24+G24+I24+K24+M24+O24+Q24+S24+U24+W24+Y24+AA24+AC24+AE24+AG24+AI24+AK24+AM24 -> 1719.7234 | D24: =F24+H24+J24+L24+N24+P24+R24+T24+V24+X24+Z24+AB24+AD24+AF24+AH24+AJ24+AL24+AN24 -> 0 | E24: ='1.SD Facility Based Annex'!U4 -> 0 | F24: ='1.SD Facility Based Annex'!U3 -> 0 | G24: ='2.SD Community Based Annex'!U4 -> 0 | H24: ='2.SD Community Based Annex'!U3 -> 0 | I24: ='3.Community Intervention Annexn'!U4 -> 0 | J24: ='3.Community Intervention Annexn'!U3 -> 0 | K24: ='5.Infrastructure Annex'!U4 -> 0 | L24: ='5.Infrastructure Annex'!U3 -> 0 | M24: ='7.Referral Transport Annex'!U4 -> 0 | N24: ='7.Referral Transport Annex'!U3 -> 0 | O24: ='11.IEC-BCC Annex'!U4 -> 0 | P24: ='11.IEC-BCC Annex'!U3 -> 0 | Q24: ='12.Printing Annex'!U4 -> 0 | R24: ='12.Printing Annex'!U3 -> 0 | S24: ='13.Quality Assurance Annex'!U4 -> 1719.7234 | T24: ='13.Quality Assurance Annex'!U3 -> 0 | U24: ='4.Untied grants Annex'!U4 -> 0 | V24: ='4.Untied grants Annex'!U3 -> 0 | W24: ='15.PPP Annex'!U4 -> 0 | X24: ='15.PPP Annex'!U3 -> 0 | Y24: ='6.Procurement Annex'!U4 -> 0 | Z24: ='6.Procurement Annex'!U3 -> 0 | AA24: ='14.Drug warehouse &Logistic Anx'!U4 -> 0 | AB24: ='14.Drug warehouse &Logistic Anx'!U3 -> 0 | AC24: ='8.Human Resources (SD) Annex'!U4 -> 0 | AD24: ='8.Human Resources (SD) Annex'!U3 -> 0 | AE24: ='9.Training Annex'!U4 -> 0 | AF24: ='9.Training Annex'!U3 -> 0 | AG24: ='16.PM Annex'!U4 -> 0 | AH24: ='16.PM Annex'!U3 -> 0 | AI24: ='10.Review Research & Surveillen'!U4 -> 0 | AJ24: ='10.Review Research & Surveillen'!U3 -> 0 | AK24: ='17.IT Initiatives_SD'!U4 -> 0 | AL24: ='17.IT Initiatives_SD'!U3 -> 0 | AM24: ='18.Innovation'!U4 -> 0 | AN24: ='18.Innovation'!U3 -> 0
B25: IEC | C25: =E25+G25+I25+K25+M25+O25+Q25+S25+U25+W25+Y25+AA25+AC25+AE25+AG25+AI25+AK25+AM25 -> 0 | D25: =F25+H25+J25+L25+N25+P25+R25+T25+V25+X25+Z25+AB25+AD25+AF25+AH25+AJ25+AL25+AN25 -> 0 | E25: ='1.SD Facility Based Annex'!V4 -> 0 | F25: ='1.SD Facility Based Annex'!V3 -> 0 | G25: ='2.SD Community Based Annex'!V4 -> 0 | H25: ='2.SD Community Based Annex'!V3 -> 0 | I25: ='3.Community Intervention Annexn'!V4 -> 0 | J25: ='3.Community Intervention Annexn'!V3 -> 0 | K25: ='5.Infrastructure Annex'!V4 -> 0 | L25: ='5.Infrastructure Annex'!V3 -> 0 | M25: ='7.Referral Transport Annex'!V4 -> 0 | N25: ='7.Referral Transport Annex'!V3 -> 0 | O25: ='11.IEC-BCC Annex'!V4 -> 0 | P25: ='11.IEC-BCC Annex'!V3 -> 0 | Q25: ='12.Printing Annex'!V4 -> 0 | R25: ='12.Printing Annex'!V3 -> 0 | S25: ='13.Quality Assurance Annex'!V4 -> 0 | T25: ='13.Quality Assurance Annex'!V3 -> 0 | U25: ='4.Untied grants Annex'!V4 -> 0 | V25: ='4.Untied grants Annex'!V3 -> 0 | W25: ='15.PPP Annex'!V4 -> 0 | X25: ='15.PPP Annex'!V3 -> 0 | Y25: ='6.Procurement Annex'!V4 -> 0 | Z25: ='6.Procurement Annex'!V3 -> 0 | AA25: ='14.Drug warehouse &Logistic Anx'!V4 -> 0 | AB25: ='14.Drug warehouse &Logistic Anx'!V3 -> 0 | AC25: ='8.Human Resources (SD) Annex'!V4 -> 0 | AD25: ='8.Human Resources (SD) Annex'!V3 -> 0 | AE25: ='9.Training Annex'!V4 -> 0 | AF25: ='9.Training Annex'!V3 -> 0 | AG25: ='16.PM Annex'!V4 -> 0 | AH25: ='16.PM Annex'!V3 -> 0 | AI25: ='10.Review Research & Surveillen'!V4 -> 0 | AJ25: ='10.Review Research & Surveillen'!V3 -> 0 | AK25: ='17.IT Initiatives_SD'!V4 -> 0 | AL25: ='17.IT Initiatives_SD'!V3 -> 0 | AM25: ='18.Innovation'!V4 -> 0 | AN25: ='18.Innovation'!V3 -> 0
B26: Untied Fund | C26: =E26+G26+I26+K26+M26+O26+Q26+S26+U26+W26+Y26+AA26+AC26+AE26+AG26+AI26+AK26+AM26 -> 0 | D26: =F26+H26+J26+L26+N26+P26+R26+T26+V26+X26+Z26+AB26+AD26+AF26+AH26+AJ26+AL26+AN26 -> 0 | E26: ='1.SD Facility Based Annex'!W4 -> 0 | F26: ='1.SD Facility Based Annex'!W3 -> 0 | G26: ='2.SD Community Based Annex'!W4 -> 0 | H26: ='2.SD Community Based Annex'!W3 -> 0 | I26: ='3.Community Intervention Annexn'!W4 -> 0 | J26: ='3.Community Intervention Annexn'!W3 -> 0 | K26: ='5.Infrastructure Annex'!W4 -> 0 | L26: ='5.Infrastructure Annex'!W3 -> 0 | M26: ='7.Referral Transport Annex'!W4 -> 0 | N26: ='7.Referral Transport Annex'!W3 -> 0 | O26: ='11.IEC-BCC Annex'!W4 -> 0 | P26: ='11.IEC-BCC Annex'!W3 -> 0 | Q26: ='12.Printing Annex'!W4 -> 0 | R26: ='12.Printing Annex'!W3 -> 0 | S26: ='13.Quality Assurance Annex'!W4 -> 0 | T26: ='13.Quality Assurance Annex'!W3 -> 0 | U26: ='4.Untied grants Annex'!W4 -> 0 | V26: ='4.Untied grants Annex'!W3 -> 0 | W26: ='15.PPP Annex'!W4 -> 0 | X26: ='15.PPP Annex'!W3 -> 0 | Y26: ='6.Procurement Annex'!W4 -> 0 | Z26: ='6.Procurement Annex'!W3 -> 0 | AA26: ='14.Drug warehouse &Logistic Anx'!W4 -> 0 | AB26: ='14.Drug warehouse &Logistic Anx'!W3 -> 0 | AC26: ='8.Human Resources (SD) Annex'!W4 -> 0 | AD26: ='8.Human Resources (SD) Annex'!W3 -> 0 | AE26: ='9.Training Annex'!W4 -> 0 | AF26: ='9.Training Annex'!W3 -> 0 | AG26: ='16.PM Annex'!W4 -> 0 | AH26: ='16.PM Annex'!W3 -> 0 | AI26: ='10.Review Research & Surveillen'!W4 -> 0 | AJ26: ='10.Review Research & Surveillen'!W3 -> 0 | AK26: ='17.IT Initiatives_SD'!W4 -> 0 | AL26: ='17.IT Initiatives_SD'!W3 -> 0 | AM26: ='18.Innovation'!W4 -> 0 | AN26: ='18.Innovation'!W3 -> 0
B27: PPP | C27: =E27+G27+I27+K27+M27+O27+Q27+S27+U27+W27+Y27+AA27+AC27+AE27+AG27+AI27+AK27+AM27 -> 0 | D27: =F27+H27+J27+L27+N27+P27+R27+T27+V27+X27+Z27+AB27+AD27+AF27+AH27+AJ27+AL27+AN27 -> 0 | E27: ='1.SD Facility Based Annex'!X4 -> 0 | F27: ='1.SD Facility Based Annex'!X3 -> 0 | G27: ='2.SD Community Based Annex'!X4 -> 0 | H27: ='2.SD Community Based Annex'!X3 -> 0 | I27: ='3.Community Intervention Annexn'!X4 -> 0 | J27: ='3.Community Intervention Annexn'!X3 -> 0 | K27: ='5.Infrastructure Annex'!X4 -> 0 | L27: ='5.Infrastructure Annex'!X3 -> 0 | M27: ='7.Referral Transport Annex'!X4 -> 0 | N27: ='7.Referral Transport Annex'!X3 -> 0 | O27: ='11.IEC-BCC Annex'!X4 -> 0 | P27: ='11.IEC-BCC Annex'!X3 -> 0 | Q27: ='12.Printing Annex'!X4 -> 0 | R27: ='12.Printing Annex'!X3 -> 0 | S27: ='13.Quality Assurance Annex'!X4 -> 0 | T27: ='13.Quality Assurance Annex'!X3 -> 0 | U27: ='4.Untied grants Annex'!X4 -> 0 | V27: ='4.Untied grants Annex'!X3 -> 0 | W27: ='15.PPP Annex'!X4 -> 0 | X27: ='15.PPP Annex'!X3 -> 0 | Y27: ='6.Procurement Annex'!X4 -> 0 | Z27: ='6.Procurement Annex'!X3 -> 0 | AA27: ='14.Drug warehouse &Logistic Anx'!X4 -> 0 | AB27: ='14.Drug warehouse &Logistic Anx'!X3 -> 0 | AC27: ='8.Human Resources (SD) Annex'!X4 -> 0 | AD27: ='8.Human Resources (SD) Annex'!X3 -> 0 | AE27: ='9.Training Annex'!X4 -> 0 | AF27: ='9.Training Annex'!X3 -> 0 | AG27: ='16.PM Annex'!X4 -> 0 | AH27: ='16.PM Annex'!X3 -> 0 | AI27: ='10.Review Research & Surveillen'!X4 -> 0 | AJ27: ='10.Review Research & Surveillen'!X3 -> 0 | AK27: ='17.IT Initiatives_SD'!X4 -> 0 | AL27: ='17.IT Initiatives_SD'!X3 -> 0 | AM27: ='18.Innovation'!X4 -> 0 | AN27: ='18.Innovation'!X3 -> 0
B28: National Free Drug Services | C28: =E28+G28+I28+K28+M28+O28+Q28+S28+U28+W28+Y28+AA28+AC28+AE28+AG28+AI28+AK28+AM28 -> 0 | D28: =F28+H28+J28+L28+N28+P28+R28+T28+V28+X28+Z28+AB28+AD28+AF28+AH28+AJ28+AL28+AN28 -> 0 | E28: ='1.SD Facility Based Annex'!Y4 -> 0 | F28: ='1.SD Facility Based Annex'!Y3 -> 0 | G28: ='2.SD Community Based Annex'!Y4 -> 0 | H28: ='2.SD Community Based Annex'!Y3 -> 0 | I28: ='3.Community Intervention Annexn'!Y4 -> 0 | J28: ='3.Community Intervention Annexn'!Y3 -> 0 | K28: ='5.Infrastructure Annex'!Y4 -> 0 | L28: ='5.Infrastructure Annex'!Y3 -> 0 | M28: ='7.Referral Transport Annex'!Y4 -> 0 | N28: ='7.Referral Transport Annex'!Y3 -> 0 | O28: ='11.IEC-BCC Annex'!Y4 -> 0 | P28: ='11.IEC-BCC Annex'!Y3 -> 0 | Q28: ='12.Printing Annex'!Y4 -> 0 | R28: ='12.Printing Annex'!Y3 -> 0 | S28: ='13.Quality Assurance Annex'!Y4 -> 0 | T28: ='13.Quality Assurance Annex'!Y3 -> 0 | U28: ='4.Untied grants Annex'!Y4 -> 0 | V28: ='4.Untied grants Annex'!Y3 -> 0 | W28: ='15.PPP Annex'!Y4 -> 0 | X28: ='15.PPP Annex'!Y3 -> 0 | Y28: ='6.Procurement Annex'!Y4 -> 0 | Z28: ='6.Procurement Annex'!Y3 -> 0 | AA28: ='14.Drug warehouse &Logistic Anx'!Y4 -> 0 | AB28: ='14.Drug warehouse &Logistic Anx'!Y3 -> 0 | AC28: ='8.Human Resources (SD) Annex'!Y4 -> 0 | AD28: ='8.Human Resources (SD) Annex'!Y3 -> 0 | AE28: ='9.Training Annex'!Y4 -> 0 | AF28: ='9.Training Annex'!Y3 -> 0 | AG28: ='16.PM Annex'!Y4 -> 0 | AH28: ='16.PM Annex'!Y3 -> 0 | AI28: ='10.Review Research & Surveillen'!Y4 -> 0 | AJ28: ='10.Review Research & Surveillen'!Y3 -> 0 | AK28: ='17.IT Initiatives_SD'!Y4 -> 0 | AL28: ='17.IT Initiatives_SD'!Y3 -> 0 | AM28: ='18.Innovation'!Y4 -> 0 | AN28: ='18.Innovation'!Y3 -> 0
B29: National Free Diagnostics Services | C29: =E29+G29+I29+K29+M29+O29+Q29+S29+U29+W29+Y29+AA29+AC29+AE29+AG29+AI29+AK29+AM29 -> 135 | D29: =F29+H29+J29+L29+N29+P29+R29+T29+V29+X29+Z29+AB29+AD29+AF29+AH29+AJ29+AL29+AN29 -> 0 | E29: ='1.SD Facility Based Annex'!Z4 -> 0 | F29: ='1.SD Facility Based Annex'!Z3 -> 0 | G29: ='2.SD Community Based Annex'!Z4 -> 0 | H29: ='2.SD Community Based Annex'!Z3 -> 0 | I29: ='3.Community Intervention Annexn'!Z4 -> 0 | J29: ='3.Community Intervention Annexn'!Z3 -> 0 | K29: ='5.Infrastructure Annex'!Z4 -> 0 | L29: ='5.Infrastructure Annex'!Z3 -> 0 | M29: ='7.Referral Transport Annex'!Z4 -> 0 | N29: ='7.Referral Transport Annex'!Z3 -> 0 | O29: ='11.IEC-BCC Annex'!Z4 -> 0 | P29: ='11.IEC-BCC Annex'!Z3 -> 0 | Q29: ='12.Printing Annex'!Z4 -> 0 | R29: ='12.Printing Annex'!Z3 -> 0 | S29: ='13.Quality Assurance Annex'!Z4 -> 0 | T29: ='13.Quality Assurance Annex'!Z3 -> 0 | U29: ='4.Untied grants Annex'!Z4 -> 0 | V29: ='4.Untied grants Annex'!Z3 -> 0 | W29: ='15.PPP Annex'!Z4 -> 0 | X29: ='15.PPP Annex'!Z3 -> 0 | Y29: ='6.Procurement Annex'!Z4 -> 135 | Z29: ='6.Procurement Annex'!Z3 -> 0 | AA29: ='14.Drug warehouse &Logistic Anx'!Z4 -> 0 | AB29: ='14.Drug warehouse &Logistic Anx'!Z3 -> 0 | AC29: ='8.Human Resources (SD) Annex'!Z4 -> 0 | AD29: ='8.Human Resources (SD) Annex'!Z3 -> 0 | AE29: ='9.Training Annex'!Z4 -> 0 | AF29: ='9.Training Annex'!Z3 -> 0 | AG29: ='16.PM Annex'!Z4 -> 0 | AH29: ='16.PM Annex'!Z3 -> 0 | AI29: ='10.Review Research & Surveillen'!Z4 -> 0 | AJ29: ='10.Review Research & Surveillen'!Z3 -> 0 | AK29: ='17.IT Initiatives_SD'!Z4 -> 0 | AL29: ='17.IT Initiatives_SD'!Z3 -> 0 | AM29: ='18.Innovation'!Z4 -> 0 | AN29: ='18.Innovation'!Z3 -> 0
B30: Human resources | C30: =E30+G30+I30+K30+M30+O30+Q30+S30+U30+W30+Y30+AA30+AC30+AE30+AG30+AI30+AK30+AM30 -> 227.33 | D30: =F30+H30+J30+L30+N30+P30+R30+T30+V30+X30+Z30+AB30+AD30+AF30+AH30+AJ30+AL30+AN30 -> 0 | E30: ='1.SD Facility Based Annex'!AA4 -> 0 | F30: ='1.SD Facility Based Annex'!AA3 -> 0 | G30: ='2.SD Community Based Annex'!AA4 -> 0 | H30: ='2.SD Community Based Annex'!AA3 -> 0 | I30: ='3.Community Intervention Annexn'!AA4 -> 0 | J30: ='3.Community Intervention Annexn'!AA3 -> 0 | K30: ='5.Infrastructure Annex'!AA4 -> 0 | L30: ='5.Infrastructure Annex'!AA3 -> 0 | M30: ='7.Referral Transport Annex'!AA4 -> 0 | N30: ='7.Referral Transport Annex'!AA3 -> 0 | O30: ='11.IEC-BCC Annex'!AA4 -> 0 | P30: ='11.IEC-BCC Annex'!AA3 -> 0 | Q30: ='12.Printing Annex'!AA4 -> 0 | R30: ='12.Printing Annex'!AA3 -> 0 | S30: ='13.Quality Assurance Annex'!AA4 -> 0 | T30: ='13.Quality Assurance Annex'!AA3 -> 0 | U30: ='4.Untied grants Annex'!AA4 -> 0 | V30: ='4.Untied grants Annex'!AA3 -> 0 | W30: ='15.PPP Annex'!AA4 -> 0 | X30: ='15.PPP Annex'!AA3 -> 0 | Y30: ='6.Procurement Annex'!AA4 -> 0 | Z30: ='6.Procurement Annex'!AA3 -> 0 | AA30: ='14.Drug warehouse &Logistic Anx'!AA4 -> 0 | AB30: ='14.Drug warehouse &Logistic Anx'!AA3 -> 0 | AC30: ='8.Human Resources (SD) Annex'!AA4 -> 227.33 | AD30: ='8.Human Resources (SD) Annex'!AA3 -> 0 | AE30: ='9.Training Annex'!AA4 -> 0 | AF30: ='9.Training Annex'!AA3 -> 0 | AG30: ='16.PM Annex'!AA4 -> 0 | AH30: ='16.PM Annex'!AA3 -> 0 | AI30: ='10.Review Research & Surveillen'!AA4 -> 0 | AJ30: ='10.Review Research & Surveillen'!AA3 -> 0 | AK30: ='17.IT Initiatives_SD'!AA4 -> 0 | AL30: ='17.IT Initiatives_SD'!AA3 -> 0 | AM30: ='18.Innovation'!AA4 -> 0 | AN30: ='18.Innovation'!AA3 -> 0
B31: Training | C31: =E31+G31+I31+K31+M31+O31+Q31+S31+U31+W31+Y31+AA31+AC31+AE31+AG31+AI31+AK31+AM31 -> 0 | D31: =F31+H31+J31+L31+N31+P31+R31+T31+V31+X31+Z31+AB31+AD31+AF31+AH31+AJ31+AL31+AN31 -> 0 | E31: ='1.SD Facility Based Annex'!AB4 -> 0 | F31: ='1.SD Facility Based Annex'!AB3 -> 0 | G31: ='2.SD Community Based Annex'!AB4 -> 0 | H31: ='2.SD Community Based Annex'!AB3 -> 0 | I31: ='3.Community Intervention Annexn'!AB4 -> 0 | J31: ='3.Community Intervention Annexn'!AB3 -> 0 | K31: ='5.Infrastructure Annex'!AB4 -> 0 | L31: ='5.Infrastructure Annex'!AB3 -> 0 | M31: ='7.Referral Transport Annex'!AB4 -> 0 | N31: ='7.Referral Transport Annex'!AB3 -> 0 | O31: ='11.IEC-BCC Annex'!AB4 -> 0 | P31: ='11.IEC-BCC Annex'!AB3 -> 0 | Q31: ='12.Printing Annex'!AB4 -> 0 | R31: ='12.Printing Annex'!AB3 -> 0 | S31: ='13.Quality Assurance Annex'!AB4 -> 0 | T31: ='13.Quality Assurance Annex'!AB3 -> 0 | U31: ='4.Untied grants Annex'!AB4 -> 0 | V31: ='4.Untied grants Annex'!AB3 -> 0 | W31: ='15.PPP Annex'!AB4 -> 0 | X31: ='15.PPP Annex'!AB3 -> 0 | Y31: ='6.Procurement Annex'!AB4 -> 0 | Z31: ='6.Procurement Annex'!AB3 -> 0 | AA31: ='14.Drug warehouse &Logistic Anx'!AB4 -> 0 | AB31: ='14.Drug warehouse &Logistic Anx'!AB3 -> 0 | AC31: ='8.Human Resources (SD) Annex'!AB4 -> 0 | AD31: ='8.Human Resources (SD) Annex'!AB3 -> 0 | AE31: ='9.Training Annex'!AB4 -> 0 | AF31: ='9.Training Annex'!AB3 -> 0 | AG31: ='16.PM Annex'!AB4 -> 0 | AH31: ='16.PM Annex'!AB3 -> 0 | AI31: ='10.Review Research & Surveillen'!AB4 -> 0 | AJ31: ='10.Review Research & Surveillen'!AB3 -> 0 | AK31: ='17.IT Initiatives_SD'!AB4 -> 0 | AL31: ='17.IT Initiatives_SD'!AB3 -> 0 | AM31: ='18.Innovation'!AB4 -> 0 | AN31: ='18.Innovation'!AB3 -> 0
B32: Programme Management | C32: =E32+G32+I32+K32+M32+O32+Q32+S32+U32+W32+Y32+AA32+AC32+AE32+AG32+AI32+AK32+AM32 -> 0 | D32: =F32+H32+J32+L32+N32+P32+R32+T32+V32+X32+Z32+AB32+AD32+AF32+AH32+AJ32+AL32+AN32 -> 0 | E32: ='1.SD Facility Based Annex'!AC4 -> 0 | F32: ='1.SD Facility Based Annex'!AC3 -> 0 | G32: ='2.SD Community Based Annex'!AC4 -> 0 | H32: ='2.SD Community Based Annex'!AC3 -> 0 | I32: ='3.Community Intervention Annexn'!AC4 -> 0 | J32: ='3.Community Intervention Annexn'!AC3 -> 0 | K32: ='5.Infrastructure Annex'!AC4 -> 0 | L32: ='5.Infrastructure Annex'!AC3 -> 0 | M32: ='7.Referral Transport Annex'!AC4 -> 0 | N32: ='7.Referral Transport Annex'!AC3 -> 0 | O32: ='11.IEC-BCC Annex'!AC4 -> 0 | P32: ='11.IEC-BCC Annex'!AC3 -> 0 | Q32: ='12.Printing Annex'!AC4 -> 0 | R32: ='12.Printing Annex'!AC3 -> 0 | S32: ='13.Quality Assurance Annex'!AC4 -> 0 | T32: ='13.Quality Assurance Annex'!AC3 -> 0 | U32: ='4.Untied grants Annex'!AC4 -> 0 | V32: ='4.Untied grants Annex'!AC3 -> 0 | W32: ='15.PPP Annex'!AC4 -> 0 | X32: ='15.PPP Annex'!AC3 -> 0 | Y32: ='6.Procurement Annex'!AC4 -> 0 | Z32: ='6.Procurement Annex'!AC3 -> 0 | AA32: ='14.Drug warehouse &Logistic Anx'!AC4 -> 0 | AB32: ='14.Drug warehouse &Logistic Anx'!AC3 -> 0 | AC32: ='8.Human Resources (SD) Annex'!AC4 -> 0 | AD32: ='8.Human Resources (SD) Annex'!AC3 -> 0 | AE32: ='9.Training Annex'!AC4 -> 0 | AF32: ='9.Training Annex'!AC3 -> 0 | AG32: ='16.PM Annex'!AC4 -> 0 | AH32: ='16.PM Annex'!AC3 -> 0 | AI32: ='10.Review Research & Surveillen'!AC4 -> 0 | AJ32: ='10.Review Research & Surveillen'!AC3 -> 0 | AK32: ='17.IT Initiatives_SD'!AC4 -> 0 | AL32: ='17.IT Initiatives_SD'!AC3 -> 0 | AM32: ='18.Innovation'!AC4 -> 0 | AN32: ='18.Innovation'!AC3 -> 0
B33: Innovations | C33: =E33+G33+I33+K33+M33+O33+Q33+S33+U33+W33+Y33+AA33+AC33+AE33+AG33+AI33+AK33+AM33 -> 0 | D33: =F33+H33+J33+L33+N33+P33+R33+T33+V33+X33+Z33+AB33+AD33+AF33+AH33+AJ33+AL33+AN33 -> 0 | E33: ='1.SD Facility Based Annex'!AD4 -> 0 | F33: ='1.SD Facility Based Annex'!AD3 -> 0 | G33: ='2.SD Community Based Annex'!AD4 -> 0 | H33: ='2.SD Community Based Annex'!AD3 -> 0 | I33: ='3.Community Intervention Annexn'!AD4 -> 0 | J33: ='3.Community Intervention Annexn'!AD3 -> 0 | K33: ='5.Infrastructure Annex'!AD4 -> 0 | L33: ='5.Infrastructure Annex'!AD3 -> 0 | M33: ='7.Referral Transport Annex'!AD4 -> 0 | N33: ='7.Referral Transport Annex'!AD3 -> 0 | O33: ='11.IEC-BCC Annex'!AD4 -> 0 | P33: ='11.IEC-BCC Annex'!AD3 -> 0 | Q33: ='12.Printing Annex'!AD4 -> 0 | R33: ='12.Printing Annex'!AD3 -> 0 | S33: ='13.Quality Assurance Annex'!AD4 -> 0 | T33: ='13.Quality Assurance Annex'!AD3 -> 0 | U33: ='4.Untied grants Annex'!AD4 -> 0 | V33: ='4.Untied grants Annex'!AD3 -> 0 | W33: ='15.PPP Annex'!AD4 -> 0 | X33: ='15.PPP Annex'!AD3 -> 0 | Y33: ='6.Procurement Annex'!AD4 -> 0 | Z33: ='6.Procurement Annex'!AD3 -> 0 | AA33: ='14.Drug warehouse &Logistic Anx'!AD4 -> 0 | AB33: ='14.Drug warehouse &Logistic Anx'!AD3 -> 0 | AC33: ='8.Human Resources (SD) Annex'!AD4 -> 0 | AD33: ='8.Human Resources (SD) Annex'!AD3 -> 0 | AE33: ='9.Training Annex'!AD4 -> 0 | AF33: ='9.Training Annex'!AD3 -> 0 | AG33: ='16.PM Annex'!AD4 -> 0 | AH33: ='16.PM Annex'!AD3 -> 0 | AI33: ='10.Review Research & Surveillen'!AD4 -> 0 | AJ33: ='10.Review Research & Surveillen'!AD3 -> 0 | AK33: ='17.IT Initiatives_SD'!AD4 -> 0 | AL33: ='17.IT Initiatives_SD'!AD3 -> 0 | AM33: ='18.Innovation'!AD4 -> 0 | AN33: ='18.Innovation'!AD3 -> 0
B34: HMIS/ MCTS | C34: =E34+G34+I34+K34+M34+O34+Q34+S34+U34+W34+Y34+AA34+AC34+AE34+AG34+AI34+AK34+AM34 -> 0 | D34: =F34+H34+J34+L34+N34+P34+R34+T34+V34+X34+Z34+AB34+AD34+AF34+AH34+AJ34+AL34+AN34 -> 0 | E34: ='1.SD Facility Based Annex'!AE4 -> 0 | F34: ='1.SD Facility Based Annex'!AE3 -> 0 | G34: ='2.SD Community Based Annex'!AE4 -> 0 | H34: ='2.SD Community Based Annex'!AE3 -> 0 | I34: ='3.Community Intervention Annexn'!AE4 -> 0 | J34: ='3.Community Intervention Annexn'!AE3 -> 0 | K34: ='5.Infrastructure Annex'!AE4 -> 0 | L34: ='5.Infrastructure Annex'!AE3 -> 0 | M34: ='7.Referral Transport Annex'!AE4 -> 0 | N34: ='7.Referral Transport Annex'!AE3 -> 0 | O34: ='11.IEC-BCC Annex'!AE4 -> 0 | P34: ='11.IEC-BCC Annex'!AE3 -> 0 | Q34: ='12.Printing Annex'!AE4 -> 0 | R34: ='12.Printing Annex'!AE3 -> 0 | S34: ='13.Quality Assurance Annex'!AE4 -> 0 | T34: ='13.Quality Assurance Annex'!AE3 -> 0 | U34: ='4.Untied grants Annex'!AE4 -> 0 | V34: ='4.Untied grants Annex'!AE3 -> 0 | W34: ='15.PPP Annex'!AE4 -> 0 | X34: ='15.PPP Annex'!AE3 -> 0 | Y34: ='6.Procurement Annex'!AE4 -> 0 | Z34: ='6.Procurement Annex'!AE3 -> 0 | AA34: ='14.Drug warehouse &Logistic Anx'!AE4 -> 0 | AB34: ='14.Drug warehouse &Logistic Anx'!AE3 -> 0 | AC34: ='8.Human Resources (SD) Annex'!AE4 -> 0 | AD34: ='8.Human Resources (SD) Annex'!AE3 -> 0 | AE34: ='9.Training Annex'!AE4 -> 0 | AF34: ='9.Training Annex'!AE3 -> 0 | AG34: ='16.PM Annex'!AE4 -> 0 | AH34: ='16.PM Annex'!AE3 -> 0 | AI34: ='10.Review Research & Surveillen'!AE4 -> 0 | AJ34: ='10.Review Research & Surveillen'!AE3 -> 0 | AK34: ='17.IT Initiatives_SD'!AE4 -> 0 | AL34: ='17.IT Initiatives_SD'!AE3 -> 0 | AM34: ='18.Innovation'!AE4 -> 0 | AN34: ='18.Innovation'!AE3 -> 0
B35: Blood Services & Disorders | C35: =E35+G35+I35+K35+M35+O35+Q35+S35+U35+W35+Y35+AA35+AC35+AE35+AG35+AI35+AK35+AM35 -> 0 | D35: =F35+H35+J35+L35+N35+P35+R35+T35+V35+X35+Z35+AB35+AD35+AF35+AH35+AJ35+AL35+AN35 -> 0 | E35: ='1.SD Facility Based Annex'!AF4 -> 0 | F35: ='1.SD Facility Based Annex'!AF3 -> 0 | G35: ='2.SD Community Based Annex'!AF4 -> 0 | H35: ='2.SD Community Based Annex'!AF3 -> 0 | I35: ='3.Community Intervention Annexn'!AF4 -> 0 | J35: ='3.Community Intervention Annexn'!AF3 -> 0 | K35: ='5.Infrastructure Annex'!AF4 -> 0 | L35: ='5.Infrastructure Annex'!AF3 -> 0 | M35: ='7.Referral Transport Annex'!AF4 -> 0 | N35: ='7.Referral Transport Annex'!AF3 -> 0 | O35: ='11.IEC-BCC Annex'!AF4 -> 0 | P35: ='11.IEC-BCC Annex'!AF3 -> 0 | Q35: ='12.Printing Annex'!AF4 -> 0 | R35: ='12.Printing Annex'!AF3 -> 0 | S35: ='13.Quality Assurance Annex'!AF4 -> 0 | T35: ='13.Quality Assurance Annex'!AF3 -> 0 | U35: ='4.Untied grants Annex'!AF4 -> 0 | V35: ='4.Untied grants Annex'!AF3 -> 0 | W35: ='15.PPP Annex'!AF4 -> 0 | X35: ='15.PPP Annex'!AF3 -> 0 | Y35: ='6.Procurement Annex'!AF4 -> 0 | Z35: ='6.Procurement Annex'!AF3 -> 0 | AA35: ='14.Drug warehouse &Logistic Anx'!AF4 -> 0 | AB35: ='14.Drug warehouse &Logistic Anx'!AF3 -> 0 | AC35: ='8.Human Resources (SD) Annex'!AF4 -> 0 | AD35: ='8.Human Resources (SD) Annex'!AF3 -> 0 | AE35: ='9.Training Annex'!AF4 -> 0 | AF35: ='9.Training Annex'!AF3 -> 0 | AG35: ='16.PM Annex'!AF4 -> 0 | AH35: ='16.PM Annex'!AF3 -> 0 | AI35: ='10.Review Research & Surveillen'!AF4 -> 0 | AJ35: ='10.Review Research & Surveillen'!AF3 -> 0 | AK35: ='17.IT Initiatives_SD'!AF4 -> 0 | AL35: ='17.IT Initiatives_SD'!AF3 -> 0 | AM35: ='18.Innovation'!AF4 -> 0 | AN35: ='18.Innovation'!AF3 -> 0
B36: AYUSH | C36: =E36+G36+I36+K36+M36+O36+Q36+S36+U36+W36+Y36+AA36+AC36+AE36+AG36+AI36+AK36+AM36 -> 0 | D36: =F36+H36+J36+L36+N36+P36+R36+T36+V36+X36+Z36+AB36+AD36+AF36+AH36+AJ36+AL36+AN36 -> 0 | E36: ='1.SD Facility Based Annex'!AG4 -> 0 | F36: ='1.SD Facility Based Annex'!AG3 -> 0 | G36: ='2.SD Community Based Annex'!AG4 -> 0 | H36: ='2.SD Community Based Annex'!AG3 -> 0 | I36: ='3.Community Intervention Annexn'!AG4 -> 0 | J36: ='3.Community Intervention Annexn'!AG3 -> 0 | K36: ='5.Infrastructure Annex'!AG4 -> 0 | L36: ='5.Infrastructure Annex'!AG3 -> 0 | M36: ='7.Referral Transport Annex'!AG4 -> 0 | N36: ='7.Referral Transport Annex'!AG3 -> 0 | O36: ='11.IEC-BCC Annex'!AG4 -> 0 | P36: ='11.IEC-BCC Annex'!AG3 -> 0 | Q36: ='12.Printing Annex'!AG4 -> 0 | R36: ='12.Printing Annex'!AG3 -> 0 | S36: ='13.Quality Assurance Annex'!AG4 -> 0 | T36: ='13.Quality Assurance Annex'!AG3 -> 0 | U36: ='4.Untied grants Annex'!AG4 -> 0 | V36: ='4.Untied grants Annex'!AG3 -> 0 | W36: ='15.PPP Annex'!AG4 -> 0 | X36: ='15.PPP Annex'!AG3 -> 0 | Y36: ='6.Procurement Annex'!AG4 -> 0 | Z36: ='6.Procurement Annex'!AG3 -> 0 | AA36: ='14.Drug warehouse &Logistic Anx'!AG4 -> 0 | AB36: ='14.Drug warehouse &Logistic Anx'!AG3 -> 0 | AC36: ='8.Human Resources (SD) Annex'!AG4 -> 0 | AD36: ='8.Human Resources (SD) Annex'!AG3 -> 0 | AE36: ='9.Training Annex'!AG4 -> 0 | AF36: ='9.Training Annex'!AG3 -> 0 | AG36: ='16.PM Annex'!AG4 -> 0 | AH36: ='16.PM Annex'!AG3 -> 0 | AI36: ='10.Review Research & Surveillen'!AG4 -> 0 | AJ36: ='10.Review Research & Surveillen'!AG3 -> 0 | AK36: ='17.IT Initiatives_SD'!AG4 -> 0 | AL36: ='17.IT Initiatives_SD'!AG3 -> 0 | AM36: ='18.Innovation'!AG4 -> 0 | AN36: ='18.Innovation'!AG3 -> 0
B37: HSS Others | C37: =E37+G37+I37+K37+M37+O37+Q37+S37+U37+W37+Y37+AA37+AC37+AE37+AG37+AI37+AK37+AM37 -> 128.08 | D37: =F37+H37+J37+L37+N37+P37+R37+T37+V37+X37+Z37+AB37+AD37+AF37+AH37+AJ37+AL37+AN37 -> 0 | E37: ='1.SD Facility Based Annex'!AH4 -> 0 | F37: ='1.SD Facility Based Annex'!AH3 -> 0 | G37: ='2.SD Community Based Annex'!AH4 -> 0 | H37: ='2.SD Community Based Annex'!AH3 -> 0 | I37: ='3.Community Intervention Annexn'!AH4 -> 0 | J37: ='3.Community Intervention Annexn'!AH3 -> 0 | K37: ='5.Infrastructure Annex'!AH4 -> 0 | L37: ='5.Infrastructure Annex'!AH3 -> 0 | M37: ='7.Referral Transport Annex'!AH4 -> 0 | N37: ='7.Referral Transport Annex'!AH3 -> 0 | O37: ='11.IEC-BCC Annex'!AH4 -> 0 | P37: ='11.IEC-BCC Annex'!AH3 -> 0 | Q37: ='12.Printing Annex'!AH4 -> 0 | R37: ='12.Printing Annex'!AH3 -> 0 | S37: ='13.Quality Assurance Annex'!AH4 -> 0 | T37: ='13.Quality Assurance Annex'!AH3 -> 0 | U37: ='4.Untied grants Annex'!AH4 -> 0 | V37: ='4.Untied grants Annex'!AH3 -> 0 | W37: ='15.PPP Annex'!AH4 -> 0 | X37: ='15.PPP Annex'!AH3 -> 0 | Y37: ='6.Procurement Annex'!AH4 -> 128.08 | Z37: ='6.Procurement Annex'!AH3 -> 0 | AA37: ='14.Drug warehouse &Logistic Anx'!AH4 -> 0 | AB37: ='14.Drug warehouse &Logistic Anx'!AH3 -> 0 | AC37: ='8.Human Resources (SD) Annex'!AH4 -> 0 | AD37: ='8.Human Resources (SD) Annex'!AH3 -> 0 | AE37: ='9.Training Annex'!AH4 -> 0 | AF37: ='9.Training Annex'!AH3 -> 0 | AG37: ='16.PM Annex'!AH4 -> 0 | AH37: ='16.PM Annex'!AH3 -> 0 | AI37: ='10.Review Research & Surveillen'!AH4 -> 0 | AJ37: ='10.Review Research & Surveillen'!AH3 -> 0 | AK37: ='17.IT Initiatives_SD'!AH4 -> 0 | AL37: ='17.IT Initiatives_SD'!AH3 -> 0 | AM37: ='18.Innovation'!AH4 -> 0 | AN37: ='18.Innovation'!AH3 -> 0
A38: NDCP Flexi Pool | B38: Integrated Disease Surveillance Programme (IDSP) | C38: =E38+G38+I38+K38+M38+O38+Q38+S38+U38+W38+Y38+AA38+AC38+AE38+AG38+AI38+AK38+AM38 -> 0 | D38: =F38+H38+J38+L38+N38+P38+R38+T38+V38+X38+Z38+AB38+AD38+AF38+AH38+AJ38+AL38+AN38 -> 0 | E38: ='1.SD Facility Based Annex'!AI4 -> 0 | F38: ='1.SD Facility Based Annex'!AI3 -> 0 | G38: ='2.SD Community Based Annex'!AI4 -> 0 | H38: ='2.SD Community Based Annex'!AI3 -> 0 | I38: ='3.Community Intervention Annexn'!AI4 -> 0 | J38: ='3.Community Intervention Annexn'!AI3 -> 0 | K38: ='5.Infrastructure Annex'!AI4 -> 0 | L38: ='5.Infrastructure Annex'!AI3 -> 0 | M38: ='7.Referral Transport Annex'!AI4 -> 0 | N38: ='7.Referral Transport Annex'!AI3 -> 0 | O38: ='11.IEC-BCC Annex'!AI4 -> 0 | P38: ='11.IEC-BCC Annex'!AI3 -> 0 | Q38: ='12.Printing Annex'!AI4 -> 0 | R38: ='12.Printing Annex'!AI3 -> 0 | S38: ='13.Quality Assurance Annex'!AI4 -> 0 | T38: ='13.Quality Assurance Annex'!AI3 -> 0 | U38: ='4.Untied grants Annex'!AI4 -> 0 | V38: ='4.Untied grants Annex'!AI3 -> 0 | W38: ='15.PPP Annex'!AI4 -> 0 | X38: ='15.PPP Annex'!AI3 -> 0 | Y38: ='6.Procurement Annex'!AI4 -> 0 | Z38: ='6.Procurement Annex'!AI3 -> 0 | AA38: ='14.Drug warehouse &Logistic Anx'!AI4 -> 0 | AB38: ='14.Drug warehouse &Logistic Anx'!AI3 -> 0 | AC38: ='8.Human Resources (SD) Annex'!AI4 -> 0 | AD38: ='8.Human Resources (SD) Annex'!AI3 -> 0 | AE38: ='9.Training Annex'!AI4 -> 0 | AF38: ='9.Training Annex'!AI3 -> 0 | AG38: ='16.PM Annex'!AI4 -> 0 | AH38: ='16.PM Annex'!AI3 -> 0 | AI38: ='10.Review Research & Surveillen'!AI4 -> 0 | AJ38: ='10.Review Research & Surveillen'!AI3 -> 0 | AK38: ='17.IT Initiatives_SD'!AI4 -> 0 | AL38: ='17.IT Initiatives_SD'!AI3 -> 0 | AM38: ='18.Innovation'!AI4 -> 0 | AN38: ='18.Innovation'!AI3 -> 0
B39: National Vector Borne Disease Control Programme (NVBDCP) | C39: =E39+G39+I39+K39+M39+O39+Q39+S39+U39+W39+Y39+AA39+AC39+AE39+AG39+AI39+AK39+AM39 -> 20 | D39: =F39+H39+J39+L39+N39+P39+R39+T39+V39+X39+Z39+AB39+AD39+AF39+AH39+AJ39+AL39+AN39 -> 0 | E39: ='1.SD Facility Based Annex'!AJ4 -> 0 | F39: ='1.SD Facility Based Annex'!AJ3 -> 0 | G39: ='2.SD Community Based Annex'!AJ4 -> 0 | H39: ='2.SD Community Based Annex'!AJ3 -> 0 | I39: ='3.Community Intervention Annexn'!AJ4 -> 0 | J39: ='3.Community Intervention Annexn'!AJ3 -> 0 | K39: ='5.Infrastructure Annex'!AJ4 -> 20 | L39: ='5.Infrastructure Annex'!AJ3 -> 0 | M39: ='7.Referral Transport Annex'!AJ4 -> 0 | N39: ='7.Referral Transport Annex'!AJ3 -> 0 | O39: ='11.IEC-BCC Annex'!AJ4 -> 0 | P39: ='11.IEC-BCC Annex'!AJ3 -> 0 | Q39: ='12.Printing Annex'!AJ4 -> 0 | R39: ='12.Printing Annex'!AJ3 -> 0 | S39: ='13.Quality Assurance Annex'!AJ4 -> 0 | T39: ='13.Quality Assurance Annex'!AJ3 -> 0 | U39: ='4.Untied grants Annex'!AJ4 -> 0 | V39: ='4.Untied grants Annex'!AJ3 -> 0 | W39: ='15.PPP Annex'!AJ4 -> 0 | X39: ='15.PPP Annex'!AJ3 -> 0 | Y39: ='6.Procurement Annex'!AJ4 -> 0 | Z39: ='6.Procurement Annex'!AJ3 -> 0 | AA39: ='14.Drug warehouse &Logistic Anx'!AJ4 -> 0 | AB39: ='14.Drug warehouse &Logistic Anx'!AJ3 -> 0 | AC39: ='8.Human Resources (SD) Annex'!AJ4 -> 0 | AD39: ='8.Human Resources (SD) Annex'!AJ3 -> 0 | AE39: ='9.Training Annex'!AJ4 -> 0 | AF39: ='9.Training Annex'!AJ3 -> 0 | AG39: ='16.PM Annex'!AJ4 -> 0 | AH39: ='16.PM Annex'!AJ3 -> 0 | AI39: ='10.Review Research & Surveillen'!AJ4 -> 0 | AJ39: ='10.Review Research & Surveillen'!AJ3 -> 0 | AK39: ='17.IT Initiatives_SD'!AJ4 -> 0 | AL39: ='17.IT Initiatives_SD'!AJ3 -> 0 | AM39: ='18.Innovation'!AJ4 -> 0 | AN39: ='18.Innovation'!AJ3 -> 0
B40: National Leprosy Eradication Programme (NLEP) | C40: =E40+G40+I40+K40+M40+O40+Q40+S40+U40+W40+Y40+AA40+AC40+AE40+AG40+AI40+AK40+AM40 -> 0 | D40: =F40+H40+J40+L40+N40+P40+R40+T40+V40+X40+Z40+AB40+AD40+AF40+AH40+AJ40+AL40+AN40 -> 0 | E40: ='1.SD Facility Based Annex'!AK4 -> 0 | F40: ='1.SD Facility Based Annex'!AK3 -> 0 | G40: ='2.SD Community Based Annex'!AK4 -> 0 | H40: ='2.SD Community Based Annex'!AK3 -> 0 | I40: ='3.Community Intervention Annexn'!AK4 -> 0 | J40: ='3.Community Intervention Annexn'!AK3 -> 0 | K40: ='5.Infrastructure Annex'!AK4 -> 0 | L40: ='5.Infrastructure Annex'!AK3 -> 0 | M40: ='7.Referral Transport Annex'!AK4 -> 0 | N40: ='7.Referral Transport Annex'!AK3 -> 0 | O40: ='11.IEC-BCC Annex'!AK4 -> 0 | P40: ='11.IEC-BCC Annex'!AK3 -> 0 | Q40: ='12.Printing Annex'!AK4 -> 0 | R40: ='12.Printing Annex'!AK3 -> 0 | S40: ='13.Quality Assurance Annex'!AK4 -> 0 | T40: ='13.Quality Assurance Annex'!AK3 -> 0 | U40: ='4.Untied grants Annex'!AK4 -> 0 | V40: ='4.Untied grants Annex'!AK3 -> 0 | W40: ='15.PPP Annex'!AK4 -> 0 | X40: ='15.PPP Annex'!AK3 -> 0 | Y40: ='6.Procurement Annex'!AK4 -> 0 | Z40: ='6.Procurement Annex'!AK3 -> 0 | AA40: ='14.Drug warehouse &Logistic Anx'!AK4 -> 0 | AB40: ='14.Drug warehouse &Logistic Anx'!AK3 -> 0 | AC40: ='8.Human Resources (SD) Annex'!AK4 -> 0 | AD40: ='8.Human Resources (SD) Annex'!AK3 -> 0 | AE40: ='9.Training Annex'!AK4 -> 0 | AF40: ='9.Training Annex'!AK3 -> 0 | AG40: ='16.PM Annex'!AK4 -> 0 | AH40: ='16.PM Annex'!AK3 -> 0 | AI40: ='10.Review Research & Surveillen'!AK4 -> 0 | AJ40: ='10.Review Research & Surveillen'!AK3 -> 0 | AK40: ='17.IT Initiatives_SD'!AK4 -> 0 | AL40: ='17.IT Initiatives_SD'!AK3 -> 0 | AM40: ='18.Innovation'!AK4 -> 0 | AN40: ='18.Innovation'!AK3 -> 0
B41: National Tuberculosis Elimination Programme (NTEP) | C41: =E41+G41+I41+K41+M41+O41+Q41+S41+U41+W41+Y41+AA41+AC41+AE41+AG41+AI41+AK41+AM41 -> 3301.2785 | D41: =F41+H41+J41+L41+N41+P41+R41+T41+V41+X41+Z41+AB41+AD41+AF41+AH41+AJ41+AL41+AN41 -> 0 | E41: ='1.SD Facility Based Annex'!AL4 -> 0 | F41: ='1.SD Facility Based Annex'!AL3 -> 0 | G41: ='2.SD Community Based Annex'!AL4 -> 0 | H41: ='2.SD Community Based Annex'!AL3 -> 0 | I41: ='3.Community Intervention Annexn'!AL4 -> 0 | J41: ='3.Community Intervention Annexn'!AL3 -> 0 | K41: ='5.Infrastructure Annex'!AL4 -> 0 | L41: ='5.Infrastructure Annex'!AL3 -> 0 | M41: ='7.Referral Transport Annex'!AL4 -> 0 | N41: ='7.Referral Transport Annex'!AL3 -> 0 | O41: ='11.IEC-BCC Annex'!AL4 -> 0 | P41: ='11.IEC-BCC Annex'!AL3 -> 0 | Q41: ='12.Printing Annex'!AL4 -> 0 | R41: ='12.Printing Annex'!AL3 -> 0 | S41: ='13.Quality Assurance Annex'!AL4 -> 0 | T41: ='13.Quality Assurance Annex'!AL3 -> 0 | U41: ='4.Untied grants Annex'!AL4 -> 0 | V41: ='4.Untied grants Annex'!AL3 -> 0 | W41: ='15.PPP Annex'!AL4 -> 0 | X41: ='15.PPP Annex'!AL3 -> 0 | Y41: ='6.Procurement Annex'!AL4 -> 3301.2785 | Z41: ='6.Procurement Annex'!AL3 -> 0 | AA41: ='14.Drug warehouse &Logistic Anx'!AL4 -> 0 | AB41: ='14.Drug warehouse &Logistic Anx'!AL3 -> 0 | AC41: ='8.Human Resources (SD) Annex'!AL4 -> 0 | AD41: ='8.Human Resources (SD) Annex'!AL3 -> 0 | AE41: ='9.Training Annex'!AL4 -> 0 | AF41: ='9.Training Annex'!AL3 -> 0 | AG41: ='16.PM Annex'!AL4 -> 0 | AH41: ='16.PM Annex'!AL3 -> 0 | AI41: ='10.Review Research & Surveillen'!AL4 -> 0 | AJ41: ='10.Review Research & Surveillen'!AL3 -> 0 | AK41: ='17.IT Initiatives_SD'!AL4 -> 0 | AL41: ='17.IT Initiatives_SD'!AL3 -> 0 | AM41: ='18.Innovation'!AL4 -> 0 | AN41: ='18.Innovation'!AL3 -> 0
B42: National Viral Hepatitis Control Programme (NVHCP) | C42: =E42+G42+I42+K42+M42+O42+Q42+S42+U42+W42+Y42+AA42+AC42+AE42+AG42+AI42+AK42+AM42 -> 0 | D42: =F42+H42+J42+L42+N42+P42+R42+T42+V42+X42+Z42+AB42+AD42+AF42+AH42+AJ42+AL42+AN42 -> 0 | E42: ='1.SD Facility Based Annex'!AM4 -> 0 | F42: ='1.SD Facility Based Annex'!AM3 -> 0 | G42: ='2.SD Community Based Annex'!AM4 -> 0 | H42: ='2.SD Community Based Annex'!AM3 -> 0 | I42: ='3.Community Intervention Annexn'!AM4 -> 0 | J42: ='3.Community Intervention Annexn'!AM3 -> 0 | K42: ='5.Infrastructure Annex'!AM4 -> 0 | L42: ='5.Infrastructure Annex'!AM3 -> 0 | M42: ='7.Referral Transport Annex'!AM4 -> 0 | N42: ='7.Referral Transport Annex'!AM3 -> 0 | O42: ='11.IEC-BCC Annex'!AM4 -> 0 | P42: ='11.IEC-BCC Annex'!AM3 -> 0 | Q42: ='12.Printing Annex'!AM4 -> 0 | R42: ='12.Printing Annex'!AM3 -> 0 | S42: ='13.Quality Assurance Annex'!AM4 -> 0 | T42: ='13.Quality Assurance Annex'!AM3 -> 0 | U42: ='4.Untied grants Annex'!AM4 -> 0 | V42: ='4.Untied grants Annex'!AM3 -> 0 | W42: ='15.PPP Annex'!AM4 -> 0 | X42: ='15.PPP Annex'!AM3 -> 0 | Y42: ='6.Procurement Annex'!AM4 -> 0 | Z42: ='6.Procurement Annex'!AM3 -> 0 | AA42: ='14.Drug warehouse &Logistic Anx'!AM4 -> 0 | AB42: ='14.Drug warehouse &Logistic Anx'!AM3 -> 0 | AC42: ='8.Human Resources (SD) Annex'!AM4 -> 0 | AD42: ='8.Human Resources (SD) Annex'!AM3 -> 0 | AE42: ='9.Training Annex'!AM4 -> 0 | AF42: ='9.Training Annex'!AM3 -> 0 | AG42: ='16.PM Annex'!AM4 -> 0 | AH42: ='16.PM Annex'!AM3 -> 0 | AI42: ='10.Review Research & Surveillen'!AM4 -> 0 | AJ42: ='10.Review Research & Surveillen'!AM3 -> 0 | AK42: ='17.IT Initiatives_SD'!AM4 -> 0 | AL42: ='17.IT Initiatives_SD'!AM3 -> 0 | AM42: ='18.Innovation'!AM4 -> 0 | AN42: ='18.Innovation'!AM3 -> 0
B43: National Rabies Control Programme (NRCP) | C43: =E43+G43+I43+K43+M43+O43+Q43+S43+U43+W43+Y43+AA43+AC43+AE43+AG43+AI43+AK43+AM43 -> 0 | D43: =F43+H43+J43+L43+N43+P43+R43+T43+V43+X43+Z43+AB43+AD43+AF43+AH43+AJ43+AL43+AN43 -> 0 | E43: ='1.SD Facility Based Annex'!AN4 -> 0 | F43: ='1.SD Facility Based Annex'!AN3 -> 0 | G43: ='2.SD Community Based Annex'!AN4 -> 0 | H43: ='2.SD Community Based Annex'!AN3 -> 0 | I43: ='3.Community Intervention Annexn'!AN4 -> 0 | J43: ='3.Community Intervention Annexn'!AN3 -> 0 | K43: ='5.Infrastructure Annex'!AN4 -> 0 | L43: ='5.Infrastructure Annex'!AN3 -> 0 | M43: ='7.Referral Transport Annex'!AN4 -> 0 | N43: ='7.Referral Transport Annex'!AN3 -> 0 | O43: ='11.IEC-BCC Annex'!AN4 -> 0 | P43: ='11.IEC-BCC Annex'!AN3 -> 0 | Q43: ='12.Printing Annex'!AN4 -> 0 | R43: ='12.Printing Annex'!AN3 -> 0 | S43: ='13.Quality Assurance Annex'!AN4 -> 0 | T43: ='13.Quality Assurance Annex'!AN3 -> 0 | U43: ='4.Untied grants Annex'!AN4 -> 0 | V43: ='4.Untied grants Annex'!AN3 -> 0 | W43: ='15.PPP Annex'!AN4 -> 0 | X43: ='15.PPP Annex'!AN3 -> 0 | Y43: ='6.Procurement Annex'!AN4 -> 0 | Z43: ='6.Procurement Annex'!AN3 -> 0 | AA43: ='14.Drug warehouse &Logistic Anx'!AN4 -> 0 | AB43: ='14.Drug warehouse &Logistic Anx'!AN3 -> 0 | AC43: ='8.Human Resources (SD) Annex'!AN4 -> 0 | AD43: ='8.Human Resources (SD) Annex'!AN3 -> 0 | AE43: ='9.Training Annex'!AN4 -> 0 | AF43: ='9.Training Annex'!AN3 -> 0 | AG43: ='16.PM Annex'!AN4 -> 0 | AH43: ='16.PM Annex'!AN3 -> 0 | AI43: ='10.Review Research & Surveillen'!AN4 -> 0 | AJ43: ='10.Review Research & Surveillen'!AN3 -> 0 | AK43: ='17.IT Initiatives_SD'!AN4 -> 0 | AL43: ='17.IT Initiatives_SD'!AN3 -> 0 | AM43: ='18.Innovation'!AN4 -> 0 | AN43: ='18.Innovation'!AN3 -> 0
B44: Programme for Prevention and Control of Leptospirosis (PPCL) | C44: =E44+G44+I44+K44+M44+O44+Q44+S44+U44+W44+Y44+AA44+AC44+AE44+AG44+AI44+AK44+AM44 -> 27.65 | D44: =F44+H44+J44+L44+N44+P44+R44+T44+V44+X44+Z44+AB44+AD44+AF44+AH44+AJ44+AL44+AN44 -> 0 | E44: ='1.SD Facility Based Annex'!AO4 -> 0 | F44: ='1.SD Facility Based Annex'!AO3 -> 0 | G44: ='2.SD Community Based Annex'!AO4 -> 0 | H44: ='2.SD Community Based Annex'!AO3 -> 0 | I44: ='3.Community Intervention Annexn'!AO4 -> 0 | J44: ='3.Community Intervention Annexn'!AO3 -> 0 | K44: ='5.Infrastructure Annex'!AO4 -> 0 | L44: ='5.Infrastructure Annex'!AO3 -> 0 | M44: ='7.Referral Transport Annex'!AO4 -> 0 | N44: ='7.Referral Transport Annex'!AO3 -> 0 | O44: ='11.IEC-BCC Annex'!AO4 -> 0 | P44: ='11.IEC-BCC Annex'!AO3 -> 0 | Q44: ='12.Printing Annex'!AO4 -> 0 | R44: ='12.Printing Annex'!AO3 -> 0 | S44: ='13.Quality Assurance Annex'!AO4 -> 0 | T44: ='13.Quality Assurance Annex'!AO3 -> 0 | U44: ='4.Untied grants Annex'!AO4 -> 0 | V44: ='4.Untied grants Annex'!AO3 -> 0 | W44: ='15.PPP Annex'!AO4 -> 0 | X44: ='15.PPP Annex'!AO3 -> 0 | Y44: ='6.Procurement Annex'!AO4 -> 27.65 | Z44: ='6.Procurement Annex'!AO3 -> 0 | AA44: ='14.Drug warehouse &Logistic Anx'!AO4 -> 0 | AB44: ='14.Drug warehouse &Logistic Anx'!AO3 -> 0 | AC44: ='8.Human Resources (SD) Annex'!AO4 -> 0 | AD44: ='8.Human Resources (SD) Annex'!AO3 -> 0 | AE44: ='9.Training Annex'!AO4 -> 0 | AF44: ='9.Training Annex'!AO3 -> 0 | AG44: ='16.PM Annex'!AO4 -> 0 | AH44: ='16.PM Annex'!AO3 -> 0 | AI44: ='10.Review Research & Surveillen'!AO4 -> 0 | AJ44: ='10.Review Research & Surveillen'!AO3 -> 0 | AK44: ='17.IT Initiatives_SD'!AO4 -> 0 | AL44: ='17.IT Initiatives_SD'!AO3 -> 0 | AM44: ='18.Innovation'!AO4 -> 0 | AN44: ='18.Innovation'!AO3 -> 0
B45: NDCP Pool (Excluding listed above) | C45: =E45+G45+I45+K45+M45+O45+Q45+S45+U45+W45+Y45+AA45+AC45+AE45+AG45+AI45+AK45+AM45 -> 0 | D45: =F45+H45+J45+L45+N45+P45+R45+T45+V45+X45+Z45+AB45+AD45+AF45+AH45+AJ45+AL45+AN45 -> 0 | W45: ='15.PPP Annex'!BC4 -> 0 | X45: ='15.PPP Annex'!BC3 -> 0 | AG45: ='16.PM Annex'!BC4 -> 0 | AH45: ='16.PM Annex'!BC3 -> 0 | AM45: ='18.Innovation'!BC4 -> 0 | AN45: ='18.Innovation'!BC3 -> 0
A46: NCD Flexi Pool | B46: National Program for Control of Blindness and Vision Impairment (NPCB&VI) | C46: =E46+G46+I46+K46+M46+O46+Q46+S46+U46+W46+Y46+AA46+AC46+AE46+AG46+AI46+AK46+AM46 -> 0 | D46: =F46+H46+J46+L46+N46+P46+R46+T46+V46+X46+Z46+AB46+AD46+AF46+AH46+AJ46+AL46+AN46 -> 0 | E46: ='1.SD Facility Based Annex'!AP4 -> 0 | F46: ='1.SD Facility Based Annex'!AP3 -> 0 | G46: ='2.SD Community Based Annex'!AP4 -> 0 | H46: ='2.SD Community Based Annex'!AP3 -> 0 | I46: ='3.Community Intervention Annexn'!AP4 -> 0 | J46: ='3.Community Intervention Annexn'!AP3 -> 0 | K46: ='5.Infrastructure Annex'!AP4 -> 0 | L46: ='5.Infrastructure Annex'!AP3 -> 0 | M46: ='7.Referral Transport Annex'!AP4 -> 0 | N46: ='7.Referral Transport Annex'!AP3 -> 0 | O46: ='11.IEC-BCC Annex'!AP4 -> 0 | P46: ='11.IEC-BCC Annex'!AP3 -> 0 | Q46: ='12.Printing Annex'!AP4 -> 0 | R46: ='12.Printing Annex'!AP3 -> 0 | S46: ='13.Quality Assurance Annex'!AP4 -> 0 | T46: ='13.Quality Assurance Annex'!AP3 -> 0 | U46: ='4.Untied grants Annex'!AP4 -> 0 | V46: ='4.Untied grants Annex'!AP3 -> 0 | W46: ='15.PPP Annex'!AP4 -> 0 | X46: ='15.PPP Annex'!AP3 -> 0 | Y46: ='6.Procurement Annex'!AP4 -> 0 | Z46: ='6.Procurement Annex'!AP3 -> 0 | AA46: ='14.Drug warehouse &Logistic Anx'!AP4 -> 0 | AB46: ='14.Drug warehouse &Logistic Anx'!AP3 -> 0 | AC46: ='8.Human Resources (SD) Annex'!AP4 -> 0 | AD46: ='8.Human Resources (SD) Annex'!AP3 -> 0 | AE46: ='9.Training Annex'!AP4 -> 0 | AF46: ='9.Training Annex'!AP3 -> 0 | AG46: ='16.PM Annex'!AP4 -> 0 | AH46: ='16.PM Annex'!AP3 -> 0 | AI46: ='10.Review Research & Surveillen'!AP4 -> 0 | AJ46: ='10.Review Research & Surveillen'!AP3 -> 0 | AK46: ='17.IT Initiatives_SD'!AP4 -> 0 | AL46: ='17.IT Initiatives_SD'!AP3 -> 0 | AM46: ='18.Innovation'!AP4 -> 0 | AN46: ='18.Innovation'!AP3 -> 0
B47: National Mental Health Program (NMHP) | C47: =E47+G47+I47+K47+M47+O47+Q47+S47+U47+W47+Y47+AA47+AC47+AE47+AG47+AI47+AK47+AM47 -> 0 | D47: =F47+H47+J47+L47+N47+P47+R47+T47+V47+X47+Z47+AB47+AD47+AF47+AH47+AJ47+AL47+AN47 -> 0 | E47: ='1.SD Facility Based Annex'!AQ4 -> 0 | F47: ='1.SD Facility Based Annex'!AQ3 -> 0 | G47: ='2.SD Community Based Annex'!AQ4 -> 0 | H47: ='2.SD Community Based Annex'!AQ3 -> 0 | I47: ='3.Community Intervention Annexn'!AQ4 -> 0 | J47: ='3.Community Intervention Annexn'!AQ3 -> 0 | K47: ='5.Infrastructure Annex'!AQ4 -> 0 | L47: ='5.Infrastructure Annex'!AQ3 -> 0 | M47: ='7.Referral Transport Annex'!AQ4 -> 0 | N47: ='7.Referral Transport Annex'!AQ3 -> 0 | O47: ='11.IEC-BCC Annex'!AQ4 -> 0 | P47: ='11.IEC-BCC Annex'!AQ3 -> 0 | Q47: ='12.Printing Annex'!AQ4 -> 0 | R47: ='12.Printing Annex'!AQ3 -> 0 | S47: ='13.Quality Assurance Annex'!AQ4 -> 0 | T47: ='13.Quality Assurance Annex'!AQ3 -> 0 | U47: ='4.Untied grants Annex'!AQ4 -> 0 | V47: ='4.Untied grants Annex'!AQ3 -> 0 | W47: ='15.PPP Annex'!AQ4 -> 0 | X47: ='15.PPP Annex'!AQ3 -> 0 | Y47: ='6.Procurement Annex'!AQ4 -> 0 | Z47: ='6.Procurement Annex'!AQ3 -> 0 | AA47: ='14.Drug warehouse &Logistic Anx'!AQ4 -> 0 | AB47: ='14.Drug warehouse &Logistic Anx'!AQ3 -> 0 | AC47: ='8.Human Resources (SD) Annex'!AQ4 -> 0 | AD47: ='8.Human Resources (SD) Annex'!AQ3 -> 0 | AE47: ='9.Training Annex'!AQ4 -> 0 | AF47: ='9.Training Annex'!AQ3 -> 0 | AG47: ='16.PM Annex'!AQ4 -> 0 | AH47: ='16.PM Annex'!AQ3 -> 0 | AI47: ='10.Review Research & Surveillen'!AQ4 -> 0 | AJ47: ='10.Review Research & Surveillen'!AQ3 -> 0 | AK47: ='17.IT Initiatives_SD'!AQ4 -> 0 | AL47: ='17.IT Initiatives_SD'!AQ3 -> 0 | AM47: ='18.Innovation'!AQ4 -> 0 | AN47: ='18.Innovation'!AQ3 -> 0
B48: National Programme for Health Care for the Elderly (NPHCE) | C48: =E48+G48+I48+K48+M48+O48+Q48+S48+U48+W48+Y48+AA48+AC48+AE48+AG48+AI48+AK48+AM48 -> 0 | D48: =F48+H48+J48+L48+N48+P48+R48+T48+V48+X48+Z48+AB48+AD48+AF48+AH48+AJ48+AL48+AN48 -> 0 | E48: ='1.SD Facility Based Annex'!AR4 -> 0 | F48: ='1.SD Facility Based Annex'!AR3 -> 0 | G48: ='2.SD Community Based Annex'!AR4 -> 0 | H48: ='2.SD Community Based Annex'!AR3 -> 0 | I48: ='3.Community Intervention Annexn'!AR4 -> 0 | J48: ='3.Community Intervention Annexn'!AR3 -> 0 | K48: ='5.Infrastructure Annex'!AR4 -> 0 | L48: ='5.Infrastructure Annex'!AR3 -> 0 | M48: ='7.Referral Transport Annex'!AR4 -> 0 | N48: ='7.Referral Transport Annex'!AR3 -> 0 | O48: ='11.IEC-BCC Annex'!AR4 -> 0 | P48: ='11.IEC-BCC Annex'!AR3 -> 0 | Q48: ='12.Printing Annex'!AR4 -> 0 | R48: ='12.Printing Annex'!AR3 -> 0 | S48: ='13.Quality Assurance Annex'!AR4 -> 0 | T48: ='13.Quality Assurance Annex'!AR3 -> 0 | U48: ='4.Untied grants Annex'!AR4 -> 0 | V48: ='4.Untied grants Annex'!AR3 -> 0 | W48: ='15.PPP Annex'!AR4 -> 0 | X48: ='15.PPP Annex'!AR3 -> 0 | Y48: ='6.Procurement Annex'!AR4 -> 0 | Z48: ='6.Procurement Annex'!AR3 -> 0 | AA48: ='14.Drug warehouse &Logistic Anx'!AR4 -> 0 | AB48: ='14.Drug warehouse &Logistic Anx'!AR3 -> 0 | AC48: ='8.Human Resources (SD) Annex'!AR4 -> 0 | AD48: ='8.Human Resources (SD) Annex'!AR3 -> 0 | AE48: ='9.Training Annex'!AR4 -> 0 | AF48: ='9.Training Annex'!AR3 -> 0 | AG48: ='16.PM Annex'!AR4 -> 0 | AH48: ='16.PM Annex'!AR3 -> 0 | AI48: ='10.Review Research & Surveillen'!AR4 -> 0 | AJ48: ='10.Review Research & Surveillen'!AR3 -> 0 | AK48: ='17.IT Initiatives_SD'!AR4 -> 0 | AL48: ='17.IT Initiatives_SD'!AR3 -> 0 | AM48: ='18.Innovation'!AR4 -> 0 | AN48: ='18.Innovation'!AR3 -> 0
B49: National Tobacco Control Programme (NTCP) | C49: =E49+G49+I49+K49+M49+O49+Q49+S49+U49+W49+Y49+AA49+AC49+AE49+AG49+AI49+AK49+AM49 -> 0 | D49: =F49+H49+J49+L49+N49+P49+R49+T49+V49+X49+Z49+AB49+AD49+AF49+AH49+AJ49+AL49+AN49 -> 0 | E49: ='1.SD Facility Based Annex'!AS4 -> 0 | F49: ='1.SD Facility Based Annex'!AS3 -> 0 | G49: ='2.SD Community Based Annex'!AS4 -> 0 | H49: ='2.SD Community Based Annex'!AS3 -> 0 | I49: ='3.Community Intervention Annexn'!AS4 -> 0 | J49: ='3.Community Intervention Annexn'!AS3 -> 0 | K49: ='5.Infrastructure Annex'!AS4 -> 0 | L49: ='5.Infrastructure Annex'!AS3 -> 0 | M49: ='7.Referral Transport Annex'!AS4 -> 0 | N49: ='7.Referral Transport Annex'!AS3 -> 0 | O49: ='11.IEC-BCC Annex'!AS4 -> 0 | P49: ='11.IEC-BCC Annex'!AS3 -> 0 | Q49: ='12.Printing Annex'!AS4 -> 0 | R49: ='12.Printing Annex'!AS3 -> 0 | S49: ='13.Quality Assurance Annex'!AS4 -> 0 | T49: ='13.Quality Assurance Annex'!AS3 -> 0 | U49: ='4.Untied grants Annex'!AS4 -> 0 | V49: ='4.Untied grants Annex'!AS3 -> 0 | W49: ='15.PPP Annex'!AS4 -> 0 | X49: ='15.PPP Annex'!AS3 -> 0 | Y49: ='6.Procurement Annex'!AS4 -> 0 | Z49: ='6.Procurement Annex'!AS3 -> 0 | AA49: ='14.Drug warehouse &Logistic Anx'!AS4 -> 0 | AB49: ='14.Drug warehouse &Logistic Anx'!AS3 -> 0 | AC49: ='8.Human Resources (SD) Annex'!AS4 -> 0 | AD49: ='8.Human Resources (SD) Annex'!AS3 -> 0 | AE49: ='9.Training Annex'!AS4 -> 0 | AF49: ='9.Training Annex'!AS3 -> 0 | AG49: ='16.PM Annex'!AS4 -> 0 | AH49: ='16.PM Annex'!AS3 -> 0 | AI49: ='10.Review Research & Surveillen'!AS4 -> 0 | AJ49: ='10.Review Research & Surveillen'!AS3 -> 0 | AK49: ='17.IT Initiatives_SD'!AS4 -> 0 | AL49: ='17.IT Initiatives_SD'!AS3 -> 0 | AM49: ='18.Innovation'!AS4 -> 0 | AN49: ='18.Innovation'!AS3 -> 0
B50: National Programme for Prevention and Control of Diabetes, Cardiovascular Disease and Stroke (NPCDCS) | C50: =E50+G50+I50+K50+M50+O50+Q50+S50+U50+W50+Y50+AA50+AC50+AE50+AG50+AI50+AK50+AM50 -> 0 | D50: =F50+H50+J50+L50+N50+P50+R50+T50+V50+X50+Z50+AB50+AD50+AF50+AH50+AJ50+AL50+AN50 -> 0 | E50: ='1.SD Facility Based Annex'!AT4 -> 0 | F50: ='1.SD Facility Based Annex'!AT3 -> 0 | G50: ='2.SD Community Based Annex'!AT4 -> 0 | H50: ='2.SD Community Based Annex'!AT3 -> 0 | I50: ='3.Community Intervention Annexn'!AT4 -> 0 | J50: ='3.Community Intervention Annexn'!AT3 -> 0 | K50: ='5.Infrastructure Annex'!AT4 -> 0 | L50: ='5.Infrastructure Annex'!AT3 -> 0 | M50: ='7.Referral Transport Annex'!AT4 -> 0 | N50: ='7.Referral Transport Annex'!AT3 -> 0 | O50: ='11.IEC-BCC Annex'!AT4 -> 0 | P50: ='11.IEC-BCC Annex'!AT3 -> 0 | Q50: ='12.Printing Annex'!AT4 -> 0 | R50: ='12.Printing Annex'!AT3 -> 0 | S50: ='13.Quality Assurance Annex'!AT4 -> 0 | T50: ='13.Quality Assurance Annex'!AT3 -> 0 | U50: ='4.Untied grants Annex'!AT4 -> 0 | V50: ='4.Untied grants Annex'!AT3 -> 0 | W50: ='15.PPP Annex'!AT4 -> 0 | X50: ='15.PPP Annex'!AT3 -> 0 | Y50: ='6.Procurement Annex'!AT4 -> 0 | Z50: ='6.Procurement Annex'!AT3 -> 0 | AA50: ='14.Drug warehouse &Logistic Anx'!AT4 -> 0 | AB50: ='14.Drug warehouse &Logistic Anx'!AT3 -> 0 | AC50: ='8.Human Resources (SD) Annex'!AT4 -> 0 | AD50: ='8.Human Resources (SD) Annex'!AT3 -> 0 | AE50: ='9.Training Annex'!AT4 -> 0 | AF50: ='9.Training Annex'!AT3 -> 0 | AG50: ='16.PM Annex'!AT4 -> 0 | AH50: ='16.PM Annex'!AT3 -> 0 | AI50: ='10.Review Research & Surveillen'!AT4 -> 0 | AJ50: ='10.Review Research & Surveillen'!AT3 -> 0 | AK50: ='17.IT Initiatives_SD'!AT4 -> 0 | AL50: ='17.IT Initiatives_SD'!AT3 -> 0 | AM50: ='18.Innovation'!AT4 -> 0 | AN50: ='18.Innovation'!AT3 -> 0
B51: Pradhan Mantri National Dialysis Programme (PMNDP) | C51: =E51+G51+I51+K51+M51+O51+Q51+S51+U51+W51+Y51+AA51+AC51+AE51+AG51+AI51+AK51+AM51 -> 510 | D51: =F51+H51+J51+L51+N51+P51+R51+T51+V51+X51+Z51+AB51+AD51+AF51+AH51+AJ51+AL51+AN51 -> 0 | E51: ='1.SD Facility Based Annex'!AU4 -> 0 | F51: ='1.SD Facility Based Annex'!AU3 -> 0 | G51: ='2.SD Community Based Annex'!AU4 -> 0 | H51: ='2.SD Community Based Annex'!AU3 -> 0 | I51: ='3.Community Intervention Annexn'!AU4 -> 0 | J51: ='3.Community Intervention Annexn'!AU3 -> 0 | K51: ='5.Infrastructure Annex'!AU4 -> 0 | L51: ='5.Infrastructure Annex'!AU3 -> 0 | M51: ='7.Referral Transport Annex'!AU4 -> 0 | N51: ='7.Referral Transport Annex'!AU3 -> 0 | O51: ='11.IEC-BCC Annex'!AU4 -> 0 | P51: ='11.IEC-BCC Annex'!AU3 -> 0 | Q51: ='12.Printing Annex'!AU4 -> 0 | R51: ='12.Printing Annex'!AU3 -> 0 | S51: ='13.Quality Assurance Annex'!AU4 -> 0 | T51: ='13.Quality Assurance Annex'!AU3 -> 0 | U51: ='4.Untied grants Annex'!AU4 -> 0 | V51: ='4.Untied grants Annex'!AU3 -> 0 | W51: ='15.PPP Annex'!AU4 -> 0 | X51: ='15.PPP Annex'!AU3 -> 0 | Y51: ='6.Procurement Annex'!AU4 -> 510 | Z51: ='6.Procurement Annex'!AU3 -> 0 | AA51: ='14.Drug warehouse &Logistic Anx'!AU4 -> 0 | AB51: ='14.Drug warehouse &Logistic Anx'!AU3 -> 0 | AC51: ='8.Human Resources (SD) Annex'!AU4 -> 0 | AD51: ='8.Human Resources (SD) Annex'!AU3 -> 0 | AE51: ='9.Training Annex'!AU4 -> 0 | AF51: ='9.Training Annex'!AU3 -> 0 | AG51: ='16.PM Annex'!AU4 -> 0 | AH51: ='16.PM Annex'!AU3 -> 0 | AI51: ='10.Review Research & Surveillen'!AU4 -> 0 | AJ51: ='10.Review Research & Surveillen'!AU3 -> 0 | AK51: ='17.IT Initiatives_SD'!AU4 -> 0 | AL51: ='17.IT Initiatives_SD'!AU3 -> 0 | AM51: ='18.Innovation'!AU4 -> 0 | AN51: ='18.Innovation'!AU3 -> 0
B52: National Program for Climate Change and Human Health (NPCCHH) | C52: =E52+G52+I52+K52+M52+O52+Q52+S52+U52+W52+Y52+AA52+AC52+AE52+AG52+AI52+AK52+AM52 -> 0 | D52: =F52+H52+J52+L52+N52+P52+R52+T52+V52+X52+Z52+AB52+AD52+AF52+AH52+AJ52+AL52+AN52 -> 0 | E52: ='1.SD Facility Based Annex'!AV4 -> 0 | F52: ='1.SD Facility Based Annex'!AV3 -> 0 | G52: ='2.SD Community Based Annex'!AV4 -> 0 | H52: ='2.SD Community Based Annex'!AV3 -> 0 | I52: ='3.Community Intervention Annexn'!AV4 -> 0 | J52: ='3.Community Intervention Annexn'!AV3 -> 0 | K52: ='5.Infrastructure Annex'!AV4 -> 0 | L52: ='5.Infrastructure Annex'!AV3 -> 0 | M52: ='7.Referral Transport Annex'!AV4 -> 0 | N52: ='7.Referral Transport Annex'!AV3 -> 0 | O52: ='11.IEC-BCC Annex'!AV4 -> 0 | P52: ='11.IEC-BCC Annex'!AV3 -> 0 | Q52: ='12.Printing Annex'!AV4 -> 0 | R52: ='12.Printing Annex'!AV3 -> 0 | S52: ='13.Quality Assurance Annex'!AV4 -> 0 | T52: ='13.Quality Assurance Annex'!AV3 -> 0 | U52: ='4.Untied grants Annex'!AV4 -> 0 | V52: ='4.Untied grants Annex'!AV3 -> 0 | W52: ='15.PPP Annex'!AV4 -> 0 | X52: ='15.PPP Annex'!AV3 -> 0 | Y52: ='6.Procurement Annex'!AV4 -> 0 | Z52: ='6.Procurement Annex'!AV3 -> 0 | AA52: ='14.Drug warehouse &Logistic Anx'!AV4 -> 0 | AB52: ='14.Drug warehouse &Logistic Anx'!AV3 -> 0 | AC52: ='8.Human Resources (SD) Annex'!AV4 -> 0 | AD52: ='8.Human Resources (SD) Annex'!AV3 -> 0 | AE52: ='9.Training Annex'!AV4 -> 0 | AF52: ='9.Training Annex'!AV3 -> 0 | AG52: ='16.PM Annex'!AV4 -> 0 | AH52: ='16.PM Annex'!AV3 -> 0 | AI52: ='10.Review Research & Surveillen'!AV4 -> 0 | AJ52: ='10.Review Research & Surveillen'!AV3 -> 0 | AK52: ='17.IT Initiatives_SD'!AV4 -> 0 | AL52: ='17.IT Initiatives_SD'!AV3 -> 0 | AM52: ='18.Innovation'!AV4 -> 0 | AN52: ='18.Innovation'!AV3 -> 0
B53: National Oral health programme (NOHP) | C53: =E53+G53+I53+K53+M53+O53+Q53+S53+U53+W53+Y53+AA53+AC53+AE53+AG53+AI53+AK53+AM53 -> 0 | D53: =F53+H53+J53+L53+N53+P53+R53+T53+V53+X53+Z53+AB53+AD53+AF53+AH53+AJ53+AL53+AN53 -> 0 | E53: ='1.SD Facility Based Annex'!AW4 -> 0 | F53: ='1.SD Facility Based Annex'!AW3 -> 0 | G53: ='2.SD Community Based Annex'!AW4 -> 0 | H53: ='2.SD Community Based Annex'!AW3 -> 0 | I53: ='3.Community Intervention Annexn'!AW4 -> 0 | J53: ='3.Community Intervention Annexn'!AW3 -> 0 | K53: ='5.Infrastructure Annex'!AW4 -> 0 | L53: ='5.Infrastructure Annex'!AW3 -> 0 | M53: ='7.Referral Transport Annex'!AW4 -> 0 | N53: ='7.Referral Transport Annex'!AW3 -> 0 | O53: ='11.IEC-BCC Annex'!AW4 -> 0 | P53: ='11.IEC-BCC Annex'!AW3 -> 0 | Q53: ='12.Printing Annex'!AW4 -> 0 | R53: ='12.Printing Annex'!AW3 -> 0 | S53: ='13.Quality Assurance Annex'!AW4 -> 0 | T53: ='13.Quality Assurance Annex'!AW3 -> 0 | U53: ='4.Untied grants Annex'!AW4 -> 0 | V53: ='4.Untied grants Annex'!AW3 -> 0 | W53: ='15.PPP Annex'!AW4 -> 0 | X53: ='15.PPP Annex'!AW3 -> 0 | Y53: ='6.Procurement Annex'!AW4 -> 0 | Z53: ='6.Procurement Annex'!AW3 -> 0 | AA53: ='14.Drug warehouse &Logistic Anx'!AW4 -> 0 | AB53: ='14.Drug warehouse &Logistic Anx'!AW3 -> 0 | AC53: ='8.Human Resources (SD) Annex'!AW4 -> 0 | AD53: ='8.Human Resources (SD) Annex'!AW3 -> 0 | AE53: ='9.Training Annex'!AW4 -> 0 | AF53: ='9.Training Annex'!AW3 -> 0 | AG53: ='16.PM Annex'!AW4 -> 0 | AH53: ='16.PM Annex'!AW3 -> 0 | AI53: ='10.Review Research & Surveillen'!AW4 -> 0 | AJ53: ='10.Review Research & Surveillen'!AW3 -> 0 | AK53: ='17.IT Initiatives_SD'!AW4 -> 0 | AL53: ='17.IT Initiatives_SD'!AW3 -> 0 | AM53: ='18.Innovation'!AW4 -> 0 | AN53: ='18.Innovation'!AW3 -> 0
B54: National Programme on palliative care (NPPC) | C54: =E54+G54+I54+K54+M54+O54+Q54+S54+U54+W54+Y54+AA54+AC54+AE54+AG54+AI54+AK54+AM54 -> 0 | D54: =F54+H54+J54+L54+N54+P54+R54+T54+V54+X54+Z54+AB54+AD54+AF54+AH54+AJ54+AL54+AN54 -> 0 | E54: ='1.SD Facility Based Annex'!AX4 -> 0 | F54: ='1.SD Facility Based Annex'!AX3 -> 0 | G54: ='2.SD Community Based Annex'!AX4 -> 0 | H54: ='2.SD Community Based Annex'!AX3 -> 0 | I54: ='3.Community Intervention Annexn'!AX4 -> 0 | J54: ='3.Community Intervention Annexn'!AX3 -> 0 | K54: ='5.Infrastructure Annex'!AX4 -> 0 | L54: ='5.Infrastructure Annex'!AX3 -> 0 | M54: ='7.Referral Transport Annex'!AX4 -> 0 | N54: ='7.Referral Transport Annex'!AX3 -> 0 | O54: ='11.IEC-BCC Annex'!AX4 -> 0 | P54: ='11.IEC-BCC Annex'!AX3 -> 0 | Q54: ='12.Printing Annex'!AX4 -> 0 | R54: ='12.Printing Annex'!AX3 -> 0 | S54: ='13.Quality Assurance Annex'!AX4 -> 0 | T54: ='13.Quality Assurance Annex'!AX3 -> 0 | U54: ='4.Untied grants Annex'!AX4 -> 0 | V54: ='4.Untied grants Annex'!AX3 -> 0 | W54: ='15.PPP Annex'!AX4 -> 0 | X54: ='15.PPP Annex'!AX3 -> 0 | Y54: ='6.Procurement Annex'!AX4 -> 0 | Z54: ='6.Procurement Annex'!AX3 -> 0 | AA54: ='14.Drug warehouse &Logistic Anx'!AX4 -> 0 | AB54: ='14.Drug warehouse &Logistic Anx'!AX3 -> 0 | AC54: ='8.Human Resources (SD) Annex'!AX4 -> 0 | AD54: ='8.Human Resources (SD) Annex'!AX3 -> 0 | AE54: ='9.Training Annex'!AX4 -> 0 | AF54: ='9.Training Annex'!AX3 -> 0 | AG54: ='16.PM Annex'!AX4 -> 0 | AH54: ='16.PM Annex'!AX3 -> 0 | AI54: ='10.Review Research & Surveillen'!AX4 -> 0 | AJ54: ='10.Review Research & Surveillen'!AX3 -> 0 | AK54: ='17.IT Initiatives_SD'!AX4 -> 0 | AL54: ='17.IT Initiatives_SD'!AX3 -> 0 | AM54: ='18.Innovation'!AX4 -> 0 | AN54: ='18.Innovation'!AX3 -> 0
B55: National Programme for Prevention & Control of Fluorosis (NPPCF) | C55: =E55+G55+I55+K55+M55+O55+Q55+S55+U55+W55+Y55+AA55+AC55+AE55+AG55+AI55+AK55+AM55 -> 0 | D55: =F55+H55+J55+L55+N55+P55+R55+T55+V55+X55+Z55+AB55+AD55+AF55+AH55+AJ55+AL55+AN55 -> 0 | E55: ='1.SD Facility Based Annex'!AY4 -> 0 | F55: ='1.SD Facility Based Annex'!AY3 -> 0 | G55: ='2.SD Community Based Annex'!AY4 -> 0 | H55: ='2.SD Community Based Annex'!AY3 -> 0 | I55: ='3.Community Intervention Annexn'!AY4 -> 0 | J55: ='3.Community Intervention Annexn'!AY3 -> 0 | K55: ='5.Infrastructure Annex'!AY4 -> 0 | L55: ='5.Infrastructure Annex'!AY3 -> 0 | M55: ='7.Referral Transport Annex'!AY4 -> 0 | N55: ='7.Referral Transport Annex'!AY3 -> 0 | O55: ='11.IEC-BCC Annex'!AY4 -> 0 | P55: ='11.IEC-BCC Annex'!AY3 -> 0 | Q55: ='12.Printing Annex'!AY4 -> 0 | R55: ='12.Printing Annex'!AY3 -> 0 | S55: ='13.Quality Assurance Annex'!AY4 -> 0 | T55: ='13.Quality Assurance Annex'!AY3 -> 0 | U55: ='4.Untied grants Annex'!AY4 -> 0 | V55: ='4.Untied grants Annex'!AY3 -> 0 | W55: ='15.PPP Annex'!AY4 -> 0 | X55: ='15.PPP Annex'!AY3 -> 0 | Y55: ='6.Procurement Annex'!AY4 -> 0 | Z55: ='6.Procurement Annex'!AY3 -> 0 | AA55: ='14.Drug warehouse &Logistic Anx'!AY4 -> 0 | AB55: ='14.Drug warehouse &Logistic Anx'!AY3 -> 0 | AC55: ='8.Human Resources (SD) Annex'!AY4 -> 0 | AD55: ='8.Human Resources (SD) Annex'!AY3 -> 0 | AE55: ='9.Training Annex'!AY4 -> 0 | AF55: ='9.Training Annex'!AY3 -> 0 | AG55: ='16.PM Annex'!AY4 -> 0 | AH55: ='16.PM Annex'!AY3 -> 0 | AI55: ='10.Review Research & Surveillen'!AY4 -> 0 | AJ55: ='10.Review Research & Surveillen'!AY3 -> 0 | AK55: ='17.IT Initiatives_SD'!AY4 -> 0 | AL55: ='17.IT Initiatives_SD'!AY3 -> 0 | AM55: ='18.Innovation'!AY4 -> 0 | AN55: ='18.Innovation'!AY3 -> 0
B56: National Programme for Prevention & Control of Deafness (NPPCD) | C56: =E56+G56+I56+K56+M56+O56+Q56+S56+U56+W56+Y56+AA56+AC56+AE56+AG56+AI56+AK56+AM56 -> 0 | D56: =F56+H56+J56+L56+N56+P56+R56+T56+V56+X56+Z56+AB56+AD56+AF56+AH56+AJ56+AL56+AN56 -> 0 | E56: ='1.SD Facility Based Annex'!AZ4 -> 0 | F56: ='1.SD Facility Based Annex'!AZ3 -> 0 | G56: ='2.SD Community Based Annex'!AZ4 -> 0 | H56: ='2.SD Community Based Annex'!AZ3 -> 0 | I56: ='3.Community Intervention Annexn'!AZ4 -> 0 | J56: ='3.Community Intervention Annexn'!AZ3 -> 0 | K56: ='5.Infrastructure Annex'!AZ4 -> 0 | L56: ='5.Infrastructure Annex'!AZ3 -> 0 | M56: ='7.Referral Transport Annex'!AZ4 -> 0 | N56: ='7.Referral Transport Annex'!AZ3 -> 0 | O56: ='11.IEC-BCC Annex'!AZ4 -> 0 | P56: ='11.IEC-BCC Annex'!AZ3 -> 0 | Q56: ='12.Printing Annex'!AZ4 -> 0 | R56: ='12.Printing Annex'!AZ3 -> 0 | S56: ='13.Quality Assurance Annex'!AZ4 -> 0 | T56: ='13.Quality Assurance Annex'!AZ3 -> 0 | U56: ='4.Untied grants Annex'!AZ4 -> 0 | V56: ='4.Untied grants Annex'!AZ3 -> 0 | W56: ='15.PPP Annex'!AZ4 -> 0 | X56: ='15.PPP Annex'!AZ3 -> 0 | Y56: ='6.Procurement Annex'!AZ4 -> 0 | Z56: ='6.Procurement Annex'!AZ3 -> 0 | AA56: ='14.Drug warehouse &Logistic Anx'!AZ4 -> 0 | AB56: ='14.Drug warehouse &Logistic Anx'!AZ3 -> 0 | AC56: ='8.Human Resources (SD) Annex'!AZ4 -> 0 | AD56: ='8.Human Resources (SD) Annex'!AZ3 -> 0 | AE56: ='9.Training Annex'!AZ4 -> 0 | AF56: ='9.Training Annex'!AZ3 -> 0 | AG56: ='16.PM Annex'!AZ4 -> 0 | AH56: ='16.PM Annex'!AZ3 -> 0 | AI56: ='10.Review Research & Surveillen'!AZ4 -> 0 | AJ56: ='10.Review Research & Surveillen'!AZ3 -> 0 | AK56: ='17.IT Initiatives_SD'!AZ4 -> 0 | AL56: ='17.IT Initiatives_SD'!AZ3 -> 0 | AM56: ='18.Innovation'!AZ4 -> 0 | AN56: ='18.Innovation'!AZ3 -> 0
B57: National programme for Prevention and Management of Burns & Injuries | C57: =E57+G57+I57+K57+M57+O57+Q57+S57+U57+W57+Y57+AA57+AC57+AE57+AG57+AI57+AK57+AM57 -> 0 | D57: =F57+H57+J57+L57+N57+P57+R57+T57+V57+X57+Z57+AB57+AD57+AF57+AH57+AJ57+AL57+AN57 -> 0 | E57: ='1.SD Facility Based Annex'!BA4 -> 0 | F57: ='1.SD Facility Based Annex'!BA3 -> 0 | G57: ='2.SD Community Based Annex'!BA4 -> 0 | H57: ='2.SD Community Based Annex'!BA3 -> 0 | I57: ='3.Community Intervention Annexn'!BA4 -> 0 | J57: ='3.Community Intervention Annexn'!BA3 -> 0 | K57: ='5.Infrastructure Annex'!BA4 -> 0 | L57: ='5.Infrastructure Annex'!BA3 -> 0 | M57: ='7.Referral Transport Annex'!BA4 -> 0 | N57: ='7.Referral Transport Annex'!BA3 -> 0 | O57: ='11.IEC-BCC Annex'!BA4 -> 0 | P57: ='11.IEC-BCC Annex'!BA3 -> 0 | Q57: ='12.Printing Annex'!BA4 -> 0 | R57: ='12.Printing Annex'!BA3 -> 0 | S57: ='13.Quality Assurance Annex'!BA4 -> 0 | T57: ='13.Quality Assurance Annex'!BA3 -> 0 | U57: ='4.Untied grants Annex'!BA4 -> 0 | V57: ='4.Untied grants Annex'!BA3 -> 0 | W57: ='15.PPP Annex'!BA4 -> 0 | X57: ='15.PPP Annex'!BA3 -> 0 | Y57: ='6.Procurement Annex'!BA4 -> 0 | Z57: ='6.Procurement Annex'!BA3 -> 0 | AA57: ='14.Drug warehouse &Logistic Anx'!BA4 -> 0 | AB57: ='14.Drug warehouse &Logistic Anx'!BA3 -> 0 | AC57: ='8.Human Resources (SD) Annex'!BA4 -> 0 | AD57: ='8.Human Resources (SD) Annex'!BA3 -> 0 | AE57: ='9.Training Annex'!BA4 -> 0 | AF57: ='9.Training Annex'!BA3 -> 0 | AG57: ='16.PM Annex'!BA4 -> 0 | AH57: ='16.PM Annex'!BA3 -> 0 | AI57: ='10.Review Research & Surveillen'!BA4 -> 0 | AJ57: ='10.Review Research & Surveillen'!BA3 -> 0 | AK57: ='17.IT Initiatives_SD'!BA4 -> 0 | AL57: ='17.IT Initiatives_SD'!BA3 -> 0 | AM57: ='18.Innovation'!BA4 -> 0 | AN57: ='18.Innovation'!BA3 -> 0
B58: NCD Pool (Excluding listed above) | C58: =E58+G58+I58+K58+M58+O58+Q58+S58+U58+W58+Y58+AA58+AC58+AE58+AG58+AI58+AK58+AM58 -> 57 | D58: =F58+H58+J58+L58+N58+P58+R58+T58+V58+X58+Z58+AB58+AD58+AF58+AH58+AJ58+AL58+AN58 -> 0 | W58: ='15.PPP Annex'!BD4 -> 0 | X58: ='15.PPP Annex'!BD3 -> 0 | AG58: ='16.PM Annex'!BD4 -> 57 | AH58: ='16.PM Annex'!BD3 -> 0 | AM58: ='18.Innovation'!BD4 -> 0 | AN58: ='18.Innovation'!BD3 -> 0
A59: NUHM Flexi Pool | B59: Non-Metro | C59: =E59+G59+I59+K59+M59+O59+Q59+S59+U59+W59+Y59+AA59+AC59+AE59+AG59+AI59+AK59+AM59 -> 2306.912 | D59: =F59+H59+J59+L59+N59+P59+R59+T59+V59+X59+Z59+AB59+AD59+AF59+AH59+AJ59+AL59+AN59 -> 0 | E59: ='NUHM Summary'!E8 -> 42 | F59: ='NUHM Summary'!F8 -> 0 | G59: ='NUHM Summary'!E38-'NUHM-Non Metro Abst'!E4 -> 84 | H59: ='NUHM Summary'!F38-'NUHM-Non Metro Abst'!E3 -> 0 | I59: ='NUHM Summary'!E51 -> 0 | J59: ='NUHM Summary'!F51 -> 0 | K59: ='NUHM Summary'!E77-'NUHM-Non Metro Abst'!F4 -> 8 | L59: ='NUHM Summary'!F77-'NUHM-Non Metro Abst'!F3 -> 0 | M59: ='NUHM Summary'!E118 -> 0 | N59: ='NUHM Summary'!F118 -> 0 | O59: ='NUHM Summary'!E204-'NUHM-Non Metro Abst'!J4 -> 0 | P59: ='NUHM Summary'!F204-'NUHM-Non Metro Abst'!J3 -> 0 | Q59: ='NUHM Summary'!E207-'NUHM-Non Metro Abst'!K4 -> 0 | R59: ='NUHM Summary'!F207-'NUHM-Non Metro Abst'!K3 -> 0 | S59: ='NUHM Summary'!E210 -> 0 | T59: ='NUHM Summary'!F210 -> 0 | U59: ='NUHM Summary'!E70 -> 0 | V59: ='NUHM Summary'!F70 -> 0 | W59: ='NUHM Summary'!E227-'NUHM-Non Metro Abst'!L4 -> 0 | X59: ='NUHM Summary'!F227-'NUHM-Non Metro Abst'!L3 -> 0 | Y59: ='NUHM Summary'!E91-'NUHM-Non Metro Abst'!G4 -> 0 | Z59: ='NUHM Summary'!F91-'NUHM-Non Metro Abst'!G3 -> 0 | AA59: ='NUHM Summary'!E223 -> 0 | AB59: ='NUHM Summary'!F223 -> 0 | AC59: ='NUHM Summary'!E120-'NUHM-Non Metro Abst'!H4 -> 1760.472 | AD59: ='NUHM Summary'!F120-'NUHM-Non Metro Abst'!H3 -> 0 | AE59: ='NUHM Summary'!E174-'NUHM-Non Metro Abst'!I4 -> 0 | AF59: ='NUHM Summary'!F174-'NUHM-Non Metro Abst'!I3 -> 0 | AG59: ='NUHM Summary'!E230-'NUHM-Non Metro Abst'!M4 -> 180.6 | AH59: ='NUHM Summary'!F230-'NUHM-Non Metro Abst'!M3 -> 0 | AI59: ='NUHM Summary'!E195 -> 0 | AJ59: ='NUHM Summary'!F195 -> 0 | AK59: ='NUHM Summary'!E270-'NUHM-Non Metro Abst'!N4 -> 231.84 | AL59: ='NUHM Summary'!F270-'NUHM-Non Metro Abst'!N3 -> 0 | AM59: ='NUHM Summary'!E273 -> 0 | AN59: ='NUHM Summary'!F273 -> 0
B60: Metro Cities | C60: =E60+G60+I60+K60+M60+O60+Q60+S60+U60+W60+Y60+AA60+AC60+AE60+AG60+AI60+AK60+AM60 -> 1232.1406 | D60: =F60+H60+J60+L60+N60+P60+R60+T60+V60+X60+Z60+AB60+AD60+AF60+AH60+AJ60+AL60+AN60 -> 0 | E60: ='NUHM Summary'!G8 -> 0 | F60: ='NUHM Summary'!H8 -> 0 | G60: ='NUHM Summary'!G38-'NUHM Metro Abst'!E4 -> 0 | H60: ='NUHM Summary'!H38-'NUHM Metro Abst'!E3 -> 0 | I60: ='NUHM Summary'!G51 -> 0 | J60: ='NUHM Summary'!H51 -> 0 | K60: ='NUHM Summary'!G77-'NUHM Metro Abst'!F4 -> 0 | L60: ='NUHM Summary'!H77-'NUHM Metro Abst'!F3 -> 0 | M60: ='NUHM Summary'!G118 -> 0 | N60: ='NUHM Summary'!H118 -> 0 | O60: ='NUHM Summary'!G204-'NUHM Metro Abst'!J4 -> 0 | P60: ='NUHM Summary'!H204-'NUHM Metro Abst'!J3 -> 0 | Q60: ='NUHM Summary'!G207-'NUHM Metro Abst'!K4 -> 0 | R60: ='NUHM Summary'!H207-'NUHM Metro Abst'!K3 -> 0 | S60: ='NUHM Summary'!G210 -> 0 | T60: ='NUHM Summary'!H210 -> 0 | U60: ='NUHM Summary'!G70 -> 0 | V60: ='NUHM Summary'!H70 -> 0 | W60: ='NUHM Summary'!G227-'NUHM Metro Abst'!L4 -> 0 | X60: ='NUHM Summary'!H227-'NUHM Metro Abst'!L3 -> 0 | Y60: ='NUHM Summary'!G91-'NUHM Metro Abst'!G4 -> 0 | Z60: ='NUHM Summary'!H91-'NUHM Metro Abst'!G3 -> 0 | AA60: ='NUHM Summary'!G223 -> 0 | AB60: ='NUHM Summary'!H223 -> 0 | AC60: ='NUHM Summary'!G120-'NUHM Metro Abst'!H4 -> 1033.6366 | AD60: ='NUHM Summary'!H120-'NUHM Metro Abst'!H3 -> 0 | AE60: ='NUHM Summary'!G174-'NUHM Metro Abst'!I4 -> 0 | AF60: ='NUHM Summary'!H174-'NUHM Metro Abst'!I3 -> 0 | AG60: ='NUHM Summary'!G230-'NUHM Metro Abst'!M4 -> 27 | AH60: ='NUHM Summary'!H230-'NUHM Metro Abst'!M3 -> 0 | AI60: ='NUHM Summary'!G195 -> 0 | AJ60: ='NUHM Summary'!H195 -> 0 | AK60: ='NUHM Summary'!G270-'NUHM Metro Abst'!N4 -> 171.504 | AL60: ='NUHM Summary'!H270-'NUHM Metro Abst'!N3 -> 0 | AM60: ='NUHM Summary'!G273 -> 0 | AN60: ='NUHM Summary'!H273 -> 0
B61: NUHM Comprehensive Primary Healthcare (NUHM-CPHC) | C61: =E61+G61+I61+K61+M61+O61+Q61+S61+U61+W61+Y61+AA61+AC61+AE61+AG61+AI61+AK61+AM61 -> 0 | D61: =F61+H61+J61+L61+N61+P61+R61+T61+V61+X61+Z61+AB61+AD61+AF61+AH61+AJ61+AL61+AN61 -> 0 | G61: ='NUHM Summary'!E4 -> 0 | H61: ='NUHM Summary'!E3 -> 0 | K61: ='NUHM Summary'!F4 -> 0 | L61: ='NUHM Summary'!F3 -> 0 | O61: ='NUHM Summary'!J4 -> 0 | P61: ='NUHM Summary'!J3 -> 0 | Q61: ='NUHM Summary'!K4 -> 0 | R61: ='NUHM Summary'!K3 -> 0 | W61: ='NUHM Summary'!L4 -> 0 | X61: ='NUHM Summary'!L3 -> 0 | Y61: ='NUHM Summary'!G4 -> 0 | Z61: ='NUHM Summary'!G3 -> 0 | AC61: ='NUHM Summary'!H4 -> 0 | AD61: ='NUHM Summary'!H3 -> 0 | AE61: ='NUHM Summary'!I4 -> 0 | AF61: ='NUHM Summary'!I3 -> 0 | AG61: ='NUHM Summary'!M4 -> 0 | AH61: ='NUHM Summary'!M3 -> 0 | AK61: ='NUHM Summary'!N4 -> 0 | AL61: ='NUHM Summary'!N3 -> 0

Sheet Budget Summary II
A1: =HYPERLINK("#Index!B1", "Index Pg") -> Index Pg | C1: =HYPERLINK("#'Budget Summary I'!A2", "Budget Summary I") -> Budget Summary I
A2: Budget Summary: | C2: TAMIL NADU
A3: FMR | C3: Budget Head | D3: Financial Progress FY 2020-21 (Rs. In Lakhs) | J3: Proposed 2021-22 (Rs. In Lakhs) | L3: Approved 2021-22 (Rs. In Lakhs)
D4: Approved Budget as per RoPs 2020-21 | E4: Expenditure (till Dec '20) | F4: Committed unspent balance (projected for ________) | G4: Approved Budget as per RoPs 2020-21 | H4: Expenditure (till Dec '20) | I4: Committed unspent balance (projected for ________) | J4: Total Budget (Rs. In Lakhs) | L4: Total Budget (Rs. In Lakhs)
D5: NHM | G5: NUHM | J5: NHM | K5: NUHM | L5: NHM | M5: NUHM
A6: ='1.SD Facility Based Annex'!A7 -> 1 | B6: ='NUHM Summary'!A8 -> U.1 | C6: ='1.SD Facility Based Annex'!C7 -> Service Delivery - Facility Based | D6: ='1.SD Facility Based Annex'!H7 -> 0 | E6: ='1.SD Facility Based Annex'!I7 -> 0 | F6: ='1.SD Facility Based Annex'!J7 -> 0 | G6: ='NUHM-Non Metro Abst'!G8+'NUHM Metro Abst'!G8 -> 0 | H6: ='NUHM-Non Metro Abst'!H8+'NUHM Metro Abst'!H8 -> 0 | I6: ='NUHM-Non Metro Abst'!I8+'NUHM Metro Abst'!I8 -> 0 | J6: ='1.SD Facility Based Annex'!O7 -> 0 | K6: ='NUHM Summary'!I8 -> 42 | L6: ='1.SD Facility Based Annex'!R7 -> 0 | M6: ='NUHM Summary'!J8 -> 0
A7: ='1.SD Facility Based Annex'!A8 -> 1.1 | B7: ='NUHM Summary'!A9 -> U.1.1 | C7: ='1.SD Facility Based Annex'!C8 -> Service Delivery | D7: ='1.SD Facility Based Annex'!H8 -> 0 | E7: ='1.SD Facility Based Annex'!I8 -> 0 | F7: ='1.SD Facility Based Annex'!J8 -> 0 | G7: ='NUHM-Non Metro Abst'!G9+'NUHM Metro Abst'!G9 -> 0 | H7: ='NUHM-Non Metro Abst'!H9+'NUHM Metro Abst'!H9 -> 0 | I7: ='NUHM-Non Metro Abst'!I9+'NUHM Metro Abst'!I9 -> 0 | J7: ='1.SD Facility Based Annex'!O8 -> 0 | K7: ='NUHM Summary'!I9 -> 0 | L7: ='1.SD Facility Based Annex'!R8 -> 0 | M7: ='NUHM Summary'!J9 -> 0
A8: ='1.SD Facility Based Annex'!A60 -> 1.2 | B8: ='NUHM Summary'!A30 -> U.1.2 | C8: ='1.SD Facility Based Annex'!C60 -> Beneficiary Compensation/ Allowances | D8: ='1.SD Facility Based Annex'!H60 -> 0 | E8: ='1.SD Facility Based Annex'!I60 -> 0 | F8: ='1.SD Facility Based Annex'!J60 -> 0 | G8: ='NUHM-Non Metro Abst'!G30+'NUHM Metro Abst'!G30 -> 0 | H8: ='NUHM-Non Metro Abst'!H30+'NUHM Metro Abst'!H30 -> 0 | I8: ='NUHM-Non Metro Abst'!I30+'NUHM Metro Abst'!I30 -> 0 | J8: ='1.SD Facility Based Annex'!O60 -> 0 | K8: ='NUHM Summary'!I30 -> 0 | L8: ='1.SD Facility Based Annex'!R60 -> 0 | M8: ='NUHM Summary'!J30 -> 0
A9: ='1.SD Facility Based Annex'!A83 -> 1.3 | B9: ='NUHM Summary'!A33 -> U.1.3 | C9: ='1.SD Facility Based Annex'!C83 -> Operating Expenses | D9: ='1.SD Facility Based Annex'!H83 -> 0 | E9: ='1.SD Facility Based Annex'!I83 -> 0 | F9: ='1.SD Facility Based Annex'!J83 -> 0 | G9: ='NUHM-Non Metro Abst'!G33+'NUHM Metro Abst'!G33 -> 0 | H9: ='NUHM-Non Metro Abst'!H33+'NUHM Metro Abst'!H33 -> 0 | I9: ='NUHM-Non Metro Abst'!I33+'NUHM Metro Abst'!I33 -> 0 | J9: ='1.SD Facility Based Annex'!O83 -> 0 | K9: ='NUHM Summary'!I33 -> 42 | L9: ='1.SD Facility Based Annex'!R83 -> 0 | M9: ='NUHM Summary'!J33 -> 0
A10: ='2.SD Community Based Annex'!A7 -> 2 | B10: ='NUHM Summary'!A38 -> U.2 | C10: ='2.SD Community Based Annex'!C7 -> Service Delivery - Community Based | D10: ='2.SD Community Based Annex'!H7 -> 0 | E10: ='2.SD Community Based Annex'!I7 -> 1.09 | F10: ='2.SD Community Based Annex'!J7 -> 0 | G10: ='NUHM-Non Metro Abst'!G38+'NUHM Metro Abst'!G38 -> 0 | H10: ='NUHM-Non Metro Abst'!H38+'NUHM Metro Abst'!H38 -> 0 | I10: ='NUHM-Non Metro Abst'!I38+'NUHM Metro Abst'!I38 -> 0 | J10: ='2.SD Community Based Annex'!O7 -> 360 | K10: ='NUHM Summary'!I38 -> 84 | L10: ='2.SD Community Based Annex'!R7 -> 0 | M10: ='NUHM Summary'!J38 -> 0
A11: ='2.SD Community Based Annex'!A8 -> 2.1 | B11: ='NUHM Summary'!A39 -> U.2.1 | C11: ='2.SD Community Based Annex'!C8 -> Mobile Units | D11: ='2.SD Community Based Annex'!H8 -> 0 | E11: ='2.SD Community Based Annex'!I8 -> 1.09 | F11: ='2.SD Community Based Annex'!J8 -> 0 | G11: ='NUHM-Non Metro Abst'!G39+'NUHM Metro Abst'!G39 -> 0 | H11: ='NUHM-Non Metro Abst'!H39+'NUHM Metro Abst'!H39 -> 0 | I11: ='NUHM-Non Metro Abst'!I39+'NUHM Metro Abst'!I39 -> 0 | J11: ='2.SD Community Based Annex'!O8 -> 118.5 | K11: ='NUHM Summary'!I39 -> 0 | L11: ='2.SD Community Based Annex'!R8 -> 0 | M11: ='NUHM Summary'!J39 -> 0
A12: ='2.SD Community Based Annex'!A19 -> 2.2 | B12: ='NUHM Summary'!A42 -> U.2.2 | C12: ='2.SD Community Based Annex'!C19 -> Recurring/ Operational cost | D12: ='2.SD Community Based Annex'!H19 -> 0 | E12: ='2.SD Community Based Annex'!I19 -> 0 | F12: ='2.SD Community Based Annex'!J19 -> 0 | G12: ='NUHM-Non Metro Abst'!G42+'NUHM Metro Abst'!G42 -> 0 | H12: ='NUHM-Non Metro Abst'!H42+'NUHM Metro Abst'!H42 -> 0 | I12: ='NUHM-Non Metro Abst'!I42+'NUHM Metro Abst'!I42 -> 0 | J12: ='2.SD Community Based Annex'!O19 -> 241.5 | K12: ='NUHM Summary'!I42 -> 0 | L12: ='2.SD Community Based Annex'!R19 -> 0 | M12: ='NUHM Summary'!J42 -> 0
A13: ='2.SD Community Based Annex'!A31 -> 2.3 | B13: ='NUHM Summary'!A45 -> U.2.3 | C13: ='2.SD Community Based Annex'!C31 -> Outreach activities | D13: ='2.SD Community Based Annex'!H31 -> 0 | E13: ='2.SD Community Based Annex'!I31 -> 0 | F13: ='2.SD Community Based Annex'!J31 -> 0 | G13: ='NUHM-Non Metro Abst'!G45+'NUHM Metro Abst'!G45 -> 0 | H13: ='NUHM-Non Metro Abst'!H45+'NUHM Metro Abst'!H45 -> 0 | I13: ='NUHM-Non Metro Abst'!I45+'NUHM Metro Abst'!I45 -> 0 | J13: ='2.SD Community Based Annex'!O31 -> 0 | K13: ='NUHM Summary'!I45 -> 84 | L13: ='2.SD Community Based Annex'!R31 -> 0 | M13: ='NUHM Summary'!J45 -> 0
A14: ='3.Community Intervention Annexn'!A7 -> 3 | B14: ='NUHM Summary'!A51 -> U.3 | C14: ='3.Community Intervention Annexn'!C7 -> Community Interventions | D14: ='3.Community Intervention Annexn'!H7 -> 2.5 | E14: ='3.Community Intervention Annexn'!I7 -> 0 | F14: ='3.Community Intervention Annexn'!J7 -> 0 | G14: ='NUHM-Non Metro Abst'!G51+'NUHM Metro Abst'!G51 -> 0 | H14: ='NUHM-Non Metro Abst'!H51+'NUHM Metro Abst'!H51 -> 0 | I14: ='NUHM-Non Metro Abst'!I51+'NUHM Metro Abst'!I51 -> 0 | J14: ='3.Community Intervention Annexn'!O7 -> 0 | K14: ='NUHM Summary'!I51 -> 0 | L14: ='3.Community Intervention Annexn'!R7 -> 0 | M14: ='NUHM Summary'!J51 -> 0
A15: ='3.Community Intervention Annexn'!A8 -> 3.1 | B15: ='NUHM Summary'!A52 -> U.3.1 | C15: ='3.Community Intervention Annexn'!C8 -> ASHA Activities | D15: ='3.Community Intervention Annexn'!H8 -> 0 | E15: ='3.Community Intervention Annexn'!I8 -> 0 | F15: ='3.Community Intervention Annexn'!J8 -> 0 | G15: ='NUHM-Non Metro Abst'!G52+'NUHM Metro Abst'!G52 -> 0 | H15: ='NUHM-Non Metro Abst'!H52+'NUHM Metro Abst'!H52 -> 0 | I15: ='NUHM-Non Metro Abst'!I52+'NUHM Metro Abst'!I52 -> 0 | J15: ='3.Community Intervention Annexn'!O8 -> 0 | K15: ='NUHM Summary'!I52 -> 0 | L15: ='3.Community Intervention Annexn'!R8 -> 0 | M15: ='NUHM Summary'!J52 -> 0
A16: ='3.Community Intervention Annexn'!A33 -> 3.2 | B16: ='NUHM Summary'!A64 -> U.3.2 | C16: ='3.Community Intervention Annexn'!C33 -> Other Community Interventions | D16: ='3.Community Intervention Annexn'!H33 -> 0 | E16: ='3.Community Intervention Annexn'!I33 -> 0 | F16: ='3.Community Intervention Annexn'!J33 -> 0 | G16: ='NUHM-Non Metro Abst'!G64+'NUHM Metro Abst'!G64 -> 0 | H16: ='NUHM-Non Metro Abst'!H64+'NUHM Metro Abst'!H64 -> 0 | I16: ='NUHM-Non Metro Abst'!I64+'NUHM Metro Abst'!I64 -> 0 | J16: ='3.Community Intervention Annexn'!O33 -> 0 | K16: ='NUHM Summary'!I64 -> 0 | L16: ='3.Community Intervention Annexn'!R33 -> 0 | M16: ='NUHM Summary'!J64 -> 0
A17: ='3.Community Intervention Annexn'!A49 -> 3.3 | B17: ='NUHM Summary'!A69 -> U.3.3 | C17: PRIs/ ULBs | D17: ='3.Community Intervention Annexn'!H49 -> 2.5 | E17: ='3.Community Intervention Annexn'!I49 -> 0 | F17: ='3.Community Intervention Annexn'!J49 -> 0 | G17: ='NUHM-Non Metro Abst'!G69+'NUHM Metro Abst'!G69 -> 0 | H17: ='NUHM-Non Metro Abst'!H69+'NUHM Metro Abst'!H69 -> 0 | I17: ='NUHM-Non Metro Abst'!I69+'NUHM Metro Abst'!I69 -> 0 | J17: ='3.Community Intervention Annexn'!O49 -> 0 | K17: ='NUHM Summary'!I69 -> 0 | L17: ='3.Community Intervention Annexn'!R49 -> 0 | M17: ='NUHM Summary'!J69 -> 0
A18: ='4.Untied grants Annex'!A7 -> 4 | B18: ='NUHM Summary'!A70 -> U.4 | C18: ='4.Untied grants Annex'!C7 -> Untied Fund | D18: ='4.Untied grants Annex'!H7 -> 0 | E18: ='4.Untied grants Annex'!I7 -> 0 | F18: ='4.Untied grants Annex'!J7 -> 0 | G18: ='NUHM-Non Metro Abst'!G70+'NUHM Metro Abst'!G70 -> 0 | H18: ='NUHM-Non Metro Abst'!H70+'NUHM Metro Abst'!H70 -> 0 | I18: ='NUHM-Non Metro Abst'!I70+'NUHM Metro Abst'!I70 -> 0 | J18: ='4.Untied grants Annex'!O7 -> 0 | K18: ='NUHM Summary'!I70 -> 0 | L18: ='4.Untied grants Annex'!R7 -> 0 | M18: ='NUHM Summary'!J70 -> 0
A19: ='5.Infrastructure Annex'!A7 -> 5 | B19: ='NUHM Summary'!A77 -> U.5 | C19: ='5.Infrastructure Annex'!C7 -> Infrastructure | D19: ='5.Infrastructure Annex'!H7 -> 0 | E19: ='5.Infrastructure Annex'!I7 -> 0 | F19: ='5.Infrastructure Annex'!J7 -> 0 | G19: ='NUHM-Non Metro Abst'!G77+'NUHM Metro Abst'!G77 -> 0 | H19: ='NUHM-Non Metro Abst'!H77+'NUHM Metro Abst'!H77 -> 0 | I19: ='NUHM-Non Metro Abst'!I77+'NUHM Metro Abst'!I77 -> 0 | J19: ='5.Infrastructure Annex'!O7 -> 20 | K19: ='NUHM Summary'!I77 -> 8 | L19: ='5.Infrastructure Annex'!R7 -> 0 | M19: ='NUHM Summary'!J77 -> 0
A20: ='5.Infrastructure Annex'!A8 -> 5.1 | B20: ='NUHM Summary'!A78 -> U.5.1 | C20: ='5.Infrastructure Annex'!C8 -> Upgradation of existing facilities as per IPHS norms including staff quarters | D20: ='5.Infrastructure Annex'!H8 -> 0 | E20: ='5.Infrastructure Annex'!I8 -> 0 | F20: ='5.Infrastructure Annex'!J8 -> 0 | G20: ='NUHM-Non Metro Abst'!G78+'NUHM Metro Abst'!G78 -> 0 | H20: ='NUHM-Non Metro Abst'!H78+'NUHM Metro Abst'!H78 -> 0 | I20: ='NUHM-Non Metro Abst'!I78+'NUHM Metro Abst'!I78 -> 0 | J20: ='5.Infrastructure Annex'!O8 -> 0 | K20: ='NUHM Summary'!I78 -> 8 | L20: ='5.Infrastructure Annex'!R8 -> 0 | M20: ='NUHM Summary'!J78 -> 0
A21: ='5.Infrastructure Annex'!A55 -> 5.2 | B21: ='NUHM Summary'!A84 -> U.5.2 | C21: ='5.Infrastructure Annex'!C55 -> New Constructions | D21: ='5.Infrastructure Annex'!H55 -> 0 | E21: ='5.Infrastructure Annex'!I55 -> 0 | F21: ='5.Infrastructure Annex'!J55 -> 0 | G21: ='NUHM-Non Metro Abst'!G84+'NUHM Metro Abst'!G84 -> 0 | H21: ='NUHM-Non Metro Abst'!H84+'NUHM Metro Abst'!H84 -> 0 | I21: ='NUHM-Non Metro Abst'!I84+'NUHM Metro Abst'!I84 -> 0 | J21: ='5.Infrastructure Annex'!O55 -> 0 | K21: ='NUHM Summary'!I84 -> 0 | L21: ='5.Infrastructure Annex'!R55 -> 0 | M21: ='NUHM Summary'!J84 -> 0
A22: ='5.Infrastructure Annex'!A82 -> 5.3 | B22: ='NUHM Summary'!A88 -> U.5.3 | C22: ='5.Infrastructure Annex'!C82 -> Other construction/ Civil works except IPHS Infrastructure | D22: ='5.Infrastructure Annex'!H82 -> 0 | E22: ='5.Infrastructure Annex'!I82 -> 0 | F22: ='5.Infrastructure Annex'!J82 -> 0 | G22: ='NUHM-Non Metro Abst'!G88+'NUHM Metro Abst'!G88 -> 140 | H22: ='NUHM-Non Metro Abst'!H88+'NUHM Metro Abst'!H88 -> 0 | I22: ='NUHM-Non Metro Abst'!I88+'NUHM Metro Abst'!I88 -> 0 | J22: ='5.Infrastructure Annex'!O82 -> 20 | K22: ='NUHM Summary'!I88 -> 0 | L22: ='5.Infrastructure Annex'!R82 -> 0 | M22: ='NUHM Summary'!J88 -> 0
